Workbook

Sheet NRE
I1: SÍNTESE DOS FATORES DE ANÁLISE
B2: NÚCLEO REGIONAL | C2: ESCOLAS ESTADUAIS RESPONDENTES | D2: ESCOLAS ESTADUAIS ATIVAS 2018 | E2: % DE RESPOSTAS | I2: NRE DE IDENTIFICAÇÃO | J2: E (Fator de Análise) | K2: Escala Interpretativa da proposição de ações para a ERER
A3: 1 | B3: APUCARANA | C3: 54 | D3: 61 | E3: =C3*100/D3 -> 88.52459 | I3: =Apucarana!Q8 -> ERER NRE APUCARANA | J3: =Apucarana!R8 -> 0.72962963 | K3: =Apucarana!S8 -> Representativa (0,70 - 0,89)
A4: 2 | B4: AREA METROP.NOR | C4: 81 | D4: 111 | E4: =C4*100/D4 -> 72.972973 | I4: ='Area Metro Norte'!S10 -> ERER NRE AREA METRO NORTE | J4: ='Area Metro Norte'!T10 -> 0.69958848 | K4: ='Area Metro Norte'!U10 -> Representativa (0,70 - 0,89)
A5: 3 | B5: AREA METROP.SUL | C5: 61 | D5: 139 | E5: =C5*100/D5 -> 43.884892 | I5: ='Area Metro Sul'!S9 -> ERER NRE AREA METRO SUL | J5: ='Area Metro Sul'!T9 -> 0.66229508 | K5: ='Area Metro Sul'!U9 -> Moderada (0,40 - 0,69)
A6: 4 | B6: ASSIS CHATEAUBR | C6: 29 | D6: 30 | E6: =C6*100/D6 -> 96.666667 | I6: ='Assis Chateaubr'!S9 -> ERER NRE ASSIS CHATEAUBR | J6: ='Assis Chateaubr'!T9 -> 0.68965517 | K6: ='Assis Chateaubr'!U9 -> Moderada (0,40 - 0,69)
A7: 5 | B7: CAMPO MOURAO | C7: 43 | D7: 56 | E7: =C7*100/D7 -> 76.785714 | I7: ='Campo Mourão'!T9 -> ERER NRE CAMPO MOURÃO | J7: ='Campo Mourão'!U9 -> 0.71317829 | K7: ='Campo Mourão'!V9 -> Representativa (0,70 - 0,89)
A8: 6 | B8: CASCAVEL | C8: 76 | D8: 93 | E8: =C8*100/D8 -> 81.72043 | I8: =Cascavel!T9 -> ERER NRE CASCAVEL | J8: =Cascavel!U9 -> 0.71754386 | K8: =Cascavel!V9 -> Representativa (0,70 - 0,89)
A9: 7 | B9: CIANORTE | C9: 31 | D9: 33 | E9: =C9*100/D9 -> 93.939394 | I9: =Cianorte!T9 -> ERER NRE CIANORTE | J9: =Cianorte!U9 -> 0.69247312 | K9: =Cianorte!V9 -> Moderada (0,40 - 0,69)
A10: 8 | B10: CORNELIO PROCOP | C10: 43 | D10: 68 | E10: =C10*100/D10 -> 63.235294 | I10: ='Cornelio Procop'!T9 -> ERER NRE CORNELIO PROCOPIO | J10: ='Cornelio Procop'!U9 -> 0.70387597 | K10: ='Cornelio Procop'!V9 -> Representativa (0,70 - 0,89)
A11: 9 | B11: CURITIBA | C11: 96 | D11: 164 | E11: =C11*100/D11 -> 58.536585 | I11: =Curitiba!T9 -> ERER NRE CURITIBA | J11: =Curitiba!U9 -> 0.65763889 | K11: =Curitiba!V9 -> Moderada (0,40 - 0,69)
A12: 10 | B12: DOIS VIZINHOS | C12: 25 | D12: 34 | E12: =C12*100/D12 -> 73.529412 | I12: ='Dois Vizinhos'!T9 -> ERER NRE DOIS VIZINHOS | J12: ='Dois Vizinhos'!U9 -> 0.67466667 | K12: ='Dois Vizinhos'!V9 -> Moderada (0,40 - 0,69)
A13: 11 | B13: FOZ DO IGUACU | C13: 63 | D13: 67 | E13: =C13*100/D13 -> 94.029851 | I13: ='Foz do Iguaçu'!T9 -> ERER NRE FOZ DO IGUAÇU | J13: ='Foz do Iguaçu'!U9 -> 0.76719577 | K13: ='Foz do Iguaçu'!V9 -> Representativa (0,70 - 0,89)
A14: 12 | B14: FRANCISCO BELTR | C14: 89 | D14: 94 | E14: =C14*100/D14 -> 94.680851 | I14: ='Francisco Beltrao'!T9 -> ERER NRE FCO BELTRAO | J14: ='Francisco Beltrao'!U9 -> 0.7258427 | K14: ='Francisco Beltrao'!V9 -> Representativa (0,70 - 0,89)
A15: 13 | B15: GOIOERE | C15: 31 | D15: 31 | E15: =C15*100/D15 -> 100 | I15: =Goioere!T9 -> ERER NRE GOIOERE | J15: =Goioere!U9 -> 0.66666667 | K15: =Goioere!V9 -> Moderada (0,40 - 0,69)
A16: 14 | B16: GUARAPUAVA | C16: 30 | D16: 59 | E16: =C16*100/D16 -> 50.847458 | I16: =Guarapuava!T9 -> ERER NRE GUARAPUAVA | J16: =Guarapuava!U9 -> 0.71333333 | K16: =Guarapuava!V9 -> Representativa (0,70 - 0,89)
A17: 15 | B17: IBAITI | C17: 20 | D17: 33 | E17: =C17*100/D17 -> 60.606061 | I17: =Ibaiti!T9 -> ERER NRE IBAITI | J17: =Ibaiti!U9 -> 0.66333333 | K17: =Ibaiti!V9 -> Representativa (0,70 - 0,89)
A18: 16 | B18: IRATI | C18: 50 | D18: 54 | E18: =C18*100/D18 -> 92.592593 | I18: =Irati!T9 -> ERER NRE IRATI | J18: =Irati!U9 -> 0.66933333 | K18: =Irati!V9 -> Moderada (0,40 - 0,69)
A19: 17 | B19: IVAIPORA | C19: 40 | D19: 54 | E19: =C19*100/D19 -> 74.074074 | I19: =Ivaipora!T9 -> ERER NRE IVAIPORA | J19: =Ivaipora!U9 -> 0.67666667 | K19: =Ivaipora!V9 -> Moderada (0,40 - 0,69)
A20: 18 | B20: JACAREZINHO | C20: 46 | D20: 47 | E20: =C20*100/D20 -> 97.87234 | I20: =Jacarezinho!T10 -> ERER NRE JACAREZINHO | J20: =Jacarezinho!U10 -> 0.71449275 | K20: =Jacarezinho!V10 -> Representativa (0,70 - 0,89)
A21: 19 | B21: LARANJEIRAS DO | C21: 53 | D21: 61 | E21: =C21*100/D21 -> 86.885246 | I21: ='Laranjeiras do Sul'!T9 -> ERER NRE LARANGEIRAS DO SUL | J21: ='Laranjeiras do Sul'!U9 -> 0.70566038 | K21: ='Laranjeiras do Sul'!V9 -> Representativa (0,70 - 0,89)
A22: 20 | B22: LOANDA | C22: 27 | D22: 27 | E22: =C22*100/D22 -> 100 | I22: =Loanda!T9 -> ERER NRE LOANDA | J22: =Loanda!U9 -> 0.68641975 | K22: =Loanda!V9 -> Moderada (0,40 - 0,69)
A23: 21 | B23: LONDRINA | C23: 90 | D23: 122 | E23: =C23*100/D23 -> 73.770492 | I23: =#REF! -> #REF! | J23: =#REF! -> #REF! | K23: =#REF! -> #REF!
A24: 22 | B24: MARINGA | C24: 91 | D24: 94 | E24: =C24*100/D24 -> 96.808511 | I24: =Maringá!T9 -> ERER NRE MARINGA | J24: =Maringá!U9 -> 0.74285714 | K24: =Maringá!V9 -> Representativa (0,70 - 0,89)
A25: 23 | B25: PARANAGUA | C25: 58 | D25: 61 | E25: =C25*100/D25 -> 95.081967 | I25: =Paranagua!T9 -> ERER NRE PARANAGUA | J25: =Paranagua!U9 -> 0.73103448 | K25: =Paranagua!V9 -> Representativa (0,70 - 0,89)
A26: 24 | B26: PARANAVAI | C26: 46 | D26: 46 | E26: =C26*100/D26 -> 100 | I26: =Paranavai!T9 -> ERER NRE PARANAVAI | J26: =Paranavai!U9 -> 0.72753623 | K26: =Paranavai!V9 -> Representativa (0,70 - 0,89)
A27: 25 | B27: PATO BRANCO | C27: 65 | D27: 72 | E27: =C27*100/D27 -> 90.277778 | I27: ='Pato Branco'!T9 -> ERER NRE PATO BRANCO | J27: ='Pato Branco'!U9 -> 0.7425641 | K27: ='Pato Branco'!V9 -> Representativa (0,70 - 0,89)
A28: 26 | B28: PITANGA | C28: 28 | D28: 34 | E28: =C28*100/D28 -> 82.352941 | I28: =Pitanga!T9 -> ERER NRE PITANGA | J28: =Pitanga!U9 -> 0.7047619 | K28: =Pitanga!V9 -> Representativa (0,70 - 0,89)
A29: 27 | B29: PONTA GROSSA | C29: 34 | D29: 113 | E29: =C29*100/D29 -> 30.088496 | I29: ='Ponta Grossa'!T9 -> ERER NRE PONTA GROSSA | J29: ='Ponta Grossa'!U9 -> 0.69607843 | K29: ='Ponta Grossa'!V9 -> Representativa (0,70 - 0,89)
A30: 28 | B30: TELEMACO BORBA | C30: 42 | D30: 50 | E30: =C30*100/D30 -> 84 | I30: ='Telemaco Borba'!T9 -> ERER NRE TELEMACO BORBA | J30: ='Telemaco Borba'!U9 -> 0.68730159 | K30: ='Telemaco Borba'!V9 -> Moderada (0,40 - 0,69)
A31: 29 | B31: TOLEDO | C31: 88 | D31: 92 | E31: =C31*100/D31 -> 95.652174 | I31: =Toledo!T9 -> ERER NRE TOLEDO | J31: =Toledo!U9 -> 0.76287879 | K31: =Toledo!V9 -> Representativa (0,70 - 0,89)
A32: 30 | B32: UMUARAMA | C32: 57 | D32: 68 | E32: =C32*100/D32 -> 83.823529 | I32: =Umuarama!T9 -> ERER NRE UMUARAMA | J32: =Umuarama!U9 -> 0.69473684 | K32: =Umuarama!V9 -> Moderada (0,40 - 0,69)
A33: 31 | B33: UNIAO DA VITORI | C33: 45 | D33: 45 | E33: =C33*100/D33 -> 100 | I33: ='União da Vitória'!T9 -> ERER NRE UNIAO DA VITORIA | J33: ='União da Vitória'!U9 -> 0.67851852 | K33: ='União da Vitória'!V9 -> Moderada (0,40 - 0,69)
A34: 32 | B34: WENCESLAU BRAZ | C34: 27 | D34: 33 | E34: =C34*100/D34 -> 81.818182 | I34: ='Wenceslau Braz'!T9 -> ERER NRE AREA WENCESLAU BRAZ | J34: ='Wenceslau Braz'!U9 -> 0.67901235 | K34: ='Wenceslau Braz'!V9 -> Moderada (0,40 - 0,69)
B35: Total | C35: 1659 | D35: 2144 | E35: =C35*100/D35 -> 77.378731

Sheet Apucarana
A1: NÚCLEO REGIONAL | B1: ESCOLAS ESTADUAIS RESPONDENTES | C1: ESCOLAS ESTADUAIS ATIVAS 2018 | D1: % DE RESPOSTAS | F1: NRE APUCARANA
A2: APUCARANA | B2: 54 | C2: 61 | D2: =B2*100/C2 -> 88.52459
A4: QUESTÕES UTILIZADAS PARA FORMAÇÃO DOS FATORES DE ANÁLISE
A6: 75.A Unidade Escolar ofereceu, no último ano letivo, cursos de formação para professores(as) e demais funcionários(as) da escola sobre conteúdos referentes às relações raciais e a implementação da Lei n. 10.639/2003?
C7: Frequência | D7: Porcentual | G7: Fatores | H7: variável | I7: sim | J7: não | K7: Ausente | L7: N (respondente total) | M7: E (indicador por variável) | N7: E (total fator) | O7: Peso atribuído | Q7: Indicador de Verificação geral | R7: E | S7: Escala Interpretativa
A8: Válido | B8: não | C8: 19 | D8: 35.2 | G8: F1 | H8: 75 | I8: 35 | J8: 19 | K8: 0 | L8: 54 | M8: =(L8-(K8+J8))/L8 -> 0.64814815 | N8: =(M8+M9+M10)/3 -> 0.69753086 | O8: Representativa (0,70 - 0,89) | Q8: ERER NRE APUCARANA | R8: =(M8+M9+M10+M11+M12+M13+M14+M15+M16+M17+M18+M19+M20+M21+M22)/15 -> 0.72962963 | S8: Representativa (0,70 - 0,89)
B9: sim | C9: 35 | D9: 64.8 | H9: 76 | I9: 37 | J9: 17 | K9: 0 | L9: 54 | M9: =(L9-(K9+J9))/L9 -> 0.68518519
B10: Total | C10: 54 | D10: 100 | H10: 77 | I10: 41 | J10: 13 | K10: 0 | L10: 54 | M10: =(L10-(K10+J10))/L10 -> 0.75925926
G11: F2 | H11: 63 | I11: 39 | J11: 15 | K11: 0 | L11: 54 | M11: =(L11-(K11+J11))/L11 -> 0.72222222 | N11: =(M11+M12+M13+M14)/4 -> 0.78240741 | O11: Representativa (0,70 - 0,89)
H12: 64 | I12: 34 | J12: 20 | K12: 0 | L12: 54 | M12: =(L12-(K12+J12))/L12 -> 0.62962963
A13: 76.Essa Unidade Escolar ofereceu, no último ano letivo, cursos de formação para professores(as) e demais funcionários(as) da escola sobre conteúdos referentes às relações étnico-raciais e a implementação da Lei n. 11.645/2008? | H13: 911 | I13: 50 | J13: 3 | K13: 1 | L13: 54 | M13: =(L13-(K13+J13))/L13 -> 0.92592593
H14: 93 | I14: 46 | J14: 7 | K14: 1 | L14: 54 | M14: =(L14-(K14+J14))/L14 -> 0.85185185
C15: Frequência | D15: Porcentual | G15: F3 | H15: 1072 | I15: 4 | J15: 50 | K15: 0 | L15: 54 | M15: =(L15-(K15+J15))/L15 -> 0.074074074 | N15: =M15 -> 0.074074074 | O15: Irrisória (0 - 0,19
A16: Válido | B16: não | C16: 17 | D16: 31.5 | G16: F4 | H16: 102 | I16: 45 | J16: 9 | K16: 0 | L16: 54 | M16: =(L16-(K16+J16))/L16 -> 0.83333333 | N16: =(M16+M17)/2 -> 0.78703704 | O16: Representativa (0,70 - 0,89)
B17: sim | C17: 37 | D17: 68.5 | H17: 103 | I17: 40 | J17: 14 | K17: 0 | L17: 54 | M17: =(L17-(K17+J17))/L17 -> 0.74074074
B18: Total | C18: 54 | D18: 100 | G18: F5 | H18: 59 | I18: 34 | J18: 20 | K18: 0 | L18: 54 | M18: =(L18-(K18+J18))/L18 -> 0.62962963 | N18: =(M18+M19)/2 -> 0.71296296 | O18: Representativa (0,70 - 0,89) | Q18: MUNICÍPIOS RESPONDENTES | AB18: ESCOLAS RESPONDENTES
H19: 510 | I19: 43 | J19: 11 | K19: 0 | L19: 54 | M19: =(L19-(K19+J19))/L19 -> 0.7962963
G20: F6 | H20: 56 | I20: 48 | J20: 6 | K20: 0 | L20: 54 | M20: =(L20-(K20+J20))/L20 -> 0.88888889 | N20: =(M20+M21)/2 -> 0.92592593 | O20: Expressiva (0,90 - 1,00)
A21: 77.Nessa Unidade Escolar foi realizada alguma formação, encontro ou reunião que instigasse a reflexão, por parte dos profissionais da educação, sobre seu pertencimento étnico-racial (ser branco, ser negro, ser terena, ser guarani, etc.)? | H21: 57 | I21: 52 | J21: 2 | K21: 0 | L21: 54 | M21: =(L21-(K21+J21))/L21 -> 0.96296296 | S21: Frequência | T21: Porcentual | AB21: CEEBJA - CECILIA MEIRELES
G22: F7 | H22: 86 | I22: 43 | J22: 1 | K22: 10 | L22: 54 | M22: =(L22-(K22+J22))/L22 -> 0.7962963 | N22: =M22 -> 0.7962963 | O22: Representativa (0,70 - 0,89) | Q22: APUCARANA | S22: 16 | T22: 29.6 | AB22: CENTRO ESTADUAL DE EDUCACAO PROFISSIONAL AGRICOLA MANOEL RIBAS
C23: Frequência | D23: Porcentual | Q23: ARAPONGAS | S23: 13 | T23: 24.1 | AB23: COLEGIO ESTADUAL ABRAHAM LINCOLN
A24: Válido | B24: não | C24: 13 | D24: 24.1 | Q24: BOM SUCESSO | S24: 1 | T24: 1.9 | AB24: COLEGIO ESTADUAL ALBERTO SANTOS DUMONT
B25: sim | C25: 41 | D25: 75.9 | G25: SÍNTESE - DADOS GERAIS NRE APUCARANA | Q25: BORRAZOPOLIS | S25: 2 | T25: 3.7 | AB25: COLÉGIO ESTADUAL ANTÔNIO DOS TRÊS REIS DE OLIVEIRA
B26: Total | C26: 54 | D26: 100 | Q26: CALIFORNIA | S26: 1 | T26: 1.9 | AB26: COLEGIO ESTADUAL ANTONIO GARCEZ NOVAES - ENSINO FUNDAMENTAL, MEDIO E PROFISSIONAL
Q27: CAMBIRA | S27: 2 | T27: 3.7 | AB27: COLEGIO ESTADUAL ANTONIO RACANELLO SAMPAIO
A28: 63.Nessa Unidade Escolar desenvolvem-se pesquisas com entidades e/ou ativistas de movimentos sociais que estimulem os(as) estudantes a conhecerem a história da População Negra do Brasil? | G28: Localização da Unidade Escolar | Q28: CRUZMALTINA | S28: 2 | T28: 3.7 | AB28: Colégio Estadual Cesar Lattes
Q29: FAXINAL | S29: 4 | T29: 7.4 | AB29: COLÉGIO ESTADUAL DO CAMPO CORONEL LUIZ JOSÉ DOS SANTOS - ENSINO FUNDAMENTAL E MÉDIO.
C30: Frequência | D30: Porcentual | I30: Frequência | J30: Porcentual | Q30: JANDAIA DO SUL | S30: 5 | T30: 9.3 | AB30: COLEGIO ESTADUAL DO CAMPO DOUTOR JULIO JUNQUEIRA ENSINO FUNDAMENTAL E MEDIO
A31: Válido | B31: não | C31: 15 | D31: 27.8 | G31: Zona Urbana | I31: 49 | J31: 90.7 | Q31: KALORE | S31: 1 | T31: 1.9 | AB31: COLEGIO ESTADUAL DO CAMPO FERNANDO SONTAG ENSINO FUNDAMENTAL E MEDIO
B32: sim | C32: 39 | D32: 72.2 | G32: Zona Rural | I32: 5 | J32: 9.3 | Q32: MARILANDIA DO SUL | S32: 2 | T32: 3.7 | AB32: COLEGIO ESTADUAL DO CAMPO FREI GRACIANO DROESSLER ENSINO FUNDAMENTAL E MEDIO
B33: Total | C33: 54 | D33: 100 | G33: Total | I33: 54 | J33: 100 | Q33: MARUMBI | S33: 1 | T33: 1.9 | AB33: COLEGIO ESTADUAL DO CAMPO PADRE GUALTER FARIAS NEGRAO - ENSINO FUNDAMENTAL E MEDIO
Q34: MAUA DA SERRA | S34: 1 | T34: 1.9 | AB34: COLEGIO ESTADUAL DO CAMPO PROFESSORA GODOMA BEVILACQUA DE OLIVEIRA
Q35: NOVO ITACOLOMI | S35: 1 | T35: 1.9 | AB35: Colégio Estadual do Campo Tancredo Neves - Ensino Fundamental -Anos Finais e Ensino Médio
A36: 64.Nessa Unidade Escolar desenvolvem-se pesquisas com entidades e/ou ativistas de movimentos sociais que estimulem os(as) estudantes a conhecerem a história da População Indígena brasileira? | Q36: RIO BOM | S36: 1 | T36: 1.9 | AB36: COLÉGIO ESTADUAL DR. REBOUCAS - ENSINO FUNDAMENTAL E MÉDIO
G37: Localização diferencia da Unidade Escolar | Q37: SABAUDIA | S37: 1 | T37: 1.9 | AB37: COLEGIO ESTADUAL EMILIO DE MENEZES - ENSINO FUNDAMENTAL, MEDIO E NORMAL.
C38: Frequência | D38: Porcentual | I38: Frequência | J38: Porcentual | Q38: Total | S38: 54 | T38: 100 | AB38: Colégio Estadual Francisco Ferreira Bastos
A39: Válido | B39: não | C39: 20 | D39: 37 | G39: Não se aplica | I39: 54 | J39: 100 | AB39: COLEGIO ESTADUAL HEITOR CAVALCANTI DE ALENCAR FURTADO
B40: sim | C40: 34 | D40: 63 | AB40: COLEGIO ESTADUAL HERMINIA ROLIM LUPION - ENSINO FUNDAMENTAL E MEDIO
B41: Total | C41: 54 | D41: 100 | AB41: COLEGIO ESTADUAL IVANILDE DE NORONHA - ENSINO FUNDAMENTAL E MEDIO
G42: Principal modalidade de Educação adotada na Unidade Escolar | AB42: Colégio Estadual Jandaia do Sul - Ensino Fundamental, Medio e Profissional.
AB43: Colegio Estadual Joao Paulo I
A44: 911.O Projeto Político Pedagógico cita a temática da Educação das Relações Étnico-Raciais e/ou o ensino de História e Cultura Afro-brasileira, africana e indígena? | I44: Frequência | J44: Porcentual | AB44: COLEGIO ESTADUAL JOAO PLATH - EFMN
G45: Educação Básica (Currículo Comum Nacional) | I45: 45 | J45: 83.3 | AB45: Colegio Estadual Jose de Anchieta - EFM
C46: Frequência | D46: Porcentual | G46: Educação do Campo | I46: 7 | J46: 13 | AB46: COLÉGIO ESTADUAL MARQUÊS DE CARAVELAS - ENSINO FUNDAMENTAL E MÉDIO
A47: Válido | B47: não | C47: 3 | D47: 5.6 | G47: Educação Profissional Técnica de Nível Médio | I47: 2 | J47: 3.7 | AB47: COLÉGIO ESTADUAL MARUMBI
B48: sim | C48: 50 | D48: 92.6 | G48: Total | I48: 54 | J48: 100 | AB48: COLEGIO ESTADUAL NILO CAIRO EFM e FD
B49: ausente | C49: 1 | D49: 1.9 | AB49: Colégio Estadual Olavo Bilac Ensino Fundamental e Médio
B50: Total | C50: 54 | D50: 100 | AB50: COLEGIO ESTADUAL OSMAR GUARACY FREIRE - EFM E PROFISSIONALIZANTE
A51: 93.O Projeto Político Pedagógico explicita o compromisso com uma educação de valorização da diversidade étnico-racial e antirracista na Unidade Escolar? | G51: Quesito cor/raça no cadastro das/os profissionais | AB51: COLEGIO ESTADUAL PADRE ANGELO CASAGRANDE-ENS.FUND.MEDIO E NORMAL
AB52: Colégio Estadual Padre José Canale EFM
C53: Frequência | D53: Porcentual | H53: Frequência | I53: Porcentual | AB53: COLEGIO ESTADUAL POLIVALENTE DE APUCARANA - ENSINO FUNDAMENTAL E MEDIO
A54: Válido | B54: não | C54: 7 | D54: 13 | G54: não | H54: 12 | I54: 22.2 | AB54: COLEGIO ESTADUAL PREFEITO CARLOS MASSARETTO ENSINO FUNDAMENTAL E MEDIO
B55: sim | C55: 46 | D55: 85.2 | G55: sim | H55: 42 | I55: 77.8 | AB55: COLEGIO ESTADUAL PROFESSOR ANESIO ALVES DE AZEVEDO
B56: ausente | C56: 1 | D56: 1.9 | G56: Total | H56: 54 | I56: 100 | AB56: COLEGIO ESTADUAL PROFESSORA MARIA MUZIOL JAROSKIEVICZ-EFM
B57: Total | C57: 54 | D57: 100 | AB57: COLEGIO ESTADUAL PROFESSORA NADIR MENDES MONTANHA
AB58: COLÉGIO ESTADUAL PROFESSORA REGINA CÉLIA ALVES DOS SANTOS DOMIT
G59: Quesito cor/raça no cadastro das/os estudantes | AB59: COLEGIO ESTADUAL ROSA DELUCIA CALSAVARA.
A60: 102.Existem, na Unidade Escolar, livros de literatura infantil e/ou infanto-juvenil com personagens protagonistas negros? | AB60: COLEGIO ESTADUAL RUI BARBOSA - ENSINO FUNDAMENTAL E MEDIO
H61: Frequência | I61: Porcentual | AB61: COLEGIO ESTADUAL SABAUDIA - EFM
C62: Frequência | D62: Porcentual | G62: não | H62: 1 | I62: 1.9 | AB62: COLEGIO ESTADUAL SÃO BARTOLOMEU ENSINO FUNDAMENTAL E MÉDIO
A63: Válido | B63: não | C63: 9 | D63: 16.7 | G63: sim | H63: 53 | I63: 98.1 | AB63: Colégio Estadual Tadashi Enomoto
B64: sim | C64: 45 | D64: 83.3 | G64: Total | H64: 54 | I64: 100 | AB64: COLEGIO ESTADUAL TALITA BRESOLIN - ENSINO FUNDAMENTAL E MÉDIO
B65: Total | C65: 54 | D65: 100 | AB65: COLEGIO ESTADUAL TOME DE SOUZA ENSINO FUNDAMENTAL E MEDIO
AB66: COLEGIO ESTADUAL UNIDADE POLO - ENSINO FUNDAMENTAL E MÉDIO
G67: Etapas de Ensino atendidos pela Unidade Escolar | AB67: COLEGIO ESTADUAL UNIDADE POLO ENSINO FUNDAMENTAL E MEDIO
A68: 103.Existem, na Unidade Escolar, livros de literatura infantil e/ou infanto-juvenil, com personagens protagonistas indígenas? | AB68: COLEGIO ESTADUAL VALE DO SABER
I69: Frequência | AB69: COLEGIO ESTADUAL WALFREDO SILVEIRA CORREA - EFM
C70: Frequência | D70: Porcentual | G70: EnsinoFundamentalRegular | I70: 50 | AB70: Escola Estadual do Campo Humberto de Alencar Castelo Branco - Ensino Fundamental
A71: Válido | B71: não | C71: 14 | D71: 25.9 | G71: EnsinoMédioRegular | I71: 42 | AB71: ESCOLA ESTADUAL DO CAMPO JOSÉ FERREIRA DINIZ
B72: sim | C72: 40 | D72: 74.1 | G72: EnsinoFundamentalnaModalidadeEducaçãoEspecial | I72: 2 | AB72: ESCOLA ESTADUAL HUMBERTO DE ALENCAR CASTELO BRANCO. ENSINO FUNDAMENTAL.
B73: Total | C73: 54 | D73: 100 | G73: EnsinoFundamentalnaModalidadeEJA | I73: 11 | AB73: ESCOLA ESTADUAL PROFESSOR AUGUSTO BAHLS-EF
G74: EnsinoMédionaModalidadeEJA | I74: 11 | AB74: Escola Estadual Professor Francisco Antonio de Sousa
G75: EnsinoFundamentalnaModalidadeEducaçãoProfissionalTécnica | I75: 1
A76: 1072.Há algum tipo de discussão/denúncia sobre a existência de racismo, discriminação e/ou preconceito étnico e/ou racial em livros didáticos utilizados pelos estudantes? | G76: EnsinoMédionaModalidadeEducaçãoProfissionalTécnica | I76: 5
C78: Frequência | D78: Porcentual
A79: Válido | B79: não | C79: 50 | D79: 92.6
B80: sim | C80: 4 | D80: 7.4
B81: Total | C81: 54 | D81: 100
A84: 59.Há atividades que envolvam a Comunidade Escolar em Jogos, Gincanas e/ou Brincadeiras, e que tenha sua origem reconhecida como sendo de alguma etnia Indígena brasileira?
C86: Frequência | D86: Porcentual
A87: Válido | B87: não | C87: 20 | D87: 37
B88: sim | C88: 34 | D88: 63
B89: Total | C89: 54 | D89: 100
A92: 510.Há atividades que envolvam a Comunidade Escolar em Jogos, Gincanas e/ou Brincadeiras, e tenha sua origem reconhecida como sendo de algum país do continente Africano e/ou da cultura afro-brasileira?
C94: Frequência | D94: Porcentual
A95: Válido | B95: não | C95: 11 | D95: 20.4
B96: sim | C96: 43 | D96: 79.6
B97: Total | C97: 54 | D97: 100
A100: 56.Os Materiais bibliográficos disponibilizados na escola para uso dos(as) professores(as) e estudantes possibilitam o trabalho com referenciais sobre a diversidade étnica da População Indígena?
C102: Frequência | D102: Porcentual
A103: Válido | B103: não | C103: 6 | D103: 11.1
B104: sim | C104: 48 | D104: 88.9
B105: Total | C105: 54 | D105: 100
A108: 57.Os Materiais bibliográficos disponibilizados na escola para uso dos(as) professores(as) e estudantes possibilitam o trabalho com referenciais sobre a diversidade e riqueza histórico-cultural da População Negra?
C110: Frequência | D110: Porcentual
A111: Válido | B111: não | C111: 2 | D111: 3.7
B112: sim | C112: 52 | D112: 96.3
B113: Total | C113: 54 | D113: 100
A115: 86.Na Unidade Escolar, há registro de projetos (disciplinares ou interdisciplinares) e/ou de trabalhos pedagógicos que já utilizaram ou utilizam os materiais para a Educação das Relações Étnico-Raciais existentes na escola?
C118: Frequência | D118: Porcentual
...

Sheet Area Metro Norte
A1: NÚCLEO REGIONAL | B1: ESCOLAS ESTADUAIS RESPONDENTES | C1: ESCOLAS ESTADUAIS ATIVAS 2018 | D1: % DE RESPOSTAS | F1: NRE AREA METR. NORTE
A2: AREA METROP.NOR | B2: 81 | C2: 111 | D2: =B2*100/C2 -> 72.972973
A4: QUESTÕES UTILIZADAS PARA FORMAÇÃO DOS FATORES DE ANÁLISE
A7: 75.A Unidade Escolar ofereceu, no último ano letivo, cursos de formação para professores(as) e demais funcionários(as) da escola sobre conteúdos referentes às relações raciais e a implementação da Lei n. 10.639/2003?
C9: Frequência | D9: Porcentual | I9: Fatores | J9: variável | K9: sim | L9: não | M9: Ausente | N9: N (respondente total) | O9: E (indicador por variável) | P9: E (total fator) | Q9: Escala Interpretativa | S9: Indicador de Verificação geral | T9: E | U9: Escala Interpretativa
A10: Válido | B10: não | C10: 26 | D10: 32.1 | I10: F1 | J10: 75 | K10: =C11 -> 55 | L10: =C10 -> 26 | M10: =0 -> 0 | N10: =C12 -> 81 | O10: =(N10-(M10+L10))/N10 -> 0.67901235 | P10: =(O10+O11+O12)/3 -> 0.67901235 | Q10: Moderada (0,40 - 0,69) | S10: ERER NRE AREA METRO NORTE | T10: =(O10+O11+O12+O13+O14+O15+O16+O17+O18+O19+O20+O21+O22+O23+O24)/15 -> 0.69958848 | U10: Representativa (0,70 - 0,89)
B11: sim | C11: 55 | D11: 67.9 | J11: 76 | K11: =C19 -> 55 | L11: =C18 -> 26 | M11: =0 -> 0 | N11: =C20 -> 81 | O11: =(N11-(M11+L11))/N11 -> 0.67901235
B12: Total | C12: 81 | D12: 100 | J12: 77 | K12: =C27 -> 55 | L12: =C26 -> 26 | M12: =0 -> 0 | N12: =C28 -> 81 | O12: =(N12-(M12+L12))/N12 -> 0.67901235
I13: F2 | J13: 63 | K13: =C35 -> 40 | L13: =C34 -> 41 | M13: =0 -> 0 | N13: =C36 -> 81 | O13: =(N13-(M13+L13))/N13 -> 0.49382716 | P13: =(O13+O14+O15+O16)/4 -> 0.65740741 | Q13: Moderada (0,40 - 0,69)
J14: 64 | K14: =C43 -> 35 | L14: =C42 -> 46 | M14: =0 -> 0 | N14: =C44 -> 81 | O14: =(N14-(M14+L14))/N14 -> 0.43209877
A15: 76.Essa Unidade Escolar ofereceu, no último ano letivo, cursos de formação para professores(as) e demais funcionários(as) da escola sobre conteúdos referentes às relações étnico-raciais e a implementação da Lei n. 11.645/2008? | J15: 911 | K15: =C51 -> 76 | L15: =C50 -> 5 | M15: =0 -> 0 | N15: =C52 -> 81 | O15: =(N15-(M15+L15))/N15 -> 0.9382716
J16: 93 | K16: =C59 -> 62 | L16: =C58 -> 19 | M16: =0 -> 0 | N16: =C60 -> 81 | O16: =(N16-(M16+L16))/N16 -> 0.7654321 | S16: UNIDADE ESCOLAR
C17: Frequência | D17: Porcentual | I17: F3 | J17: 1072 | K17: =C83 -> 9 | L17: =C82 -> 72 | M17: =C84 -> 0 | N17: =C85 -> 81 | O17: =(N17-(M17+L17))/N17 -> 0.11111111 | P17: =O17 -> 0.11111111 | Q17: Irrisória (0 - 0,19
A18: Válido | B18: não | C18: 26 | D18: 32.1 | I18: F4 | J18: 102 | K18: =C67 -> 73 | L18: =C66 -> 8 | M18: =0 -> 0 | N18: =C68 -> 81 | O18: =(N18-(M18+L18))/N18 -> 0.90123457 | P18: =(O18+O19)/2 -> 0.84567901 | Q18: Representativa (0,70 - 0,89) | S18: C. E. SÃO FRANCISCO DE ASSIS
B19: sim | C19: 55 | D19: 67.9 | J19: 103 | K19: =C75 -> 64 | L19: =C74 -> 17 | M19: =0 -> 0 | N19: =C76 -> 81 | O19: =(N19-(M19+L19))/N19 -> 0.79012346 | S19: CE CAMPO MAGRO
B20: Total | C20: 81 | D20: 100 | I20: F5 | J20: 59 | K20: =C92 -> 51 | L20: =C91 -> 30 | M20: =0 -> 0 | N20: =C93 -> 81 | O20: =(N20-(M20+L20))/N20 -> 0.62962963 | P20: =(O20+O21)/2 -> 0.72222222 | Q20: Representativa (0,70 - 0,89) | S20: CENTRO ESTADUAL DE EDUCACAO BASICA DE JOVENS E ADULTOS - AYRTON SENNA DA SILVA ENSINO FUNDAMENTAL FASE 2 E MEDIO.
J21: 510 | K21: =C100 -> 66 | L21: =C99 -> 15 | M21: =0 -> 0 | N21: =C101 -> 81 | O21: =(N21-(M21+L21))/N21 -> 0.81481481 | S21: Centro Estadual de Educação Básica de Jovens e Adultos Zilda Arns Neumann
I22: F6 | J22: 56 | K22: =C108 -> 71 | L22: =C107 -> 10 | M22: =0 -> 0 | N22: =C109 -> 81 | O22: =(N22-(M22+L22))/N22 -> 0.87654321 | P22: =(O22+O23)/2 -> 0.91358025 | Q22: Expressiva (0,90 - 1,00) | S22: Centro Estadual de Educação Profissional Newton Freire Maia
A23: 77.Nessa Unidade Escolar foi realizada alguma formação, encontro ou reunião que instigasse a reflexão, por parte dos profissionais da educação, sobre seu pertencimento étnico-racial (ser branco, ser negro, ser terena, ser guarani, etc.)? | J23: 57 | K23: =C116 -> 77 | L23: =C115 -> 4 | M23: =0 -> 0 | N23: =C117 -> 81 | O23: =(N23-(M23+L23))/N23 -> 0.95061728 | S23: Coiegio Estadual Quilombola Diogo Ramos
I24: F7 | J24: 86 | K24: =C124 -> 61 | L24: =C123 -> 4 | M24: =C125 -> 16 | N24: =C126 -> 81 | O24: =(N24-(M24+L24))/N24 -> 0.75308642 | P24: =O24 -> 0.75308642 | Q24: Representativa (0,70 - 0,89) | S24: COLÉGIO ESTADUAL AMYNTAS DE BARROS - EFM E PROFISSIONAL.
C25: Frequência | D25: Porcentual | S25: COLEGIO ESTADUAL ANDRE ANDREATTA - EFM E EJA
A26: Válido | B26: não | C26: 26 | D26: 32.1 | S26: COLEGIO ESTADUAL ANTONIO LACERDA BRAGA
B27: sim | C27: 55 | D27: 67.9 | I27: MUNICÍPIO RESPONDENTE | S27: Colegio Estadual Arlinda Ferreira Creplive
B28: Total | C28: 81 | D28: 100 | S28: COLÉGIO ESTADUAL BANDEIRANTES-EFM
K29: Frequência | L29: Porcentual | S29: Colegio Estadual Campos Sales EFM e proficionalizante
I30: ADRIANOPOLIS | K30: 3 | L30: 3.7 | S30: COLÉGIO ESTADUAL CONSELHEIRO QUIELSE CRISÓSTOMO DA SILVA
A31: 63.Nessa Unidade Escolar desenvolvem-se pesquisas com entidades e/ou ativistas de movimentos sociais que estimulem os(as) estudantes a conhecerem a história da População Negra do Brasil? | I31: ALMIRANTE TAMANDARE | K31: 13 | L31: 16 | S31: COLEGIO ESTADUAL DE GUARAITUBA - EFM
I32: BOCAIUVA DO SUL | K32: 1 | L32: 1.2 | S32: COLÉGIO ESTADUAL DO CAMPO AUGUSTO ANTONIO DA PAIXÃO
C33: Frequência | D33: Porcentual | I33: CAMPINA GRANDE DO SUL | K33: 6 | L33: 7.4 | S33: COLÉGIO ESTADUAL DO CAMPO DO CAMPO PROFESSOR PERCY TEIXEIRA DE FARIA
A34: Válido | B34: não | C34: 41 | D34: 50.6 | I34: CAMPO MAGRO | K34: 4 | L34: 4.9 | S34: COLÉGIO ESTADUAL DO CAMPO JOSÉ ELIAS - EMF
B35: sim | C35: 40 | D35: 49.4 | I35: CERRO AZUL | K35: 1 | L35: 1.2 | S35: COLEGIO ESTADUAL DO CAMPO NOSSA SENHORA DA CONCEICAO - EFM
B36: Total | C36: 81 | D36: 100 | I36: COLOMBO | K36: 17 | L36: 21 | S36: COLEGIO ESTADUAL DO CAMPO NOSSA SENHORA DAS GRACAS
I37: DOUTOR ULYSSES | K37: 2 | L37: 2.5 | S37: COLEGIO ESTADUAL DO CAMPO PORTO NOVO - EFM
I38: ITAPERUCU | K38: 4 | L38: 4.9 | S38: COLEGIO ESTADUAL DO CAMPO SELBMANN - EFM
A39: 64.Nessa Unidade Escolar desenvolvem-se pesquisas com entidades e/ou ativistas de movimentos sociais que estimulem os(as) estudantes a conhecerem a história da População Indígena brasileira? | I39: PINHAIS | K39: 9 | L39: 11.1 | S39: COLEGIO ESTADUAL DO CAMPO TERRA BOA - EFM
I40: PIRAQUARA | K40: 10 | L40: 12.3 | S40: COLEGIO ESTADUAL DR. GILBERTO ALVES DO NASCIMENTO
C41: Frequência | D41: Porcentual | I41: QUATRO BARRAS | K41: 3 | L41: 3.7 | S41: COLEGIO ESTADUAL ELIAS ABRAHAO - EFM
A42: Válido | B42: não | C42: 46 | D42: 56.8 | I42: RIO BRANCO DO SUL | K42: 7 | L42: 8.6 | S42: COLÉGIO ESTADUAL FLORIPA TEIXEIRA DE FARIA
B43: sim | C43: 35 | D43: 43.2 | I43: TUNAS DO PARANA | K43: 1 | L43: 1.2 | S43: Colégio Estadual Frei Beda Maria Ensino Fundamental Médio e Normal
B44: Total | C44: 81 | D44: 100 | I44: Total | K44: 81 | L44: 100 | S44: COLEGIO ESTADUAL GENESIO MORESCHI EFM
S45: COLEGIO ESTADUAL HELENA KOLODY
S46: COLEGIO ESTADUAL HUMBERTO DE ALENCAR CASTELO BRANCO
A47: 911.O Projeto Político Pedagógico cita a temática da Educação das Relações Étnico-Raciais e/ou o ensino de História e Cultura Afro-brasileira, africana e indígena? | S47: COLEGIO ESTADUAL INDIGENA MBYA ARANDU ENSINO FUNDAMENTAL
I48: Localização da Unidade Escolar | S48: COLÉGIO ESTADUAL IVAN FERREIRA DO AMARAL - EFM
C49: Frequência | D49: Porcentual | S49: Colegio Estadual Ivanete Martins de Souza
A50: Válido | B50: não | C50: 5 | D50: 6.2 | J50: Frequência | K50: Porcentual | S50: COLEGIO ESTADUAL JOAO BATISTA VERA
B51: sim | C51: 76 | D51: 93.8 | I51: Zona Urbana | J51: 68 | K51: 84 | S51: COLEGIO ESTADUAL JOAO GUENO - EFM
B52: Total | C52: 81 | D52: 100 | I52: Zona Rural | J52: 13 | K52: 16 | S52: COLÉGIO ESTADUAL JOÃO RIBEIRO DE CAMARGO
I53: Total | J53: 81 | K53: 100 | S53: COLEGIO ESTADUAL JOSE ERMIRIO DE MORAES
S54: COLÉGIO ESTADUAL JULIA CAVASSIN - EFM
A55: 93.O Projeto Político Pedagógico explicita o compromisso com uma educação de valorização da diversidade étnico-racial e antirracista na Unidade Escolar? | S55: COLEGIO ESTADUAL LAMENHA PEQUENA
I56: Localização diferencia da Unidade Escolar | S56: COLÉGIO ESTADUAL LINDAMIR ALBERTI - EFM
C57: Frequência | D57: Porcentual | S57: COLÉGIO ESTADUAL LUIZ SEBASTIÃO BALDO
A58: Válido | B58: não | C58: 19 | D58: 23.5 | J58: Frequência | K58: Porcentual | S58: COLEGIO ESTADUAL PAPA JOAO PAULO I
B59: sim | C59: 62 | D59: 76.5 | I59: Não se aplica | J59: 77 | K59: 95.1 | S59: COLÉGIO ESTADUAL PLÍNIO ALVES MONTEIRO TOURINHO
B60: Total | C60: 81 | D60: 100 | I60: Terra indígena | J60: 1 | K60: 1.2 | S60: COLÉGIO ESTADUAL PREFEITO JOÃO MARIA DE BARROS - EFMN
I61: Unidade de uso susten | J61: 3 | K61: 3.7 | S61: COLEGIO ESTADUAL PRESIDENTE ABRAHAM LINCOLN EFM
I62: Total | J62: 81 | K62: 100 | S62: COLEGIO ESTADUAL PROFª. JACI REAL PRADO DE OLIVEIRA
A63: 102.Existem, na Unidade Escolar, livros de literatura infantil e/ou infanto-juvenil com personagens protagonistas negros? | S63: COLEGIO ESTADUAL PROFESSOR ALBERTO KRAUSE
S64: COLEGIO ESTADUAL PROFESSOR IEDO NESPOLO
C65: Frequência | D65: Porcentual | I65: Principal modalidade de Educação adotada na Unidade Escolar | S65: Colegio Estadual Professor Manoel Borges de Macedo - EFM
A66: Válido | B66: não | C66: 8 | D66: 9.9 | S66: COLEGIO ESTADUAL PROFESSOR MARIO BRANDAO TEIXEIRA BRAGA
B67: sim | C67: 73 | D67: 90.1 | K67: Frequência | L67: Porcentual | S67: Colegio Estadual Professor Paulo Freire
B68: Total | C68: 81 | D68: 100 | I68: Educação Básica (Currículo Comum Nacional) | K68: 70 | L68: 86.4 | S68: Colégio Estadual Professora Angela Sandri Teixeira
I69: Educação do Campo | K69: 7 | L69: 8.6 | S69: COLEGIO ESTADUAL PROFESSORA IRIA BORGES DE MACEDO
I70: Educação Quilombola | K70: 1 | L70: 1.2 | S70: COLEGIO ESTADUAL PROFESSORA MARIA LOPES DE PAULA - EFM
A71: 103.Existem, na Unidade Escolar, livros de literatura infantil e/ou infanto-juvenil, com personagens protagonistas indígenas? | I71: Educação Especial | K71: 1 | L71: 1.2 | S71: COLEGIO ESTADUAL PROFESSORA OTTILIA HOMERO DA SILVA - EFM
I72: Educação Indígena | K72: 1 | L72: 1.2 | S72: COLEGIO ESTADUAL PROFESSORA ROSILDA DE SOUZA OLIVEIRA - EFM
C73: Frequência | D73: Porcentual | I73: Educação Profissional Técnica de Nível Médio | K73: 1 | L73: 1.2 | S73: COLÉGIO ESTADUAL ROMÁRIO MARTINS- EFM
A74: Válido | B74: não | C74: 17 | D74: 21 | I74: Total | K74: 81 | L74: 100 | S74: COLEGIO ESTADUAL RUI BARBOSA
B75: sim | C75: 64 | D75: 79 | S75: COLEGIO ESTADUAL SALTO GRANDE DO TURVO -EFM
B76: Total | C76: 81 | D76: 100 | S76: Colégio Estadual Semiramis de Barros Braga
I77: Quesito cor/raça no cadastro das/os profissionais | S77: COLÉGIO ESTADUAL SHIRLENE DE SOUZA ROCHA EFM
S78: colegio estadual tancredo de almeida neves
A79: 1072.Há algum tipo de discussão/denúncia sobre a existência de racismo, discriminação e/ou preconceito étnico e/ou racial em livros didáticos utilizados pelos estudantes? | J79: Frequência | K79: Porcentual | S79: COLEGIO ESTADUAL TANCREDO NEVES
I80: não | J80: 16 | K80: 19.8 | S80: Colegio Estadual Timbu Velho - EFM
C81: Frequência | D81: Porcentual | I81: sim | J81: 65 | K81: 80.2 | S81: COLÉGIO ESTADUAL VEREADOR LUIZ MALTACA
A82: Válido | B82: não | C82: 72 | D82: 88.9 | I82: Total | J82: 81 | K82: 100 | S82: COLEGIO ESTADUAL VEREADOR PEDRO PIEKAS
B83: sim | C83: 9 | D83: 11.1 | S83: COLEGIO ESTADUAL VEREADOR RAULINO COSTACURTA - EFM
B84: Ausente | C84: 0 | S84: COLEGIO ESTADUAL VINICIUS DE MORAES
B85: Total | C85: 81 | D85: 100 | I85: Quesito cor/raça no cadastro das/os estudantes | S85: COLEGIO ESTADUAL WALDE ROSI GALVAO - EFM
S86: Colegio Estradual Alfredo Chaves.
J87: Frequência | K87: Porcentual | S87: COLEGIO ZACARIAS CARDOSO DE CRISTO
A88: 59.Há atividades que envolvam a Comunidade Escolar em Jogos, Gincanas e/ou Brincadeiras, e que tenha sua origem reconhecida como sendo de alguma etnia Indígena brasileira? | I88: não | J88: 1 | K88: 1.2 | S88: ESCOLA ESTADUAL DIVINA PASTORA - EF.
I89: sim | J89: 80 | K89: 98.8 | S89: ESCOLA DE EDUCAÇÃO BÁSICA PROFESSORA ROZA BINI DE OLIVEIRA MODALIDADE EDUCAÇÃO ESPECIAL
C90: Frequência | D90: Porcentual | I90: Total | J90: 81 | K90: 100 | S90: ESCOLA ESTADUAL BACHAREL ANTONIO ALVES
A91: Válido | B91: não | C91: 30 | D91: 37 | S91: Escola Estadual Boa Esperança
B92: sim | C92: 51 | D92: 63 | I92: Etapas de Ensino atendidos pela Unidade Escolar | S92: Escola Estadual Caminhos da Natureza EF
B93: Total | C93: 81 | D93: 100 | S93: ESCOLA ESTADUAL LUARLINDO DOS REIS BORGES
K94: Qtde | S94: ESCOLA ESTADUAL PLANTA DEODORO - EF
I95: EnsinoFundamentalRegular | K95: 76 | S95: ESCOLA ESTADUAL PREFEITO DJALMA JOHNSSON
A96: 510.Há atividades que envolvam a Comunidade Escolar em Jogos, Gincanas e/ou Brincadeiras, e tenha sua origem reconhecida como sendo de algum país do continente Africano e/ou da cultura afro-brasileira? | I96: EnsinoMédioRegular | K96: 65 | S96: ESCOLA ESTADUAL PROFESSORA HILDA FARIA FRANCO
I97: EducaçãoInfantilnaModalidadeEducaçãoEspecial | K97: 1 | S97: ESCOLA ESTADUAL PROFESSORA ROSA FREDERICA JOHNSON
C98: Frequência | D98: Porcentual | I98: EnsinoFundamentalnaModalidadeEducaçãoEspecial | K98: 4 | S98: ESCOLA ESTADUAL PROFESSORA TEREZINHA ELIZABETE KEPP - EF
A99: Válido | B99: não | C99: 15 | D99: 18.5 | I99: EnsinoMédionaModalidadeEducaçãoEspecial | K99: 2 | S99: Total | U99: 81
B100: sim | C100: 66 | D100: 81.5 | I100: EnsinoFundamentalnaModalidadeEJA | K100: 12
B101: Total | C101: 81 | D101: 100 | I101: EnsinoMédionaModalidadeEJA | K101: 9
I102: EnsinoFundamentalnaModalidadeEducaçãoProfissionalTécnica | K102: 1
I103: EnsinoMédionaModalidadeEducaçãoProfissionalTécnica | K103: 5
A104: 56.Os Materiais bibliográficos disponibilizados na escola para uso dos(as) professores(as) e estudantes possibilitam o trabalho com referenciais sobre a diversidade étnica da População Indígena?
...

Sheet Area Metro Sul
A1: NÚCLEO REGIONAL | B1: ESCOLAS ESTADUAIS RESPONDENTES | C1: ESCOLAS ESTADUAIS ATIVAS 2018 | D1: % DE RESPOSTAS | F1: NRE AREA METR. SUL
A2: AREA METROP.SUL | B2: 61 | C2: 139 | D2: 43.884892
A4: QUESTÕES UTILIZADAS PARA FORMAÇÃO DOS FATORES DE ANÁLISE
A6: 75.A Unidade Escolar ofereceu, no último ano letivo, cursos de formação para professores(as) e demais funcionários(as) da escola sobre conteúdos referentes às relações raciais e a implementação da Lei n. 10.639/2003?
C8: Frequência | D8: Porcentual | I8: Fatores | J8: variável | K8: sim | L8: não | M8: Ausente | N8: N (respondente total) | O8: E (indicador por variável) | P8: E (total fator) | Q8: Escala Interpretativa | S8: Indicador de Verificação geral | T8: E | U8: Escala Interpretativa
A9: Válido | B9: não | C9: 27 | D9: 44.3 | I9: F1 | J9: 75 | K9: =C10 -> 34 | L9: =C9 -> 27 | M9: =0 -> 0 | N9: =C11 -> 61 | O9: =(N9-(M9+L9))/N9 -> 0.55737705 | P9: =(O9+O10+O11)/3 -> 0.56830601 | Q9: Moderada (0,40 - 0,69) | S9: ERER NRE AREA METRO SUL | T9: =(O9+O10+O11+O12+O13+O14+O15+O16+O17+O18+O19+O20+O21+O22+O23)/15 -> 0.66229508 | U9: Moderada (0,40 - 0,69)
B10: sim | C10: 34 | D10: 55.7 | J10: 76 | K10: =C18 -> 32 | L10: =C17 -> 29 | M10: =0 -> 0 | N10: =C19 -> 61 | O10: =(N10-(M10+L10))/N10 -> 0.52459016
B11: Total | C11: 61 | D11: 100 | J11: 77 | K11: =C26 -> 38 | L11: =C25 -> 23 | M11: =0 -> 0 | N11: =C27 -> 61 | O11: =(N11-(M11+L11))/N11 -> 0.62295082
I12: F2 | J12: 63 | K12: =C34 -> 36 | L12: =C33 -> 25 | M12: =0 -> 0 | N12: =C35 -> 61 | O12: =(N12-(M12+L12))/N12 -> 0.59016393 | P12: =(O12+O13+O14+O15)/4 -> 0.63934426 | Q12: Moderada (0,40 - 0,69)
J13: 64 | K13: =C42 -> 32 | L13: =C41 -> 29 | M13: =0 -> 0 | N13: =C43 -> 61 | O13: =(N13-(M13+L13))/N13 -> 0.52459016
A14: 76.Essa Unidade Escolar ofereceu, no último ano letivo, cursos de formação para professores(as) e demais funcionários(as) da escola sobre conteúdos referentes às relações étnico-raciais e a implementação da Lei n. 11.645/2008? | J14: 911 | K14: =C50 -> 48 | L14: =C49 -> 12 | M14: =C51 -> 1 | N14: =C52 -> 61 | O14: =(N14-(M14+L14))/N14 -> 0.78688525
J15: 93 | K15: =C59 -> 40 | L15: =C58 -> 20 | M15: =C60 -> 1 | N15: =C61 -> 61 | O15: =(N15-(M15+L15))/N15 -> 0.6557377
C16: Frequência | D16: Porcentual | I16: F3 | J16: 1072 | K16: =C84 -> 8 | L16: =C83 -> 51 | M16: =C85 -> 2 | N16: =C86 -> 61 | O16: =(N16-(M16+L16))/N16 -> 0.13114754 | P16: =O16 -> 0.13114754 | Q16: Irrisória (0 - 0,19
A17: Válido | B17: não | C17: 29 | D17: 47.5 | I17: F4 | J17: 102 | K17: =C68 -> 54 | L17: =C67 -> 7 | M17: =0 -> 0 | N17: =C69 -> 61 | O17: =(N17-(M17+L17))/N17 -> 0.8852459 | P17: =(O17+O18)/2 -> 0.8442623 | Q17: Representativa (0,70 - 0,89)
B18: sim | C18: 32 | D18: 52.5 | J18: 103 | K18: =C76 -> 49 | L18: =C75 -> 12 | M18: =0 -> 0 | N18: =C77 -> 61 | O18: =(N18-(M18+L18))/N18 -> 0.80327869 | T18: MUNICÍPIO DE LOCALIZAÇÃO DAS UNIDADES
B19: Total | C19: 61 | D19: 100 | I19: F5 | J19: 59 | K19: =C93 -> 38 | L19: =C92 -> 23 | M19: =0 -> 0 | N19: =C94 -> 61 | O19: =(N19-(M19+L19))/N19 -> 0.62295082 | P19: =(O19+O20)/2 -> 0.66393443 | Q19: Representativa (0,70 - 0,89)
J20: 510 | K20: =C101 -> 43 | L20: =C100 -> 18 | M20: =0 -> 0 | N20: =C102 -> 61 | O20: =(N20-(M20+L20))/N20 -> 0.70491803
I21: F6 | J21: 56 | K21: =C109 -> 53 | L21: =C108 -> 8 | M21: =0 -> 0 | N21: =C110 -> 61 | O21: =(N21-(M21+L21))/N21 -> 0.86885246 | P21: =(O21+O22)/2 -> 0.89344262 | Q21: Expressiva (0,90 - 1,00) | U21: Frequência | V21: Porcentual
A22: 77.Nessa Unidade Escolar foi realizada alguma formação, encontro ou reunião que instigasse a reflexão, por parte dos profissionais da educação, sobre seu pertencimento étnico-racial (ser branco, ser negro, ser terena, ser guarani, etc.)? | J22: 57 | K22: =C117 -> 56 | L22: =C116 -> 5 | M22: =0 -> 0 | N22: =C118 -> 61 | O22: =(N22-(M22+L22))/N22 -> 0.91803279 | T22: AGUDOS DO SUL | U22: 1 | V22: 1.6
I23: F7 | J23: 86 | K23: =C125 -> 45 | L23: =C124 -> 5 | M23: =C126 -> 11 | N23: =C127 -> 61 | O23: =(N23-(M23+L23))/N23 -> 0.73770492 | P23: =O23 -> 0.73770492 | Q23: Representativa (0,70 - 0,89) | T23: ARAUCARIA | U23: 8 | V23: 13.1
C24: Frequência | D24: Porcentual | T24: BALSA NOVA | U24: 3 | V24: 4.9
A25: Válido | B25: não | C25: 23 | D25: 37.7 | T25: CAMPO DO TENENTE | U25: 3 | V25: 4.9
B26: sim | C26: 38 | D26: 62.3 | I26: Nome da Unidade Escolar | T26: CAMPO LARGO | U26: 12 | V26: 19.7
B27: Total | C27: 61 | D27: 100 | T27: CONTENDA | U27: 5 | V27: 8.2
T28: FAZENDA RIO GRANDE | U28: 3 | V28: 4.9
I29: CEEBJA - ARAUCARIA | T29: LAPA | U29: 6 | V29: 9.8
A30: 63.Nessa Unidade Escolar desenvolvem-se pesquisas com entidades e/ou ativistas de movimentos sociais que estimulem os(as) estudantes a conhecerem a história da População Negra do Brasil? | I30: CEEBJA General Rabelo | T30: MANDIRITUBA | U30: 2 | V30: 3.3
I31: CEEBJA Prof Ziloah de Moura Carvalho | T31: PIEN | U31: 1 | V31: 1.6
C32: Frequência | D32: Porcentual | I32: CEEBJA PROF. DOMINGOS CAVALLI | T32: QUITANDINHA | U32: 3 | V32: 4.9
A33: Válido | B33: não | C33: 25 | D33: 41 | I33: CENTRO ESTADUAL DE EDUCAÇÃO BÁSICA PARA JOVENS E ADULTOS DE SÃO JOSÉ DOS PINHAIS - PR | T33: RIO NEGRO | U33: 4 | V33: 6.6
B34: sim | C34: 36 | D34: 59 | I34: CENTRO ESTADUAL DE EDUCAÇÃO BÁSICA PARA JOVENS E ADULTOS PAULO LEMINSKI - EFM | T34: SAO JOSE DOS PINHAIS | U34: 10 | V34: 16.4
B35: Total | C35: 61 | D35: 100 | I35: Centro Estadual de Educacao Profissional Agricola da Lapa | T35: Total | U35: 61 | V35: 100
I36: Colegio Estadual Professor Elzeario Pitz - EFM
I37: COLEGIO ESTADUAL ABILIO LOURENCO DOS SANTOS
A38: 64.Nessa Unidade Escolar desenvolvem-se pesquisas com entidades e/ou ativistas de movimentos sociais que estimulem os(as) estudantes a conhecerem a história da População Indígena brasileira? | I38: Colégio Estadual Alfredo Greipel Junior | T38: Localização da Unidade Escolar
I39: COLEGIO ESTADUAL ANITA CANET - (EFMP)
C40: Frequência | D40: Porcentual | I40: COLEGIO ESTADUAL AUGUSTO VANIN EFM | U40: Frequência | V40: Porcentual
A41: Válido | B41: não | C41: 29 | D41: 47.5 | I41: COLÉGIO ESTADUAL CASEMIRO KARMAN - ENSINO FUNDAMENTAL E MÉDIO. | T41: Zona Urbana | U41: 43 | V41: 70.5
B42: sim | C42: 32 | D42: 52.5 | I42: COLEGIO ESTADUAL CHICO MENDES | T42: Zona Rural | U42: 18 | V42: 29.5
B43: Total | C43: 61 | D43: 100 | I43: Colégio Estadual da Colônia Murici Ens. Fund. e Médio | T43: Total | U43: 61 | V43: 100
I44: COLEGIO ESTADUAL DEPUTADO VESPERTINO FERREIRA PIMPAO - EFM
I45: COLEGIO ESTADUAL DESEMBARGADOR CLOTARIO PORTUGAL - EFM
A46: 911.O Projeto Político Pedagógico cita a temática da Educação das Relações Étnico-Raciais e/ou o ensino de História e Cultura Afro-brasileira, africana e indígena? | I46: COLÉGIO ESTADUAL DIAS DA ROCHA-EFM | T46: Localização diferencia da Unidade Escolar
I47: COLÉGIO ESTADUAL DJALMA MARINHO_EFM
C48: Frequência | D48: Porcentual | I48: Colégio Estadual do Campo Ana Schelbauer Braz de Oliveira -EF/M | U48: Frequência | V48: Porcentual
A49: Válido | B49: não | C49: 12 | D49: 19.7 | I49: COLEGIO ESTADUAL DO CAMPO CONTESTADO | T49: Não se aplica | U49: 60 | V49: 98.4
B50: sim | C50: 48 | D50: 78.7 | I50: Colegio Estadual do Campo de Doce Fino - EFM | T50: Área de Assentamento | U50: 1 | V50: 1.6
B51: ausente | C51: 1 | D51: 1.6 | I51: COLEGIO ESTADUAL DO CAMPO DR. ADHELMAR SICURO - EFM | T51: Total | U51: 61 | V51: 100
B52: Total | C52: 61 | D52: 100 | I52: COLEGIO ESTADUAL DO CAMPO JOANA GURSKI
I53: Colégio Estadual do Campo Juscelino Kubitschek de Oliveira - EFM.
I54: COLEGIO ESTADUAL DO CAMPO JUVENAL BORGES DA SILVEIRA | T54: Principal modalidade de Educação adotada na Unidade Escolar
A55: 93.O Projeto Político Pedagógico explicita o compromisso com uma educação de valorização da diversidade étnico-racial e antirracista na Unidade Escolar? | I55: COLEGIO ESTADUAL DO CAMPO MONSENHOR MIGUEL JOSE MICKOSZ - EFM
I56: COLÉGIO ESTADUAL DO CAMPO NOSSA SENHORA DO DESTERRO EFM | U56: Frequência | V56: Porcentual
C57: Frequência | D57: Porcentual | I57: COLEGIO ESTADUAL DO CAMPO PROFESSOR PAULO FREIRE-EFM | T57: Educação Básica (Currículo Comum Nacional) | U57: 53 | V57: 86.9
A58: Válido | B58: não | C58: 20 | D58: 32.8 | I58: COLEGIO ESTADUAL DO CAMPO PROFESSOR PEDRO JOSE PUCHALSKI | T58: Educação do Campo | U58: 6 | V58: 9.8
B59: sim | C59: 40 | D59: 65.6 | I59: COLEGIO ESTADUAL DO CAMPO PROFESSORA MARIA SENEK WOSNHAKI - EFM | T59: Educação Profissional Técnica de Nível Médio | U59: 2 | V59: 3.3
B60: ausente | C60: 1 | D60: 1.6 | I60: COLEGIO ESTADUAL DO CAMPO RUI BARBOSA | T60: Total | U60: 61 | V60: 100
B61: Total | C61: 61 | D61: 100 | I61: COLEGIO ESTADUAL DO CAMPO SAO FRANCISCO DE ASSIS - EFM
I62: COLEGIO ESTADUAL DOM PEDRO II - EFM
I63: COLEGIO ESTADUAL DR OVANDE DO AMARAL EFM | T63: Quesito cor/raça no cadastro das/os profissionais
A64: 102.Existem, na Unidade Escolar, livros de literatura infantil e/ou infanto-juvenil com personagens protagonistas negros? | I64: COLÉGIO ESTADUAL ELZA SCHERNER MORO
I65: COLEGIO ESTADUAL IPE | U65: Frequência | V65: Porcentual
C66: Frequência | D66: Porcentual | I66: COLEGIO ESTADUAL JOAQUIM DE OLIVEIRA FRANCO DE MANDIRITUBA | T66: não | U66: 20 | V66: 32.8
A67: Válido | B67: não | C67: 7 | D67: 11.5 | I67: COLEGIO ESTADUAL JULIO NERONE- EFM | T67: sim | U67: 41 | V67: 67.2
B68: sim | C68: 54 | D68: 88.5 | I68: COLEGIO ESTADUAL JUSCELINO K DE OLIVEIRA - EFM | T68: Total | U68: 61 | V68: 100
B69: Total | C69: 61 | D69: 100 | I69: COLEGIO ESTADUAL JUVENTUDE DE SANTO ANTONIO - EFM
I70: COLEGIO ESTADUAL MACEDO SOARES
I71: COLEGIO ESTADUAL MIGUEL FRANCO FILHO - EFM | T71: Quesito cor/raça no cadastro das/os estudantes
A72: 103.Existem, na Unidade Escolar, livros de literatura infantil e/ou infanto-juvenil, com personagens protagonistas indígenas? | I72: Colegio Estadual Padre Francisco Belinovski
I73: COLEGIO ESTADUAL PROFESSOR JULIO SZYMANSKI - EFMPN | U73: Frequência | V73: Porcentual
C74: Frequência | D74: Porcentual | I74: COLEGIO ESTADUAL PROFESSORA HELENA WYSOCKI EFM | T74: não | U74: 1 | V74: 1.6
A75: Válido | B75: não | C75: 12 | D75: 19.7 | I75: COLEGIO ESTADUAL PROFESSORA MARIA LUIZA FRANCO PACHECO EFM | T75: sim | U75: 60 | V75: 98.4
B76: sim | C76: 49 | D76: 80.3 | I76: Colegio Estadual Professora Marilze da Luz Brand | T76: Total | U76: 61 | V76: 100
B77: Total | C77: 61 | D77: 100 | I77: COLEGIO ESTADUAL SAO CRISTOVAO – Ensino Fundamental, Medio e Profissional
I78: Colegio Estadual Sao Pedro e Sao Paulo - EFM
I79: COLEGIO ESTADUAL SEBASTIAO CARDOSO LEAL - E.F.M | T79: Etapas de Ensino atendidos pela Unidade Escolar
A80: 1072.Há algum tipo de discussão/denúncia sobre a existência de racismo, discriminação e/ou preconceito étnico e/ou racial em livros didáticos utilizados pelos estudantes? | I80: COLÉGIO ESTADUAL SHIRLEY CATARINA TAMALU MACHADO
I81: COLEGIO ESTADUAL SILVEIRA DA MOTTA | U81: Frequência
C82: Frequência | D82: Porcentual | I82: Colegio Estadual Unidade Polo | T82: EnsinoFundamentalRegular | U82: 54
A83: Válido | B83: não | C83: 51 | D83: 83.6 | I83: Colégio Estadual Vereador Angelo Gequelin-EFM | T83: EnsinoMédioRegular | U83: 49
B84: sim | C84: 8 | D84: 13.1 | I84: COLEGIO ESTADUAL VICTOR BUSSMANN | T84: EducaçãoInfantilnaModalidadeEducaçãoEspecial | U84: 1
B85: ausente | C85: 2 | D85: 3.3 | I85: ESCOLA ESTADUAL DO CAMPO ALEXANDRA PEICHO | T85: EnsinoFundamentalnaModalidadeEducaçãoEspecial | U85: 3
B86: Total | C86: 61 | D86: 100 | I86: ESCOLA ESTADUAL DR. LENIRO RIBEIRO BITTENCOURT | T86: EnsinoMédionaModalidadeEducaçãoEspecial | U86: 1
I87: Escola Estadual Inácio Schelbauer | T87: EnsinoFundamentalnaModalidadeEJA | U87: 10
I88: ESCOLA ESTADUAL VALDIVINO PAROLIN ACORDES - EF | T88: EnsinoMédionaModalidadeEJA | U88: 10
A89: 59.Há atividades que envolvam a Comunidade Escolar em Jogos, Gincanas e/ou Brincadeiras, e que tenha sua origem reconhecida como sendo de alguma etnia Indígena brasileira? | I89: Escola Estadual Ver. Dr. Francisco Cordeiro EF | T89: EnsinoFundamentalnaModalidadeEducaçãoProfissionalTécnica | U89: 1
I90: Total | K90: 61 | T90: EnsinoMédionaModalidadeEducaçãoProfissionalTécnica | U90: 4
C91: Frequência | D91: Porcentual
A92: Válido | B92: não | C92: 23 | D92: 37.7
B93: sim | C93: 38 | D93: 62.3
B94: Total | C94: 61 | D94: 100
A97: 510.Há atividades que envolvam a Comunidade Escolar em Jogos, Gincanas e/ou Brincadeiras, e tenha sua origem reconhecida como sendo de algum país do continente Africano e/ou da cultura afro-brasileira?
C99: Frequência | D99: Porcentual
A100: Válido | B100: não | C100: 18 | D100: 29.5
B101: sim | C101: 43 | D101: 70.5
B102: Total | C102: 61 | D102: 100
A105: 56.Os Materiais bibliográficos disponibilizados na escola para uso dos(as) professores(as) e estudantes possibilitam o trabalho com referenciais sobre a diversidade étnica da População Indígena?
C107: Frequência | D107: Porcentual
A108: Válido | B108: não | C108: 8 | D108: 13.1
B109: sim | C109: 53 | D109: 86.9
...

Sheet Assis Chateaubr
A1: NÚCLEO REGIONAL | B1: ESCOLAS ESTADUAIS RESPONDENTES | C1: ESCOLAS ESTADUAIS ATIVAS 2018 | D1: % DE RESPOSTAS | F1: NRE ASSIS CHATEAUB
A2: ASSIS CHATEAUBR | B2: 29 | C2: 30 | D2: 96.666667
A4: QUESTÕES UTILIZADAS PARA FORMAÇÃO DOS FATORES DE ANÁLISE
A7: 75.A Unidade Escolar ofereceu, no último ano letivo, cursos de formação para professores(as) e demais funcionários(as) da escola sobre conteúdos referentes às relações raciais e a implementação da Lei n. 10.639/2003?
C8: Frequência | D8: Porcentual | I8: Fatores | J8: variável | K8: sim | L8: não | M8: Ausente | N8: N (respondente total) | O8: E (indicador por variável) | P8: E (total fator) | Q8: Escala Interpretativa | S8: Indicador de Verificação geral | T8: E | U8: Escala Interpretativa
A9: Válido | B9: não | C9: 11 | D9: 37.9 | I9: F1 | J9: 75 | K9: =C10 -> 18 | L9: =C9 -> 11 | M9: =0 -> 0 | N9: =C11 -> 29 | O9: =(N9-(M9+L9))/N9 -> 0.62068966 | P9: =(O9+O10+O11)/3 -> 0.66666667 | Q9: Moderada (0,40 - 0,69) | S9: ERER NRE ASSIS CHATEAUBR | T9: =(O9+O10+O11+O12+O13+O14+O15+O16+O17+O18+O19+O20+O21+O22+O23)/15 -> 0.68965517 | U9: Moderada (0,40 - 0,69)
B10: sim | C10: 18 | D10: 62.1 | J10: 76 | K10: =C18 -> 20 | L10: =C17 -> 9 | M10: =0 -> 0 | N10: =C19 -> 29 | O10: =(N10-(M10+L10))/N10 -> 0.68965517
B11: Total | C11: 29 | D11: 100 | J11: 77 | K11: =C26 -> 20 | L11: =C25 -> 9 | M11: =0 -> 0 | N11: =C27 -> 29 | O11: =(N11-(M11+L11))/N11 -> 0.68965517
I12: F2 | J12: 63 | K12: =C34 -> 11 | L12: =C33 -> 18 | M12: =0 -> 0 | N12: =C35 -> 29 | O12: =(N12-(M12+L12))/N12 -> 0.37931034 | P12: =(O12+O13+O14+O15)/4 -> 0.62931034 | Q12: Moderada (0,40 - 0,69)
J13: 64 | K13: =C42 -> 8 | L13: =C41 -> 21 | M13: =0 -> 0 | N13: =C43 -> 29 | O13: =(N13-(M13+L13))/N13 -> 0.27586207
A14: 76.Essa Unidade Escolar ofereceu, no último ano letivo, cursos de formação para professores(as) e demais funcionários(as) da escola sobre conteúdos referentes às relações étnico-raciais e a implementação da Lei n. 11.645/2008? | J14: 911 | K14: =C50 -> 28 | L14: =C49 -> 1 | M14: =C51 -> 0 | N14: =C52 -> 29 | O14: =(N14-(M14+L14))/N14 -> 0.96551724
J15: 93 | K15: =C59 -> 26 | L15: =C58 -> 3 | M15: =C60 -> 0 | N15: =C61 -> 29 | O15: =(N15-(M15+L15))/N15 -> 0.89655172
C16: Frequência | D16: Porcentual | I16: F3 | J16: 1072 | K16: =C84 -> 1 | L16: =C83 -> 27 | M16: =C85 -> 1 | N16: =C86 -> 29 | O16: =(N16-(M16+L16))/N16 -> 0.034482759 | P16: =O16 -> 0.034482759 | Q16: Irrisória (0 - 0,19
A17: Válido | B17: não | C17: 9 | D17: 31 | I17: F4 | J17: 102 | K17: =C68 -> 26 | L17: =C67 -> 3 | M17: =0 -> 0 | N17: =C69 -> 29 | O17: =(N17-(M17+L17))/N17 -> 0.89655172 | P17: =(O17+O18)/2 -> 0.87931034 | Q17: Representativa (0,70 - 0,89) | S17: MUNICÍPIOS
B18: sim | C18: 20 | D18: 69 | J18: 103 | K18: =C76 -> 25 | L18: =C75 -> 4 | M18: =0 -> 0 | N18: =C77 -> 29 | O18: =(N18-(M18+L18))/N18 -> 0.86206897
B19: Total | C19: 29 | D19: 100 | I19: F5 | J19: 59 | K19: =C93 -> 16 | L19: =C92 -> 13 | M19: =0 -> 0 | N19: =C94 -> 29 | O19: =(N19-(M19+L19))/N19 -> 0.55172414 | P19: =(O19+O20)/2 -> 0.67241379 | Q19: Moderada (0,40 - 0,69) | T19: Frequência | U19: Porcentual
J20: 510 | K20: =C101 -> 23 | L20: =C100 -> 6 | M20: =0 -> 0 | N20: =C102 -> 29 | O20: =(N20-(M20+L20))/N20 -> 0.79310345 | S20: ASSIS CHATEAUBRIAND | T20: 13 | U20: 44.8
I21: F6 | J21: 56 | K21: =C109 -> 25 | L21: =C108 -> 4 | M21: =0 -> 0 | N21: =C110 -> 29 | O21: =(N21-(M21+L21))/N21 -> 0.86206897 | P21: =(O21+O22)/2 -> 0.89655172 | Q21: Expressiva (0,90 - 1,00) | S21: BRASILANDIA DO SUL | T21: 1 | U21: 3.4
A22: 77.Nessa Unidade Escolar foi realizada alguma formação, encontro ou reunião que instigasse a reflexão, por parte dos profissionais da educação, sobre seu pertencimento étnico-racial (ser branco, ser negro, ser terena, ser guarani, etc.)? | J22: 57 | K22: =C117 -> 27 | L22: =C116 -> 2 | M22: =0 -> 0 | N22: =C118 -> 29 | O22: =(N22-(M22+L22))/N22 -> 0.93103448 | S22: FORMOSA DO OESTE | T22: 5 | U22: 17.2
I23: F7 | J23: 86 | K23: =C125 -> 26 | L23: =C124 -> 1 | M23: =C126 -> 2 | N23: =C127 -> 29 | O23: =(N23-(M23+L23))/N23 -> 0.89655172 | P23: =O23 -> 0.89655172 | Q23: Expressiva (0,90 - 1,00) | S23: IRACEMA DO OESTE | T23: 1 | U23: 3.4
C24: Frequência | D24: Porcentual | S24: JESUITAS | T24: 2 | U24: 6.9
A25: Válido | B25: não | C25: 9 | D25: 31 | K25: Localização da Unidade Escolar | S25: NOVA AURORA | T25: 4 | U25: 13.8
B26: sim | C26: 20 | D26: 69 | S26: TUPASSI | T26: 3 | U26: 10.3
B27: Total | C27: 29 | D27: 100 | L27: Frequência | M27: Porcentual | S27: Total | T27: 29 | U27: 100
K28: Zona Urbana | L28: 24 | M28: 82.8
K29: Zona Rural | L29: 5 | M29: 17.2
A30: 63.Nessa Unidade Escolar desenvolvem-se pesquisas com entidades e/ou ativistas de movimentos sociais que estimulem os(as) estudantes a conhecerem a história da População Negra do Brasil? | K30: Total | L30: 29 | M30: 100
C32: Frequência | D32: Porcentual
A33: Válido | B33: não | C33: 18 | D33: 62.1 | K33: Principal modalidade de Educação adotada na Unidade Escolar
B34: sim | C34: 11 | D34: 37.9
B35: Total | C35: 29 | D35: 100 | L35: Frequência | M35: Porcentual
K36: Educação Básica (Currículo Comum Nacional) | L36: 24 | M36: 82.8
K37: Educação do Campo | L37: 3 | M37: 10.3
A38: 64.Nessa Unidade Escolar desenvolvem-se pesquisas com entidades e/ou ativistas de movimentos sociais que estimulem os(as) estudantes a conhecerem a história da População Indígena brasileira? | K38: Educação Profissional Técnica de Nível Médio | L38: 2 | M38: 6.9
K39: Total | L39: 29 | M39: 100
C40: Frequência | D40: Porcentual
A41: Válido | B41: não | C41: 21 | D41: 72.4
B42: sim | C42: 8 | D42: 27.6 | K42: Quesito cor/raça no cadastro das/os profissionais
B43: Total | C43: 29 | D43: 100
L44: Frequência | M44: Porcentual
K45: não | L45: 5 | M45: 17.2
A46: 911.O Projeto Político Pedagógico cita a temática da Educação das Relações Étnico-Raciais e/ou o ensino de História e Cultura Afro-brasileira, africana e indígena? | K46: sim | L46: 24 | M46: 82.8
K47: Total | L47: 29 | M47: 100
C48: Frequência | D48: Porcentual
A49: Válido | B49: não | C49: 1 | D49: 3.4
B50: sim | C50: 28 | D50: 96.6 | K50: Quesito cor/raça no cadastro das/os estudantes
B51: Ausente | C51: 0
B52: Total | C52: 29 | D52: 100 | L52: Frequência | M52: Porcentual
K53: não | L53: 1 | M53: 3.4
K54: sim | L54: 28 | M54: 96.6
A55: 93.O Projeto Político Pedagógico explicita o compromisso com uma educação de valorização da diversidade étnico-racial e antirracista na Unidade Escolar? | K55: Total | L55: 29 | M55: 100
C57: Frequência | D57: Porcentual
A58: Válido | B58: não | C58: 3 | D58: 10.3 | K58: Etapas de Ensino atendidos pela Unidade Escolar
B59: sim | C59: 26 | D59: 89.7
B60: Ausente | C60: 0 | M60: Frequência
B61: Total | C61: 29 | D61: 100 | K61: EnsinoFundamentalRegular | M61: 25
K62: EnsinoMédioRegular | M62: 19
K63: EnsinoFundamentalnaModalidadeEducaçãoEspecial | M63: 1
A64: 102.Existem, na Unidade Escolar, livros de literatura infantil e/ou infanto-juvenil com personagens protagonistas negros? | K64: EnsinoFundamentalnaModalidadeEJA | M64: 2
K65: EnsinoMédionaModalidadeEJA | M65: 2
C66: Frequência | D66: Porcentual | K66: EnsinoFundamentalnaModalidadeEducaçãoProfissionalTécnica | M66: 1
A67: Válido | B67: não | C67: 3 | D67: 10.3 | K67: EnsinoMédionaModalidadeEducaçãoProfissionalTécnica | M67: 3
B68: sim | C68: 26 | D68: 89.7
B69: Total | C69: 29 | D69: 100
A72: 103.Existem, na Unidade Escolar, livros de literatura infantil e/ou infanto-juvenil, com personagens protagonistas indígenas?
C74: Frequência | D74: Porcentual
A75: Válido | B75: não | C75: 4 | D75: 13.8
B76: sim | C76: 25 | D76: 86.2
B77: Total | C77: 29 | D77: 100
A80: 1072.Há algum tipo de discussão/denúncia sobre a existência de racismo, discriminação e/ou preconceito étnico e/ou racial em livros didáticos utilizados pelos estudantes?
C82: Frequência | D82: Porcentual
A83: Válido | B83: não | C83: 27 | D83: 93.1
B84: sim | C84: 1 | D84: 3.4
B85: ausente | C85: 1 | D85: 3.4
B86: Total | C86: 29 | D86: 100
A89: 59.Há atividades que envolvam a Comunidade Escolar em Jogos, Gincanas e/ou Brincadeiras, e que tenha sua origem reconhecida como sendo de alguma etnia Indígena brasileira?
C91: Frequência | D91: Porcentual
A92: Válido | B92: não | C92: 13 | D92: 44.8
B93: sim | C93: 16 | D93: 55.2
B94: Total | C94: 29 | D94: 100
A97: 510.Há atividades que envolvam a Comunidade Escolar em Jogos, Gincanas e/ou Brincadeiras, e tenha sua origem reconhecida como sendo de algum país do continente Africano e/ou da cultura afro-brasileira?
C99: Frequência | D99: Porcentual
A100: Válido | B100: não | C100: 6 | D100: 20.7
B101: sim | C101: 23 | D101: 79.3
B102: Total | C102: 29 | D102: 100
A105: 56.Os Materiais bibliográficos disponibilizados na escola para uso dos(as) professores(as) e estudantes possibilitam o trabalho com referenciais sobre a diversidade étnica da População Indígena?
C107: Frequência | D107: Porcentual
A108: Válido | B108: não | C108: 4 | D108: 13.8
B109: sim | C109: 25 | D109: 86.2
B110: Total | C110: 29 | D110: 100
A113: 57.Os Materiais bibliográficos disponibilizados na escola para uso dos(as) professores(as) e estudantes possibilitam o trabalho com referenciais sobre a diversidade e riqueza histórico-cultural da População Negra?
C115: Frequência | D115: Porcentual
A116: Válido | B116: não | C116: 2 | D116: 6.9
B117: sim | C117: 27 | D117: 93.1
B118: Total | C118: 29 | D118: 100
A121: 86.Na Unidade Escolar, há registro de projetos (disciplinares ou interdisciplinares) e/ou de trabalhos pedagógicos que já utilizaram ou utilizam os materiais para a Educação das Relações Étnico-Raciais existentes na escola?
C123: Frequência | D123: Porcentual
A124: Válido | B124: não | C124: 1 | D124: 3.4
B125: sim | C125: 26 | D125: 89.7
B126: ausente | C126: 2 | D126: 6.9
...

Sheet Campo Mourão
A1: NÚCLEO REGIONAL | B1: ESCOLAS ESTADUAIS RESPONDENTES | C1: ESCOLAS ESTADUAIS ATIVAS 2018 | D1: % DE RESPOSTAS | F1: NRE CAMPO MOURÃO
A2: CAMPO MOURAO | B2: 43 | C2: 56 | D2: 76.785714
A4: QUESTÕES UTILIZADAS PARA FORMAÇÃO DOS FATORES DE ANÁLISE
A6: 75.A Unidade Escolar ofereceu, no último ano letivo, cursos de formação para professores(as) e demais funcionários(as) da escola sobre conteúdos referentes às relações raciais e a implementação da Lei n. 10.639/2003?
C8: Frequência | D8: Porcentual | I8: Fatores | J8: variável | K8: sim | L8: não | M8: Ausente | N8: N (respondente total) | O8: E (indicador por variável) | P8: E (total fator) | Q8: Escala Interpretativa | T8: Indicador de Verificação geral | U8: E | V8: Escala Interpretativa
A9: Válido | B9: não | C9: 12 | D9: 27.9 | I9: F1 | J9: 75 | K9: =C10 -> 31 | L9: =C9 -> 12 | M9: =0 -> 0 | N9: =C11 -> 43 | O9: =(N9-(M9+L9))/N9 -> 0.72093023 | P9: =(O9+O10+O11)/3 -> 0.76744186 | Q9: Moderada (0,40 - 0,69) | T9: ERER NRE CAMPO MOURÃO | U9: =(O9+O10+O11+O12+O13+O14+O15+O16+O17+O18+O19+O20+O21+O22+O23)/15 -> 0.71317829 | V9: Representativa (0,70 - 0,89)
B10: sim | C10: 31 | D10: 72.1 | J10: 76 | K10: =C18 -> 31 | L10: =C17 -> 12 | M10: =0 -> 0 | N10: =C19 -> 43 | O10: =(N10-(M10+L10))/N10 -> 0.72093023
B11: Total | C11: 43 | D11: 100 | J11: 77 | K11: =C26 -> 37 | L11: =C25 -> 6 | M11: =0 -> 0 | N11: =C27 -> 43 | O11: =(N11-(M11+L11))/N11 -> 0.86046512
I12: F2 | J12: 63 | K12: =C34 -> 17 | L12: =C33 -> 26 | M12: =0 -> 0 | N12: =C35 -> 43 | O12: =(N12-(M12+L12))/N12 -> 0.39534884 | P12: =(O12+O13+O14+O15)/4 -> 0.65697674 | Q12: Moderada (0,40 - 0,69)
J13: 64 | K13: =C42 -> 15 | L13: =C41 -> 28 | M13: =0 -> 0 | N13: =C43 -> 43 | O13: =(N13-(M13+L13))/N13 -> 0.34883721
A14: 76.Essa Unidade Escolar ofereceu, no último ano letivo, cursos de formação para professores(as) e demais funcionários(as) da escola sobre conteúdos referentes às relações étnico-raciais e a implementação da Lei n. 11.645/2008? | J14: 911 | K14: =C50 -> 42 | L14: =C49 -> 1 | M14: =C51 -> 0 | N14: =C52 -> 43 | O14: =(N14-(M14+L14))/N14 -> 0.97674419 | T14: Nome da Unidade Escolar
J15: 93 | K15: =C59 -> 39 | L15: =C58 -> 4 | M15: =C60 -> 0 | N15: =C61 -> 43 | O15: =(N15-(M15+L15))/N15 -> 0.90697674
C16: Frequência | D16: Porcentual | I16: F3 | J16: 1072 | K16: =C84 -> 5 | L16: =C83 -> 37 | M16: =C85 -> 1 | N16: =C86 -> 43 | O16: =(N16-(M16+L16))/N16 -> 0.11627907 | P16: =O16 -> 0.11627907 | Q16: Irrisória (0 - 0,19
A17: Válido | B17: não | C17: 12 | D17: 27.9 | I17: F4 | J17: 102 | K17: =C68 -> 36 | L17: =C67 -> 7 | M17: =0 -> 0 | N17: =C69 -> 43 | O17: =(N17-(M17+L17))/N17 -> 0.8372093 | P17: =(O17+O18)/2 -> 0.8372093 | Q17: Representativa (0,70 - 0,89) | T17: CEEBJA Elias Abrahão
B18: sim | C18: 31 | D18: 72.1 | J18: 103 | K18: =C76 -> 36 | L18: =C75 -> 7 | M18: =0 -> 0 | N18: =C77 -> 43 | O18: =(N18-(M18+L18))/N18 -> 0.8372093 | T18: CENTRO ESTADUAL DE EDUCACAO BASICA PARA JO0VENS E ADULTOS DE CAMPO MOURAO
B19: Total | C19: 43 | D19: 100 | I19: F5 | J19: 59 | K19: =C93 -> 26 | L19: =C92 -> 17 | M19: =0 -> 0 | N19: =C94 -> 43 | O19: =(N19-(M19+L19))/N19 -> 0.60465116 | P19: =(O19+O20)/2 -> 0.68604651 | Q19: Representativa (0,70 - 0,89) | T19: CENTRO ESTADUAL DE EDUCACAO PROFISSIONAL AGRICOLA DE CAMPO MOURAO
J20: 510 | K20: =C101 -> 33 | L20: =C100 -> 10 | M20: =0 -> 0 | N20: =C102 -> 43 | O20: =(N20-(M20+L20))/N20 -> 0.76744186 | T20: COLÉGIO ESTADUA PREFEITO ANTONIO TEODORO DE OLIVEIRA - EFM
I21: F6 | J21: 56 | K21: =C109 -> 39 | L21: =C108 -> 4 | M21: =0 -> 0 | N21: =C110 -> 43 | O21: =(N21-(M21+L21))/N21 -> 0.90697674 | P21: =(O21+O22)/2 -> 0.90697674 | Q21: Expressiva (0,90 - 1,00) | T21: Colegio Estadual do Campo Salles de Oliveira-EFM.
A22: 77.Nessa Unidade Escolar foi realizada alguma formação, encontro ou reunião que instigasse a reflexão, por parte dos profissionais da educação, sobre seu pertencimento étnico-racial (ser branco, ser negro, ser terena, ser guarani, etc.)? | J22: 57 | K22: =C117 -> 39 | L22: =C116 -> 4 | M22: =0 -> 0 | N22: =C118 -> 43 | O22: =(N22-(M22+L22))/N22 -> 0.90697674 | T22: COLEGIO ESTADUAL ADAUCTO DA SILVA ROCHA - EFM
I23: F7 | J23: 86 | K23: =C125 -> 34 | L23: =C124 -> 4 | M23: =C126 -> 5 | N23: =C127 -> 43 | O23: =(N23-(M23+L23))/N23 -> 0.79069767 | P23: =O23 -> 0.79069767 | Q23: Representativa (0,70 - 0,89) | T23: COLEGIO ESTADUAL ALBERTO SANTOS DUMONT - EFMP.
C24: Frequência | D24: Porcentual | T24: COLEGIO ESTADUAL ALTAMIRA DO PARANÁ EFM
A25: Válido | B25: não | C25: 6 | D25: 14 | T25: COLÉGIO ESTADUAL ANIBAL KHURY E.F.M
B26: sim | C26: 37 | D26: 86 | I26: MUNICÍPIOS | T26: COLÉGIO ESTADUAL CAMPINA DA LAGOA-EFMPN
B27: Total | C27: 43 | D27: 100 | T27: COLEGIO ESTADUAL CORUMATAI DO SUL E.F.M
J28: Frequência | K28: Porcentual | T28: COLÉGIO ESTADUAL CULTURA UNIVERSAL. E.F.M.
I29: ALTAMIRA DO PARANA | J29: 1 | K29: 2.3 | T29: COLEGIO ESTADUAL DO CAMPO DE ALTO SAO JOAO - EFM
A30: 63.Nessa Unidade Escolar desenvolvem-se pesquisas com entidades e/ou ativistas de movimentos sociais que estimulem os(as) estudantes a conhecerem a história da População Negra do Brasil? | I30: ARARUNA | J30: 2 | K30: 4.7 | T30: COLEGIO ESTADUAL DO CAMPO DE BOURBONIA
I31: BARBOSA FERRAZ | J31: 4 | K31: 9.3 | T31: COLÉGIO ESTADUAL DO CAMPO GABRIEL SEGUNDO SCIPIONE- EFM
C32: Frequência | D32: Porcentual | I32: CAMPINA DA LAGOA | J32: 4 | K32: 9.3 | T32: COLÉGIO ESTADUAL DO CAMPO JOANA DARC ENSINO FUNDAMENTAL E MÉDIO
A33: Válido | B33: não | C33: 26 | D33: 60.5 | I33: CAMPO MOURAO | J33: 8 | K33: 18.6 | T33: COLEGIO ESTADUAL DO CAMPO RUI BARBOSA-EFM
B34: sim | C34: 17 | D34: 39.5 | I34: CORUMBATAI DO SUL | J34: 1 | K34: 2.3 | T34: COLEGIO ESTADUAL DO CAMPO SANTO REI ENSINO FUNDAMENTAL E MEDIO
B35: Total | C35: 43 | D35: 100 | I35: ENGENHEIRO BELTRAO | J35: 6 | K35: 14 | T35: COLÉGIO ESTADUAL DO CAMPO SÃO LUÍZ GONZAGA
I36: FAROL | J36: 1 | K36: 2.3 | T36: COLEGIO ESTADUAL DOM BOSCO - EFMP
I37: IRETAMA | J37: 4 | K37: 9.3 | T37: Colegio Estadual Dr Osvaldo Cruz
A38: 64.Nessa Unidade Escolar desenvolvem-se pesquisas com entidades e/ou ativistas de movimentos sociais que estimulem os(as) estudantes a conhecerem a história da População Indígena brasileira? | I38: LUIZIANA | J38: 1 | K38: 2.3 | T38: COLÉGIO ESTADUAL GENERAL CARNEIRO - EFMP
I39: MAMBORE | J39: 3 | K39: 7 | T39: COLEGIO ESTADUAL JOAO XXIII - EFM
C40: Frequência | D40: Porcentual | I40: NOVA CANTU | J40: 3 | K40: 7 | T40: COLEGIO ESTADUAL JOSE SARMENTO FILHO- EFN.
A41: Válido | B41: não | C41: 28 | D41: 65.1 | I41: PEABIRU | J41: 1 | K41: 2.3 | T41: COLÉGIO ESTADUAL LUZIA GARCIA VILLAR - EFM
B42: sim | C42: 15 | D42: 34.9 | I42: RONCADOR | J42: 4 | K42: 9.3 | T42: Colégio Estadual Machado de Assis de Barbosa Ferraz
B43: Total | C43: 43 | D43: 100 | I43: Total | J43: 43 | K43: 100 | T43: COLÉGIO ESTADUAL NAPOLEÃO BATISTA SOBRINHO
T44: COLEGIO ESTADUAL NOVO HORIZONTE - EFM
T45: COLEGIO ESTADUAL OLAVO BILAC -ENSINO FUNDAMENTAL, MEDIO E NORMAL
A46: 911.O Projeto Político Pedagógico cita a temática da Educação das Relações Étnico-Raciais e/ou o ensino de História e Cultura Afro-brasileira, africana e indígena? | T46: COLEGIO ESTADUAL PADRE ANTONIO VIEIRA -EM
I47: Localização da Unidade Escolar | T47: COLEGIO ESTADUAL PRINCESA ISABEL - EM
C48: Frequência | D48: Porcentual | T48: COLEGIO ESTADUAL PROFESSOR DARCY JOSÉ COSTA - EFM
A49: Válido | B49: não | C49: 1 | D49: 2.3 | J49: Frequência | K49: Porcentual | T49: COLEGIO ESTADUAL PROFESSOR JOAO FARIAS DA COSTA - EFM
B50: sim | C50: 42 | D50: 97.7 | I50: Zona Urbana | J50: 30 | K50: 69.8 | T50: COLEGIO ESTADUAL PROFESSORA IVONE SOARES CASTANHARO
B51: Ausente | C51: 0 | I51: Zona Rural | J51: 13 | K51: 30.2 | T51: Colégio Estadual Ulysses Guimarães -EFMN
B52: Total | C52: 43 | D52: 100 | I52: Total | J52: 43 | K52: 100 | T52: Escola Estadual Arthur Ramos - EF
T53: Escola Estadual do Campo Bento Munhoz da Rocha Neto - EF
T54: ESCOLA ESTADUAL DO CAMPO DE MARILU - E.F.
A55: 93.O Projeto Político Pedagógico explicita o compromisso com uma educação de valorização da diversidade étnico-racial e antirracista na Unidade Escolar? | T55: Escola Estadual do Campo de Paraíso do Sul.
I56: Principal modalidade de Educação adotada na Unidade Escolar | T56: Escola Estadual do Campo Getulio Vargas Ensino Fundamental
C57: Frequência | D57: Porcentual | T57: ESCOLA ESTADUAL DO CAMPO PALMITAL DO 43 - EF
A58: Válido | B58: não | C58: 4 | D58: 9.3 | J58: Frequência | K58: Porcentual | T58: ESCOLA ESTADUAL RUI BARBOSA - ENSINO FUNDAMENTAL
B59: sim | C59: 39 | D59: 90.7 | I59: Educação Básica (Currículo Comum Nacional) | J59: 30 | K59: 69.8 | T59: ESCOLA ESTADUAL VILA CASTELO BRANCO - ENSINO FUNDAMENTAL
B60: Ausente | C60: 0 | I60: Educação do Campo | J60: 12 | K60: 27.9 | T60: Total | V60: 43 | W60: 100
B61: Total | C61: 43 | D61: 100 | I61: Educação Profissional Técnica de Nível Médio | J61: 1 | K61: 2.3
I62: Total | J62: 43 | K62: 100
A64: 102.Existem, na Unidade Escolar, livros de literatura infantil e/ou infanto-juvenil com personagens protagonistas negros?
I65: Quesito cor/raça no cadastro das/os profissionais
C66: Frequência | D66: Porcentual
A67: Válido | B67: não | C67: 7 | D67: 16.3 | J67: Frequência | K67: Porcentual
B68: sim | C68: 36 | D68: 83.7 | I68: Não | J68: 6 | K68: 14
B69: Total | C69: 43 | D69: 100 | I69: Sim | J69: 37 | K69: 86
I70: Total | J70: 43 | K70: 100
A72: 103.Existem, na Unidade Escolar, livros de literatura infantil e/ou infanto-juvenil, com personagens protagonistas indígenas?
I73: Quesito cor/raça no cadastro das/os estudantes
C74: Frequência | D74: Porcentual
A75: Válido | B75: não | C75: 7 | D75: 16.3 | J75: Frequência | K75: Porcentual
B76: sim | C76: 36 | D76: 83.7 | I76: sim | J76: 43 | K76: 100
B77: Total | C77: 43 | D77: 100
I79: Etapas de Ensino atendidos pela Unidade Escolar
A80: 1072.Há algum tipo de discussão/denúncia sobre a existência de racismo, discriminação e/ou preconceito étnico e/ou racial em livros didáticos utilizados pelos estudantes?
K81: Frequência
C82: Frequência | D82: Porcentual | I82: EducaçãoInfantilRegular | K82: 2
A83: Válido | B83: não | C83: 37 | D83: 86 | I83: EnsinoFundamentalRegular | K83: 35
B84: sim | C84: 5 | D84: 11.6 | I84: EnsinoMédioRegular | K84: 29
B85: ausente | C85: 1 | D85: 2.3 | I85: EnsinoFundamentalnaModalidadeEducaçãoEspecial | K85: 2
B86: Total | C86: 43 | D86: 100 | I86: EnsinoMédionaModalidadeEducaçãoEspecial | K86: 1
I87: EnsinoFundamentalnaModalidadeEJA | K87: 9
I88: EnsinoMédionaModalidadeEJA | K88: 8
A89: 59.Há atividades que envolvam a Comunidade Escolar em Jogos, Gincanas e/ou Brincadeiras, e que tenha sua origem reconhecida como sendo de alguma etnia Indígena brasileira? | I89: EnsinoMédionaModalidadeEducaçãoProfissionalTécnica | K89: 6
C91: Frequência | D91: Porcentual
A92: Válido | B92: não | C92: 17 | D92: 39.5
B93: sim | C93: 26 | D93: 60.5
B94: Total | C94: 43 | D94: 100
A97: 510.Há atividades que envolvam a Comunidade Escolar em Jogos, Gincanas e/ou Brincadeiras, e tenha sua origem reconhecida como sendo de algum país do continente Africano e/ou da cultura afro-brasileira?
C99: Frequência | D99: Porcentual
A100: Válido | B100: não | C100: 10 | D100: 23.3
B101: sim | C101: 33 | D101: 76.7
B102: Total | C102: 43 | D102: 100
A105: 56.Os Materiais bibliográficos disponibilizados na escola para uso dos(as) professores(as) e estudantes possibilitam o trabalho com referenciais sobre a diversidade étnica da População Indígena?
C107: Frequência | D107: Porcentual
A108: Válido | B108: não | C108: 4 | D108: 9.3
B109: sim | C109: 39 | D109: 90.7
B110: Total | C110: 43 | D110: 100
A113: 57.Os Materiais bibliográficos disponibilizados na escola para uso dos(as) professores(as) e estudantes possibilitam o trabalho com referenciais sobre a diversidade e riqueza histórico-cultural da População Negra?
C115: Frequência | D115: Porcentual
A116: Válido | B116: não | C116: 4 | D116: 9.3
...

Sheet Cascavel
A1: NÚCLEO REGIONAL | B1: ESCOLAS ESTADUAIS RESPONDENTES | C1: ESCOLAS ESTADUAIS ATIVAS 2018 | D1: % DE RESPOSTAS | F1: NRE CASCAVEL
A2: CASCAVEL | B2: 76 | C2: 93 | D2: =B2*100/C2 -> 81.72043
A4: QUESTÕES UTILIZADAS PARA FORMAÇÃO DOS FATORES DE ANÁLISE
A6: 75.A Unidade Escolar ofereceu, no último ano letivo, cursos de formação para professores(as) e demais funcionários(as) da escola sobre conteúdos referentes às relações raciais e a implementação da Lei n. 10.639/2003?
C8: Frequência | D8: Porcentual | I8: Fatores | J8: variável | K8: sim | L8: não | M8: Ausente | N8: N (respondente total) | O8: E (indicador por variável) | P8: E (total fator) | Q8: Escala Interpretativa | T8: Indicador de Verificação geral | U8: E | V8: Escala Interpretativa
A9: Válido | B9: não | C9: 25 | D9: 32.9 | I9: F1 | J9: 75 | K9: =C10 -> 51 | L9: =C9 -> 25 | M9: =0 -> 0 | N9: =C11 -> 76 | O9: =(N9-(M9+L9))/N9 -> 0.67105263 | P9: =(O9+O10+O11)/3 -> 0.70175439 | Q9: Representativa (0,70 - 0,89) | T9: ERER NRE CASCAVEL | U9: =(O9+O10+O11+O12+O13+O14+O15+O16+O17+O18+O19+O20+O21+O22+O23)/15 -> 0.71754386 | V9: Representativa (0,70 - 0,89)
B10: sim | C10: 51 | D10: 67.1 | J10: 76 | K10: =C18 -> 52 | L10: =C17 -> 24 | M10: =0 -> 0 | N10: =C19 -> 76 | O10: =(N10-(M10+L10))/N10 -> 0.68421053
B11: Total | C11: 76 | D11: 100 | J11: 77 | K11: =C26 -> 57 | L11: =C25 -> 19 | M11: =0 -> 0 | N11: =C27 -> 76 | O11: =(N11-(M11+L11))/N11 -> 0.75
I12: F2 | J12: 63 | K12: =C34 -> 44 | L12: =C33 -> 32 | M12: =0 -> 0 | N12: =C35 -> 76 | O12: =(N12-(M12+L12))/N12 -> 0.57894737 | P12: =(O12+O13+O14+O15)/4 -> 0.72039474 | Q12: Representativa (0,70 - 0,89)
J13: 64 | K13: =C42 -> 39 | L13: =C41 -> 37 | M13: =0 -> 0 | N13: =C43 -> 76 | O13: =(N13-(M13+L13))/N13 -> 0.51315789
A14: 76.Essa Unidade Escolar ofereceu, no último ano letivo, cursos de formação para professores(as) e demais funcionários(as) da escola sobre conteúdos referentes às relações étnico-raciais e a implementação da Lei n. 11.645/2008? | J14: 911 | K14: =C50 -> 72 | L14: =C49 -> 4 | M14: =C51 -> 0 | N14: =C52 -> 76 | O14: =(N14-(M14+L14))/N14 -> 0.94736842
J15: 93 | K15: =C59 -> 64 | L15: =C58 -> 12 | M15: =C60 -> 0 | N15: =C61 -> 76 | O15: =(N15-(M15+L15))/N15 -> 0.84210526
C16: Frequência | D16: Porcentual | I16: F3 | J16: 1072 | K16: =C84 -> 9 | L16: =C83 -> 66 | M16: =C85 -> 1 | N16: =C86 -> 76 | O16: =(N16-(M16+L16))/N16 -> 0.11842105 | P16: =O16 -> 0.11842105 | Q16: Irrisória (0 - 0,19 | T16: Nome da Unidade Escolar
A17: Válido | B17: não | C17: 24 | D17: 31.6 | I17: F4 | J17: 102 | K17: =C68 -> 69 | L17: =C67 -> 7 | M17: =0 -> 0 | N17: =C69 -> 76 | O17: =(N17-(M17+L17))/N17 -> 0.90789474 | P17: =(O17+O18)/2 -> 0.86842105 | Q17: Representativa (0,70 - 0,89)
B18: sim | C18: 52 | D18: 68.4 | J18: 103 | K18: =C76 -> 63 | L18: =C75 -> 13 | M18: =0 -> 0 | N18: =C77 -> 76 | O18: =(N18-(M18+L18))/N18 -> 0.82894737
B19: Total | C19: 76 | D19: 100 | I19: F5 | J19: 59 | K19: =C93 -> 51 | L19: =C92 -> 25 | M19: =0 -> 0 | N19: =C94 -> 76 | O19: =(N19-(M19+L19))/N19 -> 0.67105263 | P19: =(O19+O20)/2 -> 0.73026316 | Q19: Representativa (0,70 - 0,89) | T19: CEEBJA - PROFESSOR ALBANO TOMASINI
J20: 510 | K20: =C101 -> 60 | L20: =C100 -> 16 | M20: =0 -> 0 | N20: =C102 -> 76 | O20: =(N20-(M20+L20))/N20 -> 0.78947368 | T20: CEEBJA PROFESSORA ALCI ASSUNTA CERESOLI STEUERNAGEL ENSINO FUNDAMENTAL E MÉDIO
I21: F6 | J21: 56 | K21: =C109 -> 66 | L21: =C108 -> 10 | M21: =0 -> 0 | N21: =C110 -> 76 | O21: =(N21-(M21+L21))/N21 -> 0.86842105 | P21: =(O21+O22)/2 -> 0.90131579 | Q21: Expressiva (0,90 - 1,00) | T21: CEEBJA PROFESSORA JOAQUINA MATTOS BRANCO
A22: 77.Nessa Unidade Escolar foi realizada alguma formação, encontro ou reunião que instigasse a reflexão, por parte dos profissionais da educação, sobre seu pertencimento étnico-racial (ser branco, ser negro, ser terena, ser guarani, etc.)? | J22: 57 | K22: =C117 -> 71 | L22: =C116 -> 5 | M22: =0 -> 0 | N22: =C118 -> 76 | O22: =(N22-(M22+L22))/N22 -> 0.93421053 | T22: CEEBJA WILSON ANTONIO NEDUZIAK
I23: F7 | J23: 86 | K23: =C125 -> 50 | L23: =C124 -> 7 | M23: =C126 -> 19 | N23: =C127 -> 76 | O23: =(N23-(M23+L23))/N23 -> 0.65789474 | P23: =O23 -> 0.65789474 | Q23: Moderada (0,40 - 0,69) | T23: CENTRO ESTADUAL DE EDUCAÇÃO PROFISSIONAL PEDRO BOARETTO NETO
C24: Frequência | D24: Porcentual | T24: COLEGIO ESTADUAL ANTONIO DE CASTRO ALVES, ENSINO FUNDAMENTAL E MEDIO
A25: Válido | B25: não | C25: 19 | D25: 25 | T25: Colegio Estadual Sao Cristovao
B26: sim | C26: 57 | D26: 75 | I26: MUNICÍPIOS | T26: COLEGIO ESTADUAL ACQUILINO MASSOCHIN
B27: Total | C27: 76 | D27: 100 | T27: COLEGIO ESTADUAL ALBERTO SANTOS DUMONT
J28: Frequência | K28: Porcentual | T28: Colégio Estadual Amâncio Moro EFMNP
I29: ANAHY | J29: 1 | K29: 1.3 | T29: COLEGIO ESTADUAL CARLOS ARGEMIRO CAMARGO - EFM
A30: 63.Nessa Unidade Escolar desenvolvem-se pesquisas com entidades e/ou ativistas de movimentos sociais que estimulem os(as) estudantes a conhecerem a história da População Negra do Brasil? | I30: BOA VISTA DA APARECIDA | J30: 3 | K30: 3.9 | T30: Colegio Estadual Cataratas - EFM
I31: BRAGANEY | J31: 2 | K31: 2.6 | T31: Colegio Estadual Desembargador Antonio Franco Ferreira da Costa
C32: Frequência | D32: Porcentual | I32: CAFELANDIA | J32: 3 | K32: 3.9 | T32: COLEGIO ESTADUAL DO CAMPO ALTO ALEGRE DO IGUACU
A33: Válido | B33: não | C33: 32 | D33: 42.1 | I33: CAMPO BONITO | J33: 2 | K33: 2.6 | T33: COLÉGIO ESTADUAL DO CAMPO BENJAMIM ANTONIO MOTTER
B34: sim | C34: 44 | D34: 57.9 | I34: CAPITAO LEONIDAS MARQUES | J34: 5 | K34: 6.6 | T34: COLEGIO ESTADUAL DO CAMPO DE JUVINOPOLIS
B35: Total | C35: 76 | D35: 100 | I35: CASCAVEL | J35: 31 | K35: 40.8 | T35: COLEGIO ESTADUAL DO CAMPO DE RIO DO SALTO-EFM
I36: CATANDUVAS | J36: 4 | K36: 5.3 | T36: COLEGIO ESTADUAL DO CAMPO JOSE DE ALENCAR - EFMN
I37: CEU AZUL | J37: 2 | K37: 2.6 | T37: COLÉGIO ESTADUAL DO CAMPO lONGUINÓPOLIS/EFM
A38: 64.Nessa Unidade Escolar desenvolvem-se pesquisas com entidades e/ou ativistas de movimentos sociais que estimulem os(as) estudantes a conhecerem a história da População Indígena brasileira? | I38: CORBELIA | J38: 3 | K38: 3.9 | T38: COLEGIO ESTADUAL DO CAMPO NOVA UNIAO - EFM.
I39: GUARANIACU | J39: 6 | K39: 7.9 | T39: COLEGIO ESTADUAL DO CAMPO OCTAVIO TOZO - EFM
C40: Frequência | D40: Porcentual | I40: IBEMA | J40: 1 | K40: 1.3 | T40: COLEGIO ESTADUAL DO CAMPO OLAVO BILAC - EFM
A41: Válido | B41: não | C41: 37 | D41: 48.7 | I41: LINDOESTE | J41: 2 | K41: 2.6 | T41: COLÉGIO ESTADUAL DO CAMPO OTAVIO FOLDA - EFM
B42: sim | C42: 39 | D42: 51.3 | I42: SANTA LUCIA | J42: 2 | K42: 2.6 | T42: COLEGIO ESTADUAL DO CAMPO PEDRO ERNESTO GARLET - EFM
B43: Total | C43: 76 | D43: 100 | I43: SANTA TEREZA DO OESTE | J43: 3 | K43: 3.9 | T43: COLÉGIO ESTADUAL DO CAMPO PEDRO LUIZ MESSIAS ENSINO FUNDAMENTAL E MÉDIO
I44: TRES BARRAS DO PARANA | J44: 4 | K44: 5.3 | T44: COLÉGIO ESTADUAL DO CAMPO REASSENTAMENTO SÃO MARCOS
I45: VERA CRUZ DO OESTE | J45: 2 | K45: 2.6 | T45: COLÉGIO ESTADUAL DR. JOÃO FERREIRA NEVES - EF/EM
A46: 911.O Projeto Político Pedagógico cita a temática da Educação das Relações Étnico-Raciais e/ou o ensino de História e Cultura Afro-brasileira, africana e indígena? | I46: Total | J46: 76 | K46: 100 | T46: COLEGIO ESTADUAL ELEODORO EBANO PEREIRA ENSINO FUNDAMENTAL MEDIO E PROFISSIONAL
T47: COLEGIO ESTADUAL HORACIO RIBEIRO DOS REIS
C48: Frequência | D48: Porcentual | T48: COLÉGIO ESTADUAL IEDA BAGGIO MAYER
A49: Válido | B49: não | C49: 4 | D49: 5.3 | I49: Localização da Unidade Escolar | T49: Colégio Estadual Itagiba Fortunato
B50: sim | C50: 72 | D50: 94.7 | T50: COLEGIO ESTADUAL JARDIM CONSOLATA
B51: Ausente | C51: 0 | J51: Frequência | K51: Porcentual | T51: COLEGIO ESTADUAL JARDIM INTERLAGOS
B52: Total | C52: 76 | D52: 100 | I52: Zona Urbana | J52: 50 | K52: 65.8 | T52: COLEGIO ESTADUAL JARDIM SANTA FELICIDADE - EFM
I53: Zona Rural | J53: 26 | K53: 34.2 | T53: Colegio Estadual José Ângelo Baggio Orso Ensino Fundamental e Médio
I54: Total | J54: 76 | K54: 100 | T54: COLEGIO ESTADUAL JOSE BONIFACIO
A55: 93.O Projeto Político Pedagógico explicita o compromisso com uma educação de valorização da diversidade étnico-racial e antirracista na Unidade Escolar? | T55: COLEGIO ESTADUAL JOSE BONIFACIO - EFM
T56: COLEGIO ESTADUAL JOSE DE ANCHIETA ENSINO FUNDAMENTAL E MEDIO
C57: Frequência | D57: Porcentual | I57: Localização diferencia da Unidade Escolar | T57: COLÉGIO ESTADUAL JÚLIA WANDERLEY- EFM
A58: Válido | B58: não | C58: 12 | D58: 15.8 | T58: COLEGIO ESTADUAL LINDOESTE - EFM
B59: sim | C59: 64 | D59: 84.2 | J59: Frequência | K59: Porcentual | T59: COLÉGIO ESTADUAL MARCOS CLAUDIO SCHUSTER
B60: Ausente | C60: 0 | I60: Não se aplica | J60: 74 | K60: 97.4 | T60: COLÉGIO ESTADUAL MARIA DESTÉFANI GRIGGIO EFM
B61: Total | C61: 76 | D61: 100 | I61: Área de Assentamento | J61: 1 | K61: 1.3 | T61: COLEGIO ESTADUAL MARILIS FARIA PIROTELLI
I62: Penitenciária e/ou C | J62: 1 | K62: 1.3 | T62: Colégio Estadual Marquês de Paranaguá Ensino Fundamental, Médio e Profissionalizante
I63: Total | J63: 76 | K63: 100 | T63: COLEGIO ESTADUAL OLINDA TRUFFA DE CARVALHO
A64: 102.Existem, na Unidade Escolar, livros de literatura infantil e/ou infanto-juvenil com personagens protagonistas negros? | T64: COLÉGIO ESTADUAL OLIVO FRACARO
T65: COLEGIO ESTADUAL ORLANDO LUIZ ZAMPRONIO
C66: Frequência | D66: Porcentual | I66: Principal modalidade de Educação adotada na Unidade Escolar | T66: COLEGIO ESTADUAL PACAEMBU-EFM
A67: Válido | B67: não | C67: 7 | D67: 9.2 | T67: COLÉGIO ESTADUAL PADRE CARMELO PERRONE
B68: sim | C68: 69 | D68: 90.8 | J68: Frequência | K68: Porcentual | T68: COLÉGIO ESTADUAL PADRE PEDRO CANÍSIO HENZ
B69: Total | C69: 76 | D69: 100 | I69: Educação Básica (Currículo Comum Nacional) | J69: 54 | K69: 71.1 | T69: COLEGIO ESTADUAL PAULO VI - EFM
I70: Educação do Campo | J70: 19 | K70: 25 | T70: COLEGIO ESTADUAL PRINCESA IZABEL ENSINO FUNDAMENTAL MEDIO E NORMAL
I71: Educação Profissional Técnica de Nível Médio | J71: 3 | K71: 3.9 | T71: Colégio Estadual Professor Francisco LIma da Silva EFMP
A72: 103.Existem, na Unidade Escolar, livros de literatura infantil e/ou infanto-juvenil, com personagens protagonistas indígenas? | I72: Total | J72: 76 | K72: 100 | T72: COLEGIO ESTADUAL SANTA TEREZA DO OESTE - ENSINO FUNDAMENTAL E MEDIO
T73: colegio Estadual Santos Dumont - Cascavel
C74: Frequência | D74: Porcentual | T74: COLEGIO ESTADUAL VITAL BRASIL - EFMN
A75: Válido | B75: não | C75: 13 | D75: 17.1 | I75: Quesito cor/raça no cadastro das/os profissionais | T75: COLEGIO ESTADUAL WILSON JOFFRE
B76: sim | C76: 63 | D76: 82.9 | T76: Escola Estadual Cielito Lindo - Ensino Fundamental
B77: Total | C77: 76 | D77: 100 | J77: Frequência | K77: Porcentual | T77: Escola Estadual de Boa Vista - EF
I78: Não | J78: 8 | K78: 10.5 | T78: ESCOLA ESTADUAL DO CAMPO ARTUR AGOSTINI - ENSINO FUNDAMENTAL
I79: Sim | J79: 68 | K79: 89.5 | T79: Escola Estadual do Campo Bela Vista - EF
A80: 1072.Há algum tipo de discussão/denúncia sobre a existência de racismo, discriminação e/ou preconceito étnico e/ou racial em livros didáticos utilizados pelos estudantes? | I80: Total | J80: 76 | K80: 100 | T80: Escola Estadual do Campo de Alto Alegre - Ensino Fundamental
T81: ESCOLA ESTADUAL DO CAMPO DE BARRA BONITA- EF
C82: Frequência | D82: Porcentual | T82: ESCOLA ESTADUAL DO CAMPO DE LINHA SANTA CATARINA - ENSINO FUNDAMENTAL
A83: Válido | B83: não | C83: 66 | D83: 86.8 | I83: Quesito cor/raça no cadastro das/os estudantes | T83: Escola Estadual do Campo Dom Pedro II
B84: sim | C84: 9 | D84: 11.8 | T84: ESCOLA ESTADUAL DO CAMPO FREI GABRIELANGELO
B85: ausente | C85: 1 | D85: 1.3 | J85: Frequência | K85: Porcentual | T85: ESCOLA ESTADUAL DO CAMPO JANGADA DA TABORDA - EF
B86: Total | C86: 76 | D86: 100 | I86: sim | J86: 76 | K86: 100 | T86: ESCOLA ESTADUAL DO CAMPO LINHA PROGRESSO ENSINO FUNDAMENTAL
T87: Escola Estadual do Campo Nossa Senhora da Salete
T88: ESCOLA ESTADUAL DO CAMPO PLANALTINA
A89: 59.Há atividades que envolvam a Comunidade Escolar em Jogos, Gincanas e/ou Brincadeiras, e que tenha sua origem reconhecida como sendo de alguma etnia Indígena brasileira? | I89: Etapas de Ensino atendidos pela Unidade Escolar | T89: ESCOLA ESTADUAL DO CAMPO PROFESSORA MARIA DE LOURDES VIEIRA ANDRADE
T90: ESCOLA ESTADUAL DO CAMPO SANTA MARIA
C91: Frequência | D91: Porcentual | K91: Frequência | T91: ESCOLA ESTADUAL DO CAMPO SAO FRANCISCO DE ASSIS
A92: Válido | B92: não | C92: 25 | D92: 32.9 | I92: EnsinoFundamentalRegular | K92: 71 | T92: ESCOLA ESTADUAL DO CAMPO SÃO SALVADOR - EF
B93: sim | C93: 51 | D93: 67.1 | I93: EnsinoMédioRegular | K93: 52 | T93: ESCOLA ESTADUAL DO CAMPO SÃO SEBASTIÃO
B94: Total | C94: 76 | D94: 100 | I94: EnsinoFundamentalnaModalidadeEducaçãoEspecial | K94: 10 | T94: ESCOLA ESTADUAL PROFESSORA DILMA KROHLING ANGELICO - ENSINO FUNDAMENTAL
I95: EnsinoMédionaModalidadeEducaçãoEspecial | K95: 6 | T95: Total | V95: 76 | W95: 100
I96: EnsinoFundamentalnaModalidadeEJA | K96: 9
A97: 510.Há atividades que envolvam a Comunidade Escolar em Jogos, Gincanas e/ou Brincadeiras, e tenha sua origem reconhecida como sendo de algum país do continente Africano e/ou da cultura afro-brasileira? | I97: EnsinoMédionaModalidadeEJA | K97: 9
I98: EnsinoFundamentalnaModalidadeEducaçãoProfissionalTécnica | K98: 2
C99: Frequência | D99: Porcentual | I99: EnsinoMédionaModalidadeEducaçãoProfissionalTécnica | K99: 11
A100: Válido | B100: não | C100: 16 | D100: 21.1 | I100: EJAemsituaçãodeprivaçãodeliberdade | K100: 2
B101: sim | C101: 60 | D101: 78.9
B102: Total | C102: 76 | D102: 100
A105: 56.Os Materiais bibliográficos disponibilizados na escola para uso dos(as) professores(as) e estudantes possibilitam o trabalho com referenciais sobre a diversidade étnica da População Indígena?
...

Sheet Cianorte
A1: NÚCLEO REGIONAL | B1: ESCOLAS ESTADUAIS RESPONDENTES | C1: ESCOLAS ESTADUAIS ATIVAS 2018 | D1: % DE RESPOSTAS | F1: NRE CIANORTE
A2: CIANORTE | B2: 31 | C2: 33 | D2: 93.939394
A4: QUESTÕES UTILIZADAS PARA FORMAÇÃO DOS FATORES DE ANÁLISE
A6: 75.A Unidade Escolar ofereceu, no último ano letivo, cursos de formação para professores(as) e demais funcionários(as) da escola sobre conteúdos referentes às relações raciais e a implementação da Lei n. 10.639/2003?
C8: Frequência | D8: Porcentual | I8: Fatores | J8: variável | K8: sim | L8: não | M8: Ausente | N8: N (respondente total) | O8: E (indicador por variável) | P8: E (total fator) | Q8: Escala Interpretativa | T8: Indicador de Verificação geral | U8: E | V8: Escala Interpretativa
A9: Válido | B9: não | C9: 13 | D9: 41.9 | I9: F1 | J9: 75 | K9: =C10 -> 18 | L9: =C9 -> 13 | M9: =0 -> 0 | N9: =C11 -> 31 | O9: =(N9-(M9+L9))/N9 -> 0.58064516 | P9: =(O9+O10+O11)/3 -> 0.6344086 | Q9: Moderada (0,40 - 0,69) | T9: ERER NRE CIANORTE | U9: =(O9+O10+O11+O12+O13+O14+O15+O16+O17+O18+O19+O20+O21+O22+O23)/15 -> 0.69247312 | V9: Moderada (0,40 - 0,69)
B10: sim | C10: 18 | D10: 58.1 | J10: 76 | K10: =C18 -> 19 | L10: =C17 -> 12 | M10: =0 -> 0 | N10: =C19 -> 31 | O10: =(N10-(M10+L10))/N10 -> 0.61290323
B11: Total | C11: 31 | D11: 100 | J11: 77 | K11: =C26 -> 22 | L11: =C25 -> 9 | M11: =0 -> 0 | N11: =C27 -> 31 | O11: =(N11-(M11+L11))/N11 -> 0.70967742
I12: F2 | J12: 63 | K12: =C34 -> 15 | L12: =C33 -> 16 | M12: =0 -> 0 | N12: =C35 -> 31 | O12: =(N12-(M12+L12))/N12 -> 0.48387097 | P12: =(O12+O13+O14+O15)/4 -> 0.70967742 | Q12: Representativa (0,70 - 0,89)
J13: 64 | K13: =C42 -> 11 | L13: =C41 -> 20 | M13: =0 -> 0 | N13: =C43 -> 31 | O13: =(N13-(M13+L13))/N13 -> 0.35483871
A14: 76.Essa Unidade Escolar ofereceu, no último ano letivo, cursos de formação para professores(as) e demais funcionários(as) da escola sobre conteúdos referentes às relações étnico-raciais e a implementação da Lei n. 11.645/2008? | J14: 911 | K14: =C50 -> 31 | L14: =C49 -> 0 | M14: =C51 -> 0 | N14: =C52 -> 31 | O14: =(N14-(M14+L14))/N14 -> 1
J15: 93 | K15: =C59 -> 31 | L15: =C58 -> 0 | M15: =C60 -> 0 | N15: =C61 -> 31 | O15: =(N15-(M15+L15))/N15 -> 1 | S15: Nome da Unidade Escolar
C16: Frequência | D16: Porcentual | I16: F3 | J16: 1072 | K16: =C84 -> 3 | L16: =C83 -> 28 | M16: =C85 -> 0 | N16: =C86 -> 31 | O16: =(N16-(M16+L16))/N16 -> 0.096774194 | P16: =O16 -> 0.096774194 | Q16: Irrisória (0 - 0,19
A17: Válido | B17: não | C17: 12 | D17: 38.7 | I17: F4 | J17: 102 | K17: =C68 -> 27 | L17: =C67 -> 4 | M17: =0 -> 0 | N17: =C69 -> 31 | O17: =(N17-(M17+L17))/N17 -> 0.87096774 | P17: =(O17+O18)/2 -> 0.85483871 | Q17: Representativa (0,70 - 0,89) | S17: CEEBJA SAADA MITRE ABOU NABHAN
B18: sim | C18: 19 | D18: 61.3 | J18: 103 | K18: =C76 -> 26 | L18: =C75 -> 5 | M18: =0 -> 0 | N18: =C77 -> 31 | O18: =(N18-(M18+L18))/N18 -> 0.83870968 | S18: CEEBJA VINICIUS DE MORAES - EFM
B19: Total | C19: 31 | D19: 100 | I19: F5 | J19: 59 | K19: =C93 -> 14 | L19: =C92 -> 17 | M19: =0 -> 0 | N19: =C94 -> 31 | O19: =(N19-(M19+L19))/N19 -> 0.4516129 | P19: =(O19+O20)/2 -> 0.53225806 | Q19: Moderada (0,40 - 0,69) | S19: CEEP CIANORTE- CENTRO ESTADUAL DE EDUCAÇÃO PROFISSIONAL CIANORTE
J20: 510 | K20: =C101 -> 19 | L20: =C100 -> 12 | M20: =0 -> 0 | N20: =C102 -> 31 | O20: =(N20-(M20+L20))/N20 -> 0.61290323 | S20: COLEGIO ESTADUAL EMÍLIO DE MENEZES - EFM
I21: F6 | J21: 56 | K21: =C109 -> 29 | L21: =C108 -> 2 | M21: =0 -> 0 | N21: =C110 -> 31 | O21: =(N21-(M21+L21))/N21 -> 0.93548387 | P21: =(O21+O22)/2 -> 0.96774194 | Q21: Expressiva (0,90 - 1,00) | S21: COLEGIO ESTADUAL 11 DE ABRIL. ENSINO FUNDAMENTAL E EJA.
A22: 77.Nessa Unidade Escolar foi realizada alguma formação, encontro ou reunião que instigasse a reflexão, por parte dos profissionais da educação, sobre seu pertencimento étnico-racial (ser branco, ser negro, ser terena, ser guarani, etc.)? | J22: 57 | K22: =C117 -> 31 | L22: =C116 -> 0 | M22: =0 -> 0 | N22: =C118 -> 31 | O22: =(N22-(M22+L22))/N22 -> 1 | S22: COLEGIO ESTADUAL ALMIRANTE BARROSO - ENSINO FUNDAMENTAL E MEDIO
I23: F7 | J23: 86 | K23: =C125 -> 26 | L23: =C124 -> 3 | M23: =C126 -> 2 | N23: =C127 -> 31 | O23: =(N23-(M23+L23))/N23 -> 0.83870968 | P23: =O23 -> 0.83870968 | Q23: Representativa (0,70 - 0,89) | S23: Colegio Estadual Arnaldo Busato - EFM
C24: Frequência | D24: Porcentual | S24: COLÉGIO ESTADUAL CIANORTE - EFMNP
A25: Válido | B25: não | C25: 9 | D25: 29 | I25: MUNICÍPIOS | S25: COLEGIO ESTADUAL DE VIDIGAL - EFM
B26: sim | C26: 22 | D26: 71 | S26: COLEGIO ESTADUAL DO CAMPO ALMIRANTE TAMANDARE-EFM
B27: Total | C27: 31 | D27: 100 | S27: Colégio Estadual Duque de Caxias
K28: Frequência | L28: Porcentual | S28: COLEGIO ESTADUAL DUQUE DE CAXIAS - EFM
I29: CIANORTE | K29: 11 | L29: 35.5 | S29: Colégio Estadual Felisberto Nunes Gonçalves-Ensino Fundamental e Médio
A30: 63.Nessa Unidade Escolar desenvolvem-se pesquisas com entidades e/ou ativistas de movimentos sociais que estimulem os(as) estudantes a conhecerem a história da População Negra do Brasil? | I30: CIDADE GAUCHA | K30: 1 | L30: 3.2 | S30: COLÉGIO ESTADUAL HELENA KOLODY - ENSINO MÉDIO E PROFISSIONAL
I31: GUAPOREMA | K31: 1 | L31: 3.2 | S31: Colégio Estadual Iglea Grollmann- EFM.
C32: Frequência | D32: Porcentual | I32: INDIANOPOLIS | K32: 1 | L32: 3.2 | S32: COLEGIO ESTADUAL ITACELINA BITTENCOURT - ENSINO FUNDAMENTAL E MEDIO
A33: Válido | B33: não | C33: 16 | D33: 51.6 | I33: JAPURA | K33: 2 | L33: 6.5 | S33: COLEGIO ESTADUAL JOSE GUIMARAES
B34: sim | C34: 15 | D34: 48.4 | I34: JUSSARA | K34: 1 | L34: 3.2 | S34: Colegio Estadual Marechal Costa e Silva - EFM
B35: Total | C35: 31 | D35: 100 | I35: RONDON | K35: 2 | L35: 6.5 | S35: COLEGIO ESTADUAL PEDRO FECCHIO-EFM
I36: SAO MANUEL DO PARANA | K36: 1 | L36: 3.2 | S36: COLEGIO ESTADUAL PRIMO MANFRINATO - EFM
I37: SAO TOME | K37: 2 | L37: 6.5 | S37: Colégio Estadual Professor Caio Mário Moreira
A38: 64.Nessa Unidade Escolar desenvolvem-se pesquisas com entidades e/ou ativistas de movimentos sociais que estimulem os(as) estudantes a conhecerem a história da População Indígena brasileira? | I38: TAPEJARA | K38: 2 | L38: 6.5 | S38: Colégio Estadual Rui Barbosa - EM
I39: TERRA BOA | K39: 4 | L39: 12.9 | S39: COLEGIO ESTADUAL SANTANA DE TAPEJARA - ENSINO MEDIO E NORMAL
C40: Frequência | D40: Porcentual | I40: TUNEIRAS DO OESTE | K40: 3 | L40: 9.7 | S40: Colégio Estadual Santos Dumont - E.M. e Normal
A41: Válido | B41: não | C41: 20 | D41: 64.5 | I41: Total | K41: 31 | L41: 100 | S41: COLÉGIO ESTADUAL SÃO LOURENÇO - EFM
B42: sim | C42: 11 | D42: 35.5 | S42: COLEGIO ESTADUAL SENADOR MARAES DE BARROS - EFM
B43: Total | C43: 31 | D43: 100 | S43: COLEGIO ESTADUALCASTRO ALVES - EM
I44: Localização da Unidade Escolar | S44: Escola Estadual do Campo Manoel da Cunha
S45: ESCOLA ESTADUAL DO CAMPO DE CUARAITAVA - EF
A46: 911.O Projeto Político Pedagógico cita a temática da Educação das Relações Étnico-Raciais e/ou o ensino de História e Cultura Afro-brasileira, africana e indígena? | S46: Escola Estadual Princesa Izabel - Ensino Fundamental - Anos Finais
J47: Frequência | K47: Porcentual | S47: ESCOLA ESTADUAL PROFESSOR LÉO KOHLER
C48: Frequência | D48: Porcentual | I48: Zona Urbana | J48: 30 | K48: 96.8 | S48: Total | T48: 31 | U48: 100
A49: Válido | B49: não | C49: 0 | I49: Zona Rural | J49: 1 | K49: 3.2
B50: sim | C50: 31 | I50: Total | J50: 31 | K50: 100
B51: ausente | C51: 0
B52: Total | C52: 31
I53: Principal modalidade de Educação adotada na Unidade Escolar
A55: 93.O Projeto Político Pedagógico explicita o compromisso com uma educação de valorização da diversidade étnico-racial e antirracista na Unidade Escolar? | J55: Frequência | K55: Porcentual
I56: Educação Básica (Currículo Comum Nacional) | J56: 29 | K56: 93.5
C57: Frequência | D57: Porcentual | I57: Educação do Campo | J57: 1 | K57: 3.2
A58: Válido | B58: não | C58: 0 | I58: Educação Profissional Técnica de Nível Médio | J58: 1 | K58: 3.2
B59: sim | C59: 31 | I59: Total | J59: 31 | K59: 100
B60: ausente | C60: 0
B61: Total | C61: 31
I62: Quesito cor/raça no cadastro das/os profissionais
A64: 102.Existem, na Unidade Escolar, livros de literatura infantil e/ou infanto-juvenil com personagens protagonistas negros? | J64: Frequência | K64: Porcentual
I65: Não | J65: 3 | K65: 9.7
C66: Frequência | D66: Porcentual | I66: Sim | J66: 28 | K66: 90.3
A67: Válido | B67: não | C67: 4 | D67: 12.9 | I67: Total | J67: 31 | K67: 100
B68: sim | C68: 27 | D68: 87.1
B69: Total | C69: 31 | D69: 100
I70: Quesito cor/raça no cadastro das/os estudantes
A72: 103.Existem, na Unidade Escolar, livros de literatura infantil e/ou infanto-juvenil, com personagens protagonistas indígenas? | J72: Frequência | K72: Porcentual
I73: sim | J73: 31 | K73: 100
C74: Frequência | D74: Porcentual
A75: Válido | B75: não | C75: 5 | D75: 16.1
B76: sim | C76: 26 | D76: 83.9 | I76: Etapas de Ensino atendidos pela Unidade Escolar
B77: Total | C77: 31 | D77: 100
K78: Frequência
I79: EnsinoFundamentalRegular | K79: 23
A80: 1072.Há algum tipo de discussão/denúncia sobre a existência de racismo, discriminação e/ou preconceito étnico e/ou racial em livros didáticos utilizados pelos estudantes? | I80: EnsinoMédioRegular | K80: 20
I81: EnsinoFundamentalnaModalidadeEJA | K81: 8
C82: Frequência | D82: Porcentual | I82: EnsinoMédionaModalidadeEJA | K82: 8
A83: Válido | B83: não | C83: 28 | D83: 90.3 | I83: EnsinoFundamentalnaModalidadeEducaçãoProfissionalTécnica | K83: 1
B84: sim | C84: 3 | D84: 9.7 | I84: EnsinoMédionaModalidadeEducaçãoProfissionalTécnica | K84: 1
B85: Ausente | C85: 0
B86: Total | C86: 31 | D86: 100
A89: 59.Há atividades que envolvam a Comunidade Escolar em Jogos, Gincanas e/ou Brincadeiras, e que tenha sua origem reconhecida como sendo de alguma etnia Indígena brasileira?
C91: Frequência | D91: Porcentual
A92: Válido | B92: não | C92: 17 | D92: 54.8
B93: sim | C93: 14 | D93: 45.2
B94: Total | C94: 31 | D94: 100
A97: 510.Há atividades que envolvam a Comunidade Escolar em Jogos, Gincanas e/ou Brincadeiras, e tenha sua origem reconhecida como sendo de algum país do continente Africano e/ou da cultura afro-brasileira?
C99: Frequência | D99: Porcentual
A100: Válido | B100: não | C100: 12 | D100: 38.7
B101: sim | C101: 19 | D101: 61.3
B102: Total | C102: 31 | D102: 100
A105: 56.Os Materiais bibliográficos disponibilizados na escola para uso dos(as) professores(as) e estudantes possibilitam o trabalho com referenciais sobre a diversidade étnica da População Indígena?
C107: Frequência | D107: Porcentual
A108: Válido | B108: não | C108: 2 | D108: 6.5
B109: sim | C109: 29 | D109: 93.5
B110: Total | C110: 31 | D110: 100
A113: 57.Os Materiais bibliográficos disponibilizados na escola para uso dos(as) professores(as) e estudantes possibilitam o trabalho com referenciais sobre a diversidade e riqueza histórico-cultural da População Negra?
C115: Frequência | D115: Porcentual
A116: Válido | B116: não | C116: 0
B117: sim | C117: 31
B118: Total | C118: 31 | D118: 100
...

Sheet Cornelio Procop
A1: NÚCLEO REGIONAL | B1: ESCOLAS ESTADUAIS RESPONDENTES | C1: ESCOLAS ESTADUAIS ATIVAS 2018 | D1: % DE RESPOSTAS | F1: NRE CORNELIO PROCOP
A2: CORNELIO PROCOP | B2: 43 | C2: 68 | D2: 63.235294
A4: QUESTÕES UTILIZADAS PARA FORMAÇÃO DOS FATORES DE ANÁLISE
A6: 75.A Unidade Escolar ofereceu, no último ano letivo, cursos de formação para professores(as) e demais funcionários(as) da escola sobre conteúdos referentes às relações raciais e a implementação da Lei n. 10.639/2003?
C8: Frequência | D8: Porcentual | I8: Fatores | J8: variável | K8: sim | L8: não | M8: Ausente | N8: N (respondente total) | O8: E (indicador por variável) | P8: E (total fator) | Q8: Escala Interpretativa | T8: Indicador de Verificação geral | U8: E | V8: Escala Interpretativa
A9: Válido | B9: não | C9: 18 | D9: 41.9 | I9: F1 | J9: 75 | K9: =C10 -> 25 | L9: =C9 -> 18 | M9: =0 -> 0 | N9: =C11 -> 43 | O9: =(N9-(M9+L9))/N9 -> 0.58139535 | P9: =(O9+O10+O11)/3 -> 0.62015504 | Q9: Moderada (0,40 - 0,69) | T9: ERER NRE CORNELIO PROCOPIO | U9: =(O9+O10+O11+O12+O13+O14+O15+O16+O17+O18+O19+O20+O21+O22+O23)/15 -> 0.70387597 | V9: Representativa (0,70 - 0,89)
B10: sim | C10: 25 | D10: 58.1 | J10: 76 | K10: =C18 -> 25 | L10: =C17 -> 18 | M10: =0 -> 0 | N10: =C19 -> 43 | O10: =(N10-(M10+L10))/N10 -> 0.58139535
B11: Total | C11: 43 | D11: 100 | J11: 77 | K11: =C26 -> 30 | L11: =C25 -> 13 | M11: =0 -> 0 | N11: =C27 -> 43 | O11: =(N11-(M11+L11))/N11 -> 0.69767442
I12: F2 | J12: 63 | K12: =C34 -> 24 | L12: =C33 -> 19 | M12: =0 -> 0 | N12: =C35 -> 43 | O12: =(N12-(M12+L12))/N12 -> 0.55813953 | P12: =(O12+O13+O14+O15)/4 -> 0.72674419 | Q12: Representativa (0,70 - 0,89)
J13: 64 | K13: =C42 -> 23 | L13: =C41 -> 20 | M13: =0 -> 0 | N13: =C43 -> 43 | O13: =(N13-(M13+L13))/N13 -> 0.53488372
A14: 76.Essa Unidade Escolar ofereceu, no último ano letivo, cursos de formação para professores(as) e demais funcionários(as) da escola sobre conteúdos referentes às relações étnico-raciais e a implementação da Lei n. 11.645/2008? | J14: 911 | K14: =C50 -> 42 | L14: =C49 -> 1 | M14: =C51 -> 0 | N14: =C52 -> 43 | O14: =(N14-(M14+L14))/N14 -> 0.97674419
J15: 93 | K15: =C59 -> 36 | L15: =C58 -> 7 | M15: =C60 -> 0 | N15: =C61 -> 43 | O15: =(N15-(M15+L15))/N15 -> 0.8372093
C16: Frequência | D16: Porcentual | I16: F3 | J16: 1072 | K16: =C84 -> 2 | L16: =C83 -> 40 | M16: =C85 -> 1 | N16: =C86 -> 43 | O16: =(N16-(M16+L16))/N16 -> 0.046511628 | P16: =O16 -> 0.046511628 | Q16: Irrisória (0 - 0,19
A17: Válido | B17: não | C17: 18 | D17: 41.9 | I17: F4 | J17: 102 | K17: =C68 -> 38 | L17: =C67 -> 5 | M17: =0 -> 0 | N17: =C69 -> 43 | O17: =(N17-(M17+L17))/N17 -> 0.88372093 | P17: =(O17+O18)/2 -> 0.86046512 | Q17: Representativa (0,70 - 0,89) | T17: Nome da Unidade Escolar
B18: sim | C18: 25 | D18: 58.1 | J18: 103 | K18: =C76 -> 36 | L18: =C75 -> 7 | M18: =0 -> 0 | N18: =C77 -> 43 | O18: =(N18-(M18+L18))/N18 -> 0.8372093
B19: Total | C19: 43 | D19: 100 | I19: F5 | J19: 59 | K19: =C93 -> 25 | L19: =C92 -> 18 | M19: =0 -> 0 | N19: =C94 -> 43 | O19: =(N19-(M19+L19))/N19 -> 0.58139535 | P19: =(O19+O20)/2 -> 0.69767442 | Q19: Moderada (0,40 - 0,69)
J20: 510 | K20: =C101 -> 35 | L20: =C100 -> 8 | M20: =0 -> 0 | N20: =C102 -> 43 | O20: =(N20-(M20+L20))/N20 -> 0.81395349 | T20: CENTRO ESTADUAL DE EDUCACAO BASICA PARA JOVENS E ADULTOS DE CORNELIO PROCOPIO - CEEBJA
I21: F6 | J21: 56 | K21: =C109 -> 37 | L21: =C108 -> 6 | M21: =0 -> 0 | N21: =C110 -> 43 | O21: =(N21-(M21+L21))/N21 -> 0.86046512 | P21: =(O21+O22)/2 -> 0.90697674 | Q21: Expressiva (0,90 - 1,00) | T21: COLEGIO ESTADUAL ADELAIDE GLASER ROSS
A22: 77.Nessa Unidade Escolar foi realizada alguma formação, encontro ou reunião que instigasse a reflexão, por parte dos profissionais da educação, sobre seu pertencimento étnico-racial (ser branco, ser negro, ser terena, ser guarani, etc.)? | J22: 57 | K22: =C117 -> 41 | L22: =C116 -> 2 | M22: =0 -> 0 | N22: =C118 -> 43 | O22: =(N22-(M22+L22))/N22 -> 0.95348837 | T22: COLEGIO ESTADUAL ANTONIO CARLOS GOMES - EFM
I23: F7 | J23: 86 | K23: =C125 -> 35 | L23: =C124 -> 1 | M23: =C126 -> 7 | N23: =C127 -> 43 | O23: =(N23-(M23+L23))/N23 -> 0.81395349 | P23: =O23 -> 0.81395349 | Q23: Representativa (0,70 - 0,89) | T23: COLEGIO ESTADUAL BARAO DO RIO BRANCO
C24: Frequência | D24: Porcentual | T24: Colégio Estadual Castro Alves Ensino Fundamental Médio e Profissional
A25: Válido | B25: não | C25: 13 | D25: 30.2 | T25: COLEGIO ESTADUAL CECÍLIA MEIRELES. SERTANEJA.PARANÁ.
B26: sim | C26: 30 | D26: 69.8 | I26: MUNICÍPIOS | T26: COLEGIO ESTADUAL CRISTO REI - ENSINO NORMAL
B27: Total | C27: 43 | D27: 100 | T27: COLEGIO ESTADUAL DO BAIRRO BELA VISTA E F
J28: Frequência | K28: Porcentual | T28: COLEGIO ESTADUAL DO CAMPO NOSSA SENHORA DA CANDELARIA - EFM
I29: ASSAI | J29: 2 | K29: 4.7 | T29: COLÉGIO ESTADUAL DO CAMPO PROFESSORA AGMAR MENDONÇA SCARDAZZI - ENSINO FUNDAMENTAL E MÉDIO
A30: 63.Nessa Unidade Escolar desenvolvem-se pesquisas com entidades e/ou ativistas de movimentos sociais que estimulem os(as) estudantes a conhecerem a história da População Negra do Brasil? | I30: BANDEIRANTES | J30: 7 | K30: 16.3 | T30: COLÉGIO ESTADUAL DO CAMPO SÃO JORGE, ENSINO FUNDAMENTAL E MÉDIO
I31: CONGONHINHAS | J31: 2 | K31: 4.7 | T31: COLEGIO ESTADUAL DULCE DE SOUZA CARVALHO ENSINO FUNDAMENTAL E MEDIO.
C32: Frequência | D32: Porcentual | I32: CORNELIO PROCOPIO | J32: 9 | K32: 20.9 | T32: COLEGIO ESTADUAL HUBERTO TEIXEIRA RIBEIRO - ENSINO FUNDAMENTAL E MEDIO
A33: Válido | B33: não | C33: 19 | D33: 44.2 | I33: ITAMBARACA | J33: 3 | K33: 7 | T33: COLEGIO ESTADUAL JOAO TURIN
B34: sim | C34: 24 | D34: 55.8 | I34: LEOPOLIS | J34: 2 | K34: 4.7 | T34: COLEGIO ESTADUAL JOAQUIM MARIA MACHADO DE ASSIS ENSINO FUNDAMENTAL E MEDIO
B35: Total | C35: 43 | D35: 100 | I35: NOVA FATIMA | J35: 2 | K35: 4.7 | T35: COLEGIO ESTADUAL JOSE DOMINGUES DA COSTA - EFM
I36: NOVA SANTA BARBARA | J36: 1 | K36: 2.3 | T36: COLEGIO ESTADUAL JOSE FERREIRA DE MELLO - EFMN
I37: SANTA AMELIA | J37: 2 | K37: 4.7 | T37: COLEGIO ESTADUAL JUVENAL MESQUITA EFM
A38: 64.Nessa Unidade Escolar desenvolvem-se pesquisas com entidades e/ou ativistas de movimentos sociais que estimulem os(as) estudantes a conhecerem a história da População Indígena brasileira? | I38: SANTA MARIANA | J38: 2 | K38: 4.7 | T38: COLÉGIO ESTADUAL MARCÍLIO DIAS - EFMN
I39: SAO JERONIMO DA SERRA | J39: 4 | K39: 9.3 | T39: COLEGIO ESTADUAL MARIA JOSE PEGORARO DE SOUZA - EFM
C40: Frequência | D40: Porcentual | I40: SAO SEBASTIAO DA AMOREIRA | J40: 2 | K40: 4.7 | T40: Colégio Estadual Monteiro Lobato Ensino Fundamental e Médio.
A41: Válido | B41: não | C41: 20 | D41: 46.5 | I41: SERTANEJA | J41: 3 | K41: 7 | T41: COLEGIO ESTADUAL NOBREGA DA CUNHA ENSINO FUNDAMENTAL E MEDIO
B42: sim | C42: 23 | D42: 53.5 | I42: URAI | J42: 2 | K42: 4.7 | T42: COLEGIO ESTADUAL PADRE JERONIMO ONUMA - ENM
B43: Total | C43: 43 | D43: 100 | I43: Total | J43: 43 | K43: 100 | T43: COLEGIO ESTADUAL PROFESSOR AIDES NUNES DA SILVA - EFMN
T44: Colegio Estadual Professor Paulo Mozart Machado - EFM
T45: COLÉGIO ESTADUAL RUBENS LUCAS FILGUEIRAS - ENSINO FUNDAMENTAL E MÉDIO
A46: 911.O Projeto Político Pedagógico cita a temática da Educação das Relações Étnico-Raciais e/ou o ensino de História e Cultura Afro-brasileira, africana e indígena? | I46: Localização da Unidade Escolar | T46: COLEGIO ESTADUAL VANDYR DE ALMEIDA - EFM
T47: Colégio Estadual Vinicius de Morais - Ensino Médio
C48: Frequência | D48: Porcentual | J48: Frequência | K48: Porcentual | T48: Escola Estadual Carlírio Gomes dos Santos- EF
A49: Válido | B49: não | C49: 1 | D49: 2.3 | I49: Zona Urbana | J49: 34 | K49: 79.1 | T49: ESCOLA ESTADUAL CECILIA MEIRELES - EF
B50: sim | C50: 42 | D50: 97.7 | I50: Zona Rural | J50: 9 | K50: 20.9 | T50: Escola Estadual do Campo Albino Olegario de Proença.
B51: Ausente | C51: 0 | I51: Total | J51: 43 | K51: 100 | T51: Escola Estadual do Campo Carlos Augusto Miranda Nichols- EF
B52: Total | C52: 43 | D52: 100 | T52: ESCOLA ESTADUAL DO CAMPO DO BAIRRO RAUL MARINHO - E.F
T53: ESCOLA ESTADUAL DO CAMPO LOURENCO ORMENEZZE - EF
I54: Localização diferencia da Unidade Escolar | T54: Escola estadual do Campo Mirazinha Braga-EF
A55: 93.O Projeto Político Pedagógico explicita o compromisso com uma educação de valorização da diversidade étnico-racial e antirracista na Unidade Escolar? | T55: ESCOLA ESTADUAL DO CAMPO PROFESSOR WALERIAN WROSZ
J56: Frequência | K56: Porcentual | T56: Escola Estadual Dr. Aloysio de Barros Tostes
C57: Frequência | D57: Porcentual | I57: Não se aplica | J57: 42 | K57: 97.7 | T57: ESCOLA ESTADUAL INDÍGENA CACIQUE ONOFRE KANHGRÉN. EDUCAÇÃO INFANTIL E ENSINO FUNDAMENTAL
A58: Válido | B58: não | C58: 7 | D58: 16.3 | I58: Terra indígena | J58: 1 | K58: 2.3 | T58: ESCOLA ESTADUAL MAJOR JOAO CARLOS DE FARIA - EF
B59: sim | C59: 36 | D59: 83.7 | I59: Total | J59: 43 | K59: 100 | T59: Escola Estadual Maria Pereira, Ensino Fundamental
B60: Ausente | C60: 0 | T60: ESCOLA ESTADUAL PADRE MANUEL DA NOBREGA
B61: Total | C61: 43 | D61: 100 | T61: ESCOLA ESTADUAL PROF ANTONIO BITONTI
I62: Principal modalidade de Educação adotada na Unidade Escolar | T62: ESCOLA ESTADUAL PROF. WILLIAM MADI - ENSINO FUNDAMENTAL ANOS FINAIS
T63: Total | U63: 43 | V63: 100
A64: 102.Existem, na Unidade Escolar, livros de literatura infantil e/ou infanto-juvenil com personagens protagonistas negros? | J64: Frequência | K64: Porcentual
I65: Educação Básica (Currículo Comum Nacional) | J65: 33 | K65: 76.7
C66: Frequência | D66: Porcentual | I66: Educação do Campo | J66: 6 | K66: 14
A67: Válido | B67: não | C67: 5 | D67: 11.6 | I67: Educação Indígena | J67: 1 | K67: 2.3
B68: sim | C68: 38 | D68: 88.4 | I68: Educação Profissional Técnica de Nível Médio | J68: 3 | K68: 7
B69: Total | C69: 43 | D69: 100 | I69: Total | J69: 43 | K69: 100
A72: 103.Existem, na Unidade Escolar, livros de literatura infantil e/ou infanto-juvenil, com personagens protagonistas indígenas? | I72: Quesito cor/raça no cadastro das/os profissionais
C74: Frequência | D74: Porcentual | J74: Frequência | K74: Porcentual
A75: Válido | B75: não | C75: 7 | D75: 16.3 | I75: 0 | J75: 6 | K75: 14
B76: sim | C76: 36 | D76: 83.7 | I76: 1 | J76: 37 | K76: 86
B77: Total | C77: 43 | D77: 100 | I77: Total | J77: 43 | K77: 100
A80: 1072.Há algum tipo de discussão/denúncia sobre a existência de racismo, discriminação e/ou preconceito étnico e/ou racial em livros didáticos utilizados pelos estudantes? | I80: Quesito cor/raça no cadastro das/os estudantes
C82: Frequência | D82: Porcentual | J82: Frequência | K82: Porcentual
A83: Válido | B83: não | C83: 40 | D83: 93 | I83: sim | J83: 43 | K83: 100
B84: sim | C84: 2 | D84: 4.7
B85: ausente | C85: 1 | D85: 2.3
B86: Total | C86: 43 | D86: 100 | I86: Etapas de Ensino atendidos pela Unidade Escolar
I88: EducaçãoInfantilRegular | K88: 1
A89: 59.Há atividades que envolvam a Comunidade Escolar em Jogos, Gincanas e/ou Brincadeiras, e que tenha sua origem reconhecida como sendo de alguma etnia Indígena brasileira? | I89: EnsinoFundamentalRegular | K89: 35
I90: EnsinoMédioRegular | K90: 20
C91: Frequência | D91: Porcentual | I91: EnsinoFundamentalnaModalidadeEducaçãoEspecial | K91: 2
A92: Válido | B92: não | C92: 18 | D92: 41.9 | I92: EnsinoFundamentalnaModalidadeEJA | K92: 6
B93: sim | C93: 25 | D93: 58.1 | I93: EnsinoMédionaModalidadeEJA | K93: 6
B94: Total | C94: 43 | D94: 100 | I94: EnsinoFundamentalnaModalidadeEducaçãoProfissionalTécnica | K94: 1
I95: EnsinoMédionaModalidadeEducaçãoProfissionalTécnica | K95: 8
A97: 510.Há atividades que envolvam a Comunidade Escolar em Jogos, Gincanas e/ou Brincadeiras, e tenha sua origem reconhecida como sendo de algum país do continente Africano e/ou da cultura afro-brasileira?
C99: Frequência | D99: Porcentual
A100: Válido | B100: não | C100: 8 | D100: 18.6
B101: sim | C101: 35 | D101: 81.4
B102: Total | C102: 43 | D102: 100
A105: 56.Os Materiais bibliográficos disponibilizados na escola para uso dos(as) professores(as) e estudantes possibilitam o trabalho com referenciais sobre a diversidade étnica da População Indígena?
C107: Frequência | D107: Porcentual
A108: Válido | B108: não | C108: 6 | D108: 14
B109: sim | C109: 37 | D109: 86
B110: Total | C110: 43 | D110: 100
A113: 57.Os Materiais bibliográficos disponibilizados na escola para uso dos(as) professores(as) e estudantes possibilitam o trabalho com referenciais sobre a diversidade e riqueza histórico-cultural da População Negra?
C115: Frequência | D115: Porcentual
A116: Válido | B116: não | C116: 2 | D116: 4.7
B117: sim | C117: 41 | D117: 95.3
B118: Total | C118: 43 | D118: 100
...

Sheet Curitiba
A1: NÚCLEO REGIONAL | B1: ESCOLAS ESTADUAIS RESPONDENTES | C1: ESCOLAS ESTADUAIS ATIVAS 2018 | D1: % DE RESPOSTAS | F1: NRE CURITIBA
A2: CURITIBA | B2: 96 | C2: 164 | D2: 58.536585
A4: QUESTÕES UTILIZADAS PARA FORMAÇÃO DOS FATORES DE ANÁLISE
A6: 75.A Unidade Escolar ofereceu, no último ano letivo, cursos de formação para professores(as) e demais funcionários(as) da escola sobre conteúdos referentes às relações raciais e a implementação da Lei n. 10.639/2003?
C8: Frequência | D8: Porcentual | I8: Fatores | J8: variável | K8: sim | L8: não | M8: Ausente | N8: N (respondente total) | O8: E (indicador por variável) | P8: E (total fator) | Q8: Escala Interpretativa | T8: Indicador de Verificação geral | U8: E | V8: Escala Interpretativa
A9: Válido | B9: não | C9: 38 | D9: 39.6 | I9: F1 | J9: 75 | K9: =C10 -> 58 | L9: =C9 -> 38 | M9: =0 -> 0 | N9: =C11 -> 96 | O9: =(N9-(M9+L9))/N9 -> 0.60416667 | P9: =(O9+O10+O11)/3 -> 0.61458333 | Q9: Moderada (0,40 - 0,69) | T9: ERER NRE CURITIBA | U9: =(O9+O10+O11+O12+O13+O14+O15+O16+O17+O18+O19+O20+O21+O22+O23)/15 -> 0.65763889 | V9: Moderada (0,40 - 0,69)
B10: sim | C10: 58 | D10: 60.4 | J10: 76 | K10: =C18 -> 58 | L10: =C17 -> 38 | M10: =0 -> 0 | N10: =C19 -> 96 | O10: =(N10-(M10+L10))/N10 -> 0.60416667
B11: Total | C11: 96 | D11: 100 | J11: 77 | K11: =C26 -> 61 | L11: =C25 -> 35 | M11: =0 -> 0 | N11: =C27 -> 96 | O11: =(N11-(M11+L11))/N11 -> 0.63541667
I12: F2 | J12: 63 | K12: =C34 -> 63 | L12: =C33 -> 33 | M12: =0 -> 0 | N12: =C35 -> 96 | O12: =(N12-(M12+L12))/N12 -> 0.65625 | P12: =(O12+O13+O14+O15)/4 -> 0.65364583 | Q12: Moderada (0,40 - 0,69)
J13: 64 | K13: =C42 -> 49 | L13: =C41 -> 47 | M13: =0 -> 0 | N13: =C43 -> 96 | O13: =(N13-(M13+L13))/N13 -> 0.51041667 | T13: Nome da Unidade Escolar
A14: 76.Essa Unidade Escolar ofereceu, no último ano letivo, cursos de formação para professores(as) e demais funcionários(as) da escola sobre conteúdos referentes às relações étnico-raciais e a implementação da Lei n. 11.645/2008? | J14: 911 | K14: =C50 -> 76 | L14: =C49 -> 20 | M14: =C51 -> 0 | N14: =C52 -> 96 | O14: =(N14-(M14+L14))/N14 -> 0.79166667
J15: 93 | K15: =C59 -> 63 | L15: =C58 -> 33 | M15: =C60 -> 0 | N15: =C61 -> 96 | O15: =(N15-(M15+L15))/N15 -> 0.65625 | T15: CEEBJA CAMPO COMPRIDO
C16: Frequência | D16: Porcentual | I16: F3 | J16: 1072 | K16: =C84 -> 18 | L16: =C83 -> 76 | M16: =C85 -> 2 | N16: =C86 -> 96 | O16: =(N16-(M16+L16))/N16 -> 0.1875 | P16: =O16 -> 0.1875 | Q16: Irrisória (0 - 0,19 | T16: CEEBJA CEAD POLO POTTY LAZZAROTTO
A17: Válido | B17: não | C17: 38 | D17: 39.6 | I17: F4 | J17: 102 | K17: =C68 -> 85 | L17: =C67 -> 11 | M17: =0 -> 0 | N17: =C69 -> 96 | O17: =(N17-(M17+L17))/N17 -> 0.88541667 | P17: =(O17+O18)/2 -> 0.86979167 | Q17: Representativa (0,70 - 0,89) | T17: CEEBJA CIC - EFM
B18: sim | C18: 58 | D18: 60.4 | J18: 103 | K18: =C76 -> 82 | L18: =C75 -> 14 | M18: =0 -> 0 | N18: =C77 -> 96 | O18: =(N18-(M18+L18))/N18 -> 0.85416667 | T18: CEEBJA PROFESSORA LAIS MIQUELOTTO - EFM
B19: Total | C19: 96 | D19: 100 | I19: F5 | J19: 59 | K19: =C93 -> 42 | L19: =C92 -> 54 | M19: =0 -> 0 | N19: =C94 -> 96 | O19: =(N19-(M19+L19))/N19 -> 0.4375 | P19: =(O19+O20)/2 -> 0.52083333 | Q19: Moderada (0,40 - 0,69) | T19: CEEBJA Professora Maria Deon de Lira
J20: 510 | K20: =C101 -> 58 | L20: =C100 -> 38 | M20: =0 -> 0 | N20: =C102 -> 96 | O20: =(N20-(M20+L20))/N20 -> 0.60416667 | T20: CENTRO ESTADUAL DE EDUCAÇÃO BÁSICA PARA JOVENS E ADULTOS PAULO FREIRE - CEEBJA PAULO FREIRE
I21: F6 | J21: 56 | K21: =C109 -> 84 | L21: =C108 -> 12 | M21: =0 -> 0 | N21: =C110 -> 96 | O21: =(N21-(M21+L21))/N21 -> 0.875 | P21: =(O21+O22)/2 -> 0.90625 | Q21: Expressiva (0,90 - 1,00) | T21: COLEGIO DA POLICIA MILITAR DO PARANA CEL. PM. FELIPPE DE SOUSA MIRANDA
A22: 77.Nessa Unidade Escolar foi realizada alguma formação, encontro ou reunião que instigasse a reflexão, por parte dos profissionais da educação, sobre seu pertencimento étnico-racial (ser branco, ser negro, ser terena, ser guarani, etc.)? | J22: 57 | K22: =C117 -> 90 | L22: =C116 -> 6 | M22: =0 -> 0 | N22: =C118 -> 96 | O22: =(N22-(M22+L22))/N22 -> 0.9375 | T22: COLEGIO ESTADUAL ALFREDO PARODI
I23: F7 | J23: 86 | K23: =C125 -> 60 | L23: =C124 -> 12 | M23: =C126 -> 24 | N23: =C127 -> 96 | O23: =(N23-(M23+L23))/N23 -> 0.625 | P23: =O23 -> 0.625 | Q23: Moderada (0,40 - 0,69) | T23: COLEGIO ESTADUAL ANGELO VOLPATO
C24: Frequência | D24: Porcentual | T24: Colégio Estadual Barão Do Rio Branco- EFM
A25: Válido | B25: não | C25: 35 | D25: 36.5 | T25: Colégio Estadual Beatriz Faria Ansay - EFM
B26: sim | C26: 61 | D26: 63.5 | I26: Localização da Unidade Escolar | T26: COLEGIO ESTADUAL BENEDICTO JOAO CORDEIRO - ENSINO FUNDAMENTAL MEDIO NORMAL E PROFISSIONAL
B27: Total | C27: 96 | D27: 100 | T27: Colégio Estadual Bom Pastor Ensino Fundamental, Médio e EJA (Educação de Jovens e Adultos)
J28: Frequência | K28: Porcentual | T28: Colégio Estadual Cecília Meireles EFM - EJA, Bairro Alto - Curitiba PR
I29: Zona Urbana | J29: 96 | K29: 100 | T29: COLEGIO ESTADUAL CONSELHEIRO CARRAO EFM
A30: 63.Nessa Unidade Escolar desenvolvem-se pesquisas com entidades e/ou ativistas de movimentos sociais que estimulem os(as) estudantes a conhecerem a história da População Negra do Brasil? | T30: COLEGIO ESTADUAL CRUZEIRO DO SUL - EFM
T31: COLÉGIO ESTADUAL DEPUTADO OLIVIO BELICH
C32: Frequência | D32: Porcentual | I32: Localização diferencia da Unidade Escolar | T32: COLEGIO ESTADUAL DO PARANA
A33: Válido | B33: não | C33: 33 | D33: 34.4 | T33: COLEGIO ESTADUAL DOMINGOS ZANLORENZI - EFMP
B34: sim | C34: 63 | D34: 65.6 | J34: Frequência | K34: Porcentual | T34: COLEGIO ESTADUAL DORAY CEZARINO
B35: Total | C35: 96 | D35: 100 | I35: Não se aplica | J35: 95 | K35: 99 | T35: COLEGIO ESTADUAL DOUTOR XAVIER DA SILVA
I36: Área de Acampamento | J36: 1 | K36: 1 | T36: COLÉGIO ESTADUAL EMILIANO PERNETA - EFM
I37: Total | J37: 96 | K37: 100 | T37: COLEGIO ESTADUAL ERNANI VIDAL
A38: 64.Nessa Unidade Escolar desenvolvem-se pesquisas com entidades e/ou ativistas de movimentos sociais que estimulem os(as) estudantes a conhecerem a história da População Indígena brasileira? | T38: Colegio Estadual Eurides Brandão
T39: COLÉGIO ESTADUAL GABRIELA MISTRAL
C40: Frequência | D40: Porcentual | I40: Principal modalidade de Educação adotada na Unidade Escolar | T40: COLEGIO ESTADUAL GETULIO VARGAS EFM
A41: Válido | B41: não | C41: 47 | D41: 49 | T41: COLEGIO ESTADUAL GUAIRA
B42: sim | C42: 49 | D42: 51 | J42: Frequência | K42: Porcentual | T42: COLEGIO ESTADUAL GUILHERME PEREIRA NETO
B43: Total | C43: 96 | D43: 100 | I43: Educação Básica (Currículo Comum Nacional) | J43: 91 | K43: 94.8 | T43: COLEGIO ESTADUAL HILDEBRANDO DE ARAUJO - EF, EM, EPROF
I44: Educação Especial | J44: 2 | K44: 2.1 | T44: COLEGIO ESTADUAL ISOLDA SCHMID EFM
I45: Educação Profissional Técnica de Nível Médio | J45: 3 | K45: 3.1 | T45: Colégio Estadual Ivo Leão.
A46: 911.O Projeto Político Pedagógico cita a temática da Educação das Relações Étnico-Raciais e/ou o ensino de História e Cultura Afro-brasileira, africana e indígena? | I46: Total | J46: 96 | K46: 100 | T46: COLÉGIO ESTADUAL JOÃO BETTEGA - EFM
T47: Colégio Estadual João de Oliveira Franco
C48: Frequência | D48: Porcentual | T48: COLÉGIO ESTADUAL JOÃO MAZZAROTTO - EFM
A49: Válido | B49: não | C49: 20 | D49: 20.8 | I49: Quesito cor/raça no cadastro das/os profissionais | T49: COLÉGIO ESTADUAL JOAO PAULO II - EFM
B50: sim | C50: 76 | D50: 79.2 | T50: Colegio Estadual Jose Busnardo
B51: Ausente | C51: 0 | J51: Frequência | K51: Porcentual | T51: COLEGIO ESTADUAL JOSE FRESSATO
B52: Total | C52: 96 | D52: 100 | I52: não | J52: 26 | K52: 27.1 | T52: COLEGIO ESTADUAL MARECHAL CANDIDO RONDON - EFM E EJA
I53: sim | J53: 70 | K53: 72.9 | T53: Colegio Estadual Maximo Atilio Asinelli
I54: Total | J54: 96 | K54: 100 | T54: COLEGIO ESTADUAL MILTON CARNEIRO
A55: 93.O Projeto Político Pedagógico explicita o compromisso com uma educação de valorização da diversidade étnico-racial e antirracista na Unidade Escolar? | T55: COLEGIO ESTADUAL NEWTON FERREIRA DA COSTA - EFM
T56: COLEGIO ESTADUAL NILSON BAPTISTA RIBAS - EFM
C57: Frequência | D57: Porcentual | I57: Quesito cor/raça no cadastro das/os estudantes | T57: COLEGIO ESTADUAL NIRLEI MEDEIROS
A58: Válido | B58: não | C58: 33 | D58: 34.4 | T58: colegio estadual nossa senhora aparecida
B59: sim | C59: 63 | D59: 65.6 | J59: Frequência | K59: Porcentual | T59: COLEGIO ESTADUAL PADRE CLAUDIO MORELLI
B60: Ausente | C60: 0 | I60: não | J60: 4 | K60: 4.2 | T60: COLÉGIO ESTADUAL PADRE SILVESTRE KANDORA - EFMPS
B61: Total | C61: 96 | D61: 100 | I61: sim | J61: 92 | K61: 95.8 | T61: COLEGIO ESTADUAL PAULINA PACIFICO BORSARI
I62: Total | J62: 96 | K62: 100 | T62: COLEGIO ESTADUAL PAULO LEMINSKI
T63: COLEGIO ESTADUAL PEDRO MACEDO - EFMP
A64: 102.Existem, na Unidade Escolar, livros de literatura infantil e/ou infanto-juvenil com personagens protagonistas negros? | T64: COLÉGIO ESTADUAL PILAR MATURANA
I65: Etapas de Ensino atendidos pela Unidade Escolar | T65: Colégio Estadual Pinheiro do Paraná
C66: Frequência | D66: Porcentual | T66: COLEGIO ESTADUAL POLIVALENTE DE CURITIBA
A67: Válido | B67: não | C67: 11 | D67: 11.5 | K67: Frequência | T67: COLÉGIO ESTADUAL PRESIDENTE LAMENHA LINS - EFM
B68: sim | C68: 85 | D68: 88.5 | I68: EnsinoFundamentalRegular | K68: 84 | T68: COLEGIO ESTADUAL PROF ELYSIO VIANNA - EFP
B69: Total | C69: 96 | D69: 100 | I69: EnsinoMédioRegular | K69: 75 | T69: Colégio Estadual Professor Alcyone Moraes de Castro Vellozo Ensino Fundamental, Médio e EJA
I70: EducaçãoInfantilnaModalidadeEducaçãoEspecial | K70: 1 | T70: COLEGIO ESTADUAL PROFESSOR BRASILIO VICENTE DE CASTRO
I71: EnsinoFundamentalnaModalidadeEducaçãoEspecial | K71: 3 | T71: COLEGIO ESTADUAL PROFESSOR CLETO
A72: 103.Existem, na Unidade Escolar, livros de literatura infantil e/ou infanto-juvenil, com personagens protagonistas indígenas? | I72: EnsinoMédionaModalidadeEducaçãoEspecial | K72: 2 | T72: COLÉGIO ESTADUAL PROFESSOR ELIAS ABRAHÃO
I73: EnsinoFundamentalnaModalidadeEJA | K73: 21 | T73: COLÉGIO ESTADUAL PROFESSOR FRANCISCO ZARDO
C74: Frequência | D74: Porcentual | I74: EnsinoMédionaModalidadeEJA | K74: 21 | T74: COLÉGIO ESTADUAL PROFESSOR JOÃO LOYOLA - EFM
A75: Válido | B75: não | C75: 14 | D75: 14.6 | I75: EnsinoFundamentalnaModalidadeEducaçãoProfissionalTécnica | K75: 1 | T75: COLEGIO ESTADUAL PROFESSOR JOSE GUIMARAES
B76: sim | C76: 82 | D76: 85.4 | I76: EnsinoMédionaModalidadeEducaçãoProfissionalTécnica | K76: 20 | T76: Colégio Estadual Professor Júlio Mesquita
B77: Total | C77: 96 | D77: 100 | I77: EJAemsituaçãodeprivaçãodeliberdade | K77: 1 | T77: COLEGIO ESTADUAL PROFESSOR NILO BRANDAO - EFM
T78: COLÉGIO ESTADUAL PROFESSOR OLAVO DEL CLARO - EFM
T79: COLÉGIO ESTADUAL PROFESSOR TEOBALDO LEONARDO KLETEMBERG- EFM
A80: 1072.Há algum tipo de discussão/denúncia sobre a existência de racismo, discriminação e/ou preconceito étnico e/ou racial em livros didáticos utilizados pelos estudantes? | T80: COLEGIO ESTADUAL PROFESSORA HILDEGARD SONDAHL
T81: COLÉGIO ESTADUAL PROFESSORA ISABEL LOPES SANTOS SOUZA EFM/EJA.
C82: Frequência | D82: Porcentual | T82: COLÉGIO ESTADUAL PROFESSORA MARIA AGUIAR TEIXEIRA - EFPM
A83: Válido | B83: não | C83: 76 | D83: 79.2 | T83: COLEGIO ESTADUAL PROFESSORA MARIA HELOISA CASSELLI - EFM
B84: sim | C84: 18 | D84: 18.8 | T84: COLEGIO ESTADUAL PROFESSORA MARLI QUEIROZ AZEVEDO - EFM
B85: ausente | C85: 2 | D85: 2.1 | T85: Colégio Estadual Protásio de Carvalho EFM
B86: Total | C86: 96 | D86: 100 | T86: COLEGIO ESTADUAL RIO BRANCO ENSINO MÉDIO E TÉCNICO
T87: COLEGIO ESTADUAL ROBERTO LANGER JR.
T88: COLEGIO ESTADUAL RODOLPHO ZANINELLI
A89: 59.Há atividades que envolvam a Comunidade Escolar em Jogos, Gincanas e/ou Brincadeiras, e que tenha sua origem reconhecida como sendo de alguma etnia Indígena brasileira? | T89: COLEGIO ESTADUAL SANTA CANDIDA
T90: Colégio Estadual Santa gemma Galgani
C91: Frequência | D91: Porcentual | T91: COLEGIO ESTADUAL SANTO AGOSTNHO - EFM
A92: Válido | B92: não | C92: 54 | D92: 56.3 | T92: COLÉGIO ESTADUAL SÃO BRAZ - EFM
B93: sim | C93: 42 | D93: 43.8 | T93: COLEGIO ESTADUAL SAO PEDRO APOSTOLO - EFMP
B94: Total | C94: 96 | D94: 100 | T94: COLÉGIO ESTADUAL SEBASTIÃO SAPORSKI
T95: COLEGIO ESTADUAL SENADOR MANOEL ALENCAR GUIMARAES
T96: COLÉGIO ESTADUAL SENHORINHA DE MORAES SARMENTO- E.F.M.
A97: 510.Há atividades que envolvam a Comunidade Escolar em Jogos, Gincanas e/ou Brincadeiras, e tenha sua origem reconhecida como sendo de algum país do continente Africano e/ou da cultura afro-brasileira? | T97: COLÉGIO ESTADUAL TATUQUARA- EFM
T98: COLEGIO ESTADUAL YVONE PIMENTEL
C99: Frequência | D99: Porcentual | T99: ESCOLA ESTADUAL ALINE PICHETH - EF
A100: Válido | B100: não | C100: 38 | D100: 39.6 | T100: Escola Estadual Dom Orione -EF
B101: sim | C101: 58 | D101: 60.4 | T101: ESCOLA ESTADUAL DOM PEDRO II - E.E
B102: Total | C102: 96 | D102: 100 | T102: ESCOLA ESTADUAL DONA CAROLA
T103: Escola Estadual Jose Richa
...

Sheet Dois Vizinhos
A1: NÚCLEO REGIONAL | B1: ESCOLAS ESTADUAIS RESPONDENTES | C1: ESCOLAS ESTADUAIS ATIVAS 2018 | D1: % DE RESPOSTAS | F1: NRE DOIS VIZINHOS
A2: DOIS VIZINHOS | B2: 25 | C2: 34 | D2: 73.529412
A4: QUESTÕES UTILIZADAS PARA FORMAÇÃO DOS FATORES DE ANÁLISE
A6: 75.A Unidade Escolar ofereceu, no último ano letivo, cursos de formação para professores(as) e demais funcionários(as) da escola sobre conteúdos referentes às relações raciais e a implementação da Lei n. 10.639/2003?
C8: Frequência | D8: Porcentual | E8: Porcentagem válida | F8: Porcentagem acumulativa | I8: Fatores | J8: variável | K8: sim | L8: não | M8: Ausente | N8: N (respondente total) | O8: E (indicador por variável) | P8: E (total fator) | Q8: Escala Interpretativa | T8: Indicador de Verificação geral | U8: E | V8: Escala Interpretativa
A9: Válido | B9: não | C9: 11 | D9: 44 | E9: 44 | F9: 44 | I9: F1 | J9: 75 | K9: =C10 -> 14 | L9: =C9 -> 11 | M9: =0 -> 0 | N9: =C11 -> 25 | O9: =(N9-(M9+L9))/N9 -> 0.56 | P9: =(O9+O10+O11)/3 -> 0.58666667 | Q9: Moderada (0,40 - 0,69) | T9: ERER NRE DOIS VIZINHOS | U9: =(O9+O10+O11+O12+O13+O14+O15+O16+O17+O18+O19+O20+O21+O22+O23)/15 -> 0.67466667 | V9: Moderada (0,40 - 0,69)
B10: sim | C10: 14 | D10: 56 | E10: 56 | F10: 100 | J10: 76 | K10: =C18 -> 15 | L10: =C17 -> 10 | M10: =0 -> 0 | N10: =C19 -> 25 | O10: =(N10-(M10+L10))/N10 -> 0.6
B11: Total | C11: 25 | D11: 100 | E11: 100 | J11: 77 | K11: =C26 -> 15 | L11: =C25 -> 10 | M11: =0 -> 0 | N11: =C27 -> 25 | O11: =(N11-(M11+L11))/N11 -> 0.6
I12: F2 | J12: 63 | K12: =C34 -> 7 | L12: =C33 -> 18 | M12: =0 -> 0 | N12: =C35 -> 25 | O12: =(N12-(M12+L12))/N12 -> 0.28 | P12: =(O12+O13+O14+O15)/4 -> 0.61 | Q12: Moderada (0,40 - 0,69)
J13: 64 | K13: =C42 -> 7 | L13: =C41 -> 18 | M13: =0 -> 0 | N13: =C43 -> 25 | O13: =(N13-(M13+L13))/N13 -> 0.28
A14: 76.Essa Unidade Escolar ofereceu, no último ano letivo, cursos de formação para professores(as) e demais funcionários(as) da escola sobre conteúdos referentes às relações étnico-raciais e a implementação da Lei n. 11.645/2008? | J14: 911 | K14: =C50 -> 24 | L14: =C49 -> 1 | M14: =C51 -> 0 | N14: =C52 -> 25 | O14: =(N14-(M14+L14))/N14 -> 0.96
J15: 93 | K15: =C59 -> 23 | L15: =C58 -> 2 | M15: =C60 -> 0 | N15: =C61 -> 25 | O15: =(N15-(M15+L15))/N15 -> 0.92
C16: Frequência | D16: Porcentual | E16: Porcentagem válida | F16: Porcentagem acumulativa | I16: F3 | J16: 1072 | K16: =C84 -> 1 | L16: =C83 -> 23 | M16: =C85 -> 1 | N16: =C86 -> 25 | O16: =(N16-(M16+L16))/N16 -> 0.04 | P16: =O16 -> 0.04 | Q16: Irrisória (0 - 0,19
A17: Válido | B17: não | C17: 10 | D17: 40 | E17: 40 | F17: 40 | I17: F4 | J17: 102 | K17: =C68 -> 22 | L17: =C67 -> 3 | M17: =0 -> 0 | N17: =C69 -> 25 | O17: =(N17-(M17+L17))/N17 -> 0.88 | P17: =(O17+O18)/2 -> 0.92 | Q17: Expressiva (0,90 - 1,00) | T17: Nome da Unidade Escolar
B18: sim | C18: 15 | D18: 60 | E18: 60 | F18: 100 | J18: 103 | K18: =C76 -> 24 | L18: =C75 -> 1 | M18: =0 -> 0 | N18: =C77 -> 25 | O18: =(N18-(M18+L18))/N18 -> 0.96
B19: Total | C19: 25 | D19: 100 | E19: 100 | I19: F5 | J19: 59 | K19: =C93 -> 15 | L19: =C92 -> 10 | M19: =0 -> 0 | N19: =C94 -> 25 | O19: =(N19-(M19+L19))/N19 -> 0.6 | P19: =(O19+O20)/2 -> 0.68 | Q19: Moderada (0,40 - 0,69)
J20: 510 | K20: =C101 -> 19 | L20: =C100 -> 6 | M20: =0 -> 0 | N20: =C102 -> 25 | O20: =(N20-(M20+L20))/N20 -> 0.76 | T20: Colegio Estadual Dr. Paranhos Ensino Fundamental e Medio.
I21: F6 | J21: 56 | K21: =C109 -> 23 | L21: =C108 -> 2 | M21: =0 -> 0 | N21: =C110 -> 25 | O21: =(N21-(M21+L21))/N21 -> 0.92 | P21: =(O21+O22)/2 -> 0.94 | Q21: Expressiva (0,90 - 1,00) | T21: COLÉGIO ESTADUAL BOA ESPERANÇA DO IGUAÇU - ENSINO FUNDAMENTAL E MÉDIO
A22: 77.Nessa Unidade Escolar foi realizada alguma formação, encontro ou reunião que instigasse a reflexão, por parte dos profissionais da educação, sobre seu pertencimento étnico-racial (ser branco, ser negro, ser terena, ser guarani, etc.)? | J22: 57 | K22: =C117 -> 24 | L22: =C116 -> 1 | M22: =0 -> 0 | N22: =C118 -> 25 | O22: =(N22-(M22+L22))/N22 -> 0.96 | T22: COLEGIO ESTADUAL DE DOIS VIZINHOS ENSINO FUNDAMENTAL MEDIO E PROFISSIONAL
I23: F7 | J23: 86 | K23: =C125 -> 20 | L23: =C124 -> 2 | M23: =C126 -> 3 | N23: =C127 -> 25 | O23: =(N23-(M23+L23))/N23 -> 0.8 | P23: =O23 -> 0.8 | Q23: Representativa (0,70 - 0,89) | T23: COLEGIO ESTADUAL DO CAMPO GERMANO STEDILE - EFM
C24: Frequência | D24: Porcentual | E24: Porcentagem válida | F24: Porcentagem acumulativa | T24: COLÉGIO ESTADUAL DO CAMPO SÃO FRANCISCO DO BANDEIRA- ENSINO FUNDAMENTAL E MÉDIO
A25: Válido | B25: não | C25: 10 | D25: 40 | E25: 40 | F25: 40 | I25: Localização da Unidade Escolar | T25: COLÉGIO ESTADUAL DOUTOR ARNALDO BUSATO
B26: sim | C26: 15 | D26: 60 | E26: 60 | F26: 100 | T26: Colegio Estadual Irma Maria Margarida - Ensino Fundamental, Medio e Normal
B27: Total | C27: 25 | D27: 100 | E27: 100 | J27: Frequência | K27: Porcentual | T27: COLEGIO ESTADUAL JOSE DE ALENCAR - ENSINO MEDIO
I28: Zona Urbana | J28: 16 | K28: 64 | T28: COLÉGIO ESTADUAL JOSÉ DE ANCHIETA - EFM
I29: Zona Rural | J29: 9 | K29: 36 | T29: COLEGIO ESTADUAL LEONARDO DA VINCI ENSINO FUNDAMENTAL MÉDIO NORMAL E PROFISSIONAL
A30: 63.Nessa Unidade Escolar desenvolvem-se pesquisas com entidades e/ou ativistas de movimentos sociais que estimulem os(as) estudantes a conhecerem a história da População Negra do Brasil? | I30: Total | J30: 25 | K30: 100 | T30: COLÉGIO ESTADUAL NOVA ESPERANÇA - EFM
T31: COLEGIO ESTADUAL PE JOSE DE ANCHIETA - ENSINO FUNDAMENTAL, MEDIO, NORMAL E PROFISSIONAL.
C32: Frequência | D32: Porcentual | E32: Porcentagem válida | F32: Porcentagem acumulativa | T32: ESCOLA ESTADUAL CRISTO REDENTOR - EF
A33: Válido | B33: não | C33: 18 | D33: 72 | E33: 72 | F33: 72 | I33: Principal modalidade de Educação adotada na Unidade Escolar | T33: ESCOLA ESTADUAL DO BAIRRO ITAIPU
B34: sim | C34: 7 | D34: 28 | E34: 28 | F34: 100 | T34: Escola Estadual do Campo Barra Bonita - E. F.
B35: Total | C35: 25 | D35: 100 | E35: 100 | J35: Frequência | K35: Porcentual | T35: ESCOLA ESTADUAL DO CAMPO CECILIA MEIRELES - ENSINO FUNDAMENTAL
I36: Educação Básica (Currículo Comum Nacional) | J36: 20 | K36: 80 | T36: Escola Estadual do Campo de Barra do Lontra - Ensino Fundamental
I37: Educação do Campo | J37: 5 | K37: 20 | T37: Escola Estadual do Campo de Pinhal da Várzea Ensino Fundamental
A38: 64.Nessa Unidade Escolar desenvolvem-se pesquisas com entidades e/ou ativistas de movimentos sociais que estimulem os(as) estudantes a conhecerem a história da População Indígena brasileira? | I38: Total | J38: 25 | K38: 100 | T38: ESCOLA ESTADUAL DO CAMPO DE SEDE DA LUZ - ENSINO FUNDAMENTAL
T39: ESCOLA ESTADUAL DO CAMPO LINHA CONRADO
C40: Frequência | D40: Porcentual | E40: Porcentagem válida | F40: Porcentagem acumulativa | T40: ESCOLA ESTADUAL DO CAMPO NOVA SANT' ANA - ENSINO FUNDAMENTAL
A41: Válido | B41: não | C41: 18 | D41: 72 | E41: 72 | F41: 72 | I41: Quesito cor/raça no cadastro das/os profissionais | T41: ESCOLA ESTADUAL DUQUE DE CAXIAS - ENSINO FUNDAMENTAL
B42: sim | C42: 7 | D42: 28 | E42: 28 | F42: 100 | T42: ESCOLA ESTADUAL IRMA CELESTINA MARIA
B43: Total | C43: 25 | D43: 100 | E43: 100 | J43: Frequência | K43: Porcentual | T43: ESCOLA ESTADUAL JORGE DE LIMA - EF
I44: Não | J44: 1 | K44: 4 | T44: ESCOLA ESTADUAL PAULO FREIRE - EF
I45: Sim | J45: 24 | K45: 96 | T45: Total | U45: 25 | V45: 100
A46: 911.O Projeto Político Pedagógico cita a temática da Educação das Relações Étnico-Raciais e/ou o ensino de História e Cultura Afro-brasileira, africana e indígena? | I46: Total | J46: 25 | K46: 100
C48: Frequência | D48: Porcentual | E48: Porcentagem válida | F48: Porcentagem acumulativa
A49: Válido | B49: não | C49: 1 | D49: 4 | E49: 4 | F49: 4 | I49: Quesito cor/raça no cadastro das/os estudantes | T49: @3.MunicípiodelocalizaçãodasededaUnidadeEscolar
B50: sim | C50: 24 | D50: 96 | E50: 96 | F50: 100 | U50: Frequência | V50: Porcentual
B51: Ausente | C51: 0 | J51: Frequência | K51: Porcentual | T51: BOA ESPERANCA DO IGUACU | U51: 1 | V51: 4
B52: Total | C52: 25 | D52: 100 | E52: 100 | I52: sim | J52: 25 | K52: 100 | T52: CRUZEIRO DO IGUACU | U52: 2 | V52: 8
T53: DOIS VIZINHOS | U53: 8 | V53: 32
T54: NOVA ESPERANCA DO SUDOEST | U54: 2 | V54: 8
A55: 93.O Projeto Político Pedagógico explicita o compromisso com uma educação de valorização da diversidade étnico-racial e antirracista na Unidade Escolar? | I55: Etapas de Ensino atendidos pela Unidade Escolar | T55: NOVA PRATA DO IGUACU | U55: 3 | V55: 12
T56: SALTO DO LONTRA | U56: 6 | V56: 24
C57: Frequência | D57: Porcentual | E57: Porcentagem válida | F57: Porcentagem acumulativa | K57: Frequência | T57: SAO JORGE DOESTE | U57: 3 | V57: 12
A58: Válido | B58: não | C58: 2 | D58: 8 | E58: 8 | F58: 8 | I58: EnsinoFundamentalRegular | K58: 23 | T58: Total | U58: 25 | V58: 100
B59: sim | C59: 23 | D59: 92 | E59: 92 | F59: 100 | I59: EnsinoMédioRegular | K59: 12
B60: Ausente | C60: 0 | I60: EnsinoFundamentalnaModalidadeEducaçãoEspecial | K60: 2
B61: Total | C61: 25 | D61: 100 | E61: 100 | I61: EnsinoMédionaModalidadeEducaçãoEspecial | K61: 1
I62: EnsinoMédionaModalidadeEducaçãoProfissionalTécnica | K62: 4
A64: 102.Existem, na Unidade Escolar, livros de literatura infantil e/ou infanto-juvenil com personagens protagonistas negros?
C66: Frequência | D66: Porcentual | E66: Porcentagem válida | F66: Porcentagem acumulativa
A67: Válido | B67: não | C67: 3 | D67: 12 | E67: 12 | F67: 12
B68: sim | C68: 22 | D68: 88 | E68: 88 | F68: 100
B69: Total | C69: 25 | D69: 100 | E69: 100
A72: 103.Existem, na Unidade Escolar, livros de literatura infantil e/ou infanto-juvenil, com personagens protagonistas indígenas?
C74: Frequência | D74: Porcentual | E74: Porcentagem válida | F74: Porcentagem acumulativa
A75: Válido | B75: não | C75: 1 | D75: 4 | E75: 4 | F75: 4
B76: sim | C76: 24 | D76: 96 | E76: 96 | F76: 100
B77: Total | C77: 25 | D77: 100 | E77: 100
A80: 1072.Há algum tipo de discussão/denúncia sobre a existência de racismo, discriminação e/ou preconceito étnico e/ou racial em livros didáticos utilizados pelos estudantes?
C82: Frequência | D82: Porcentual | E82: Porcentagem válida | F82: Porcentagem acumulativa
A83: Válido | B83: não | C83: 23 | D83: 92 | E83: 92 | F83: 92
B84: sim | C84: 1 | D84: 4 | E84: 4 | F84: 96
B85: ausente | C85: 1 | D85: 4 | E85: 4 | F85: 100
B86: Total | C86: 25 | D86: 100 | E86: 100
A89: 59.Há atividades que envolvam a Comunidade Escolar em Jogos, Gincanas e/ou Brincadeiras, e que tenha sua origem reconhecida como sendo de alguma etnia Indígena brasileira?
C91: Frequência | D91: Porcentual | E91: Porcentagem válida | F91: Porcentagem acumulativa
A92: Válido | B92: não | C92: 10 | D92: 40 | E92: 40 | F92: 40
B93: sim | C93: 15 | D93: 60 | E93: 60 | F93: 100
B94: Total | C94: 25 | D94: 100 | E94: 100
A97: 510.Há atividades que envolvam a Comunidade Escolar em Jogos, Gincanas e/ou Brincadeiras, e tenha sua origem reconhecida como sendo de algum país do continente Africano e/ou da cultura afro-brasileira?
C99: Frequência | D99: Porcentual | E99: Porcentagem válida | F99: Porcentagem acumulativa
A100: Válido | B100: não | C100: 6 | D100: 24 | E100: 24 | F100: 24
B101: sim | C101: 19 | D101: 76 | E101: 76 | F101: 100
B102: Total | C102: 25 | D102: 100 | E102: 100
A105: 56.Os Materiais bibliográficos disponibilizados na escola para uso dos(as) professores(as) e estudantes possibilitam o trabalho com referenciais sobre a diversidade étnica da População Indígena?
C107: Frequência | D107: Porcentual | E107: Porcentagem válida | F107: Porcentagem acumulativa
A108: Válido | B108: não | C108: 2 | D108: 8 | E108: 8 | F108: 8
B109: sim | C109: 23 | D109: 92 | E109: 92 | F109: 100
B110: Total | C110: 25 | D110: 100 | E110: 100
A113: 57.Os Materiais bibliográficos disponibilizados na escola para uso dos(as) professores(as) e estudantes possibilitam o trabalho com referenciais sobre a diversidade e riqueza histórico-cultural da População Negra?
C115: Frequência | D115: Porcentual | E115: Porcentagem válida | F115: Porcentagem acumulativa
A116: Válido | B116: não | C116: 1 | D116: 4 | E116: 4 | F116: 4
B117: sim | C117: 24 | D117: 96 | E117: 96 | F117: 100
B118: Total | C118: 25 | D118: 100 | E118: 100
A121: 86.Na Unidade Escolar, há registro de projetos (disciplinares ou interdisciplinares) e/ou de trabalhos pedagógicos que já utilizaram ou utilizam os materiais para a Educação das Relações Étnico-Raciais existentes na escola?
C123: Frequência | D123: Porcentual | E123: Porcentagem válida | F123: Porcentagem acumulativa
A124: Válido | B124: não | C124: 2 | D124: 8 | E124: 8 | F124: 8
B125: sim | C125: 20 | D125: 80 | E125: 80 | F125: 88
B126: ausente | C126: 3 | D126: 12 | E126: 12 | F126: 100
B127: Total | C127: 25 | D127: 100 | E127: 100

Sheet Foz do Iguaçu
A1: NÚCLEO REGIONAL | B1: ESCOLAS ESTADUAIS RESPONDENTES | C1: ESCOLAS ESTADUAIS ATIVAS 2018 | D1: % DE RESPOSTAS | F1: NRE FOZ DO IGUAÇU
A2: FOZ DO IGUACU | B2: 63 | C2: 67 | D2: 94.029851
A4: QUESTÕES UTILIZADAS PARA FORMAÇÃO DOS FATORES DE ANÁLISE
A6: 75.A Unidade Escolar ofereceu, no último ano letivo, cursos de formação para professores(as) e demais funcionários(as) da escola sobre conteúdos referentes às relações raciais e a implementação da Lei n. 10.639/2003?
C8: Frequência | D8: Porcentual | I8: Fatores | J8: variável | K8: sim | L8: não | M8: Ausente | N8: N (respondente total) | O8: E (indicador por variável) | P8: E (total fator) | Q8: Escala Interpretativa | T8: Indicador de Verificação geral | U8: E | V8: Escala Interpretativa
A9: Válido | B9: não | C9: 15 | D9: 23.8 | I9: F1 | J9: 75 | K9: =C10 -> 48 | L9: =C9 -> 15 | M9: =0 -> 0 | N9: =C11 -> 63 | O9: =(N9-(M9+L9))/N9 -> 0.76190476 | P9: =(O9+O10+O11)/3 -> 0.74603175 | Q9: Moderada (0,40 - 0,69) | T9: ERER NRE FOZ DO IGUAÇU | U9: =(O9+O10+O11+O12+O13+O14+O15+O16+O17+O18+O19+O20+O21+O22+O23)/15 -> 0.76719577 | V9: Representativa (0,70 - 0,89)
B10: sim | C10: 48 | D10: 76.2 | J10: 76 | K10: =C18 -> 48 | L10: =C17 -> 15 | M10: =0 -> 0 | N10: =C19 -> 63 | O10: =(N10-(M10+L10))/N10 -> 0.76190476
B11: Total | C11: 63 | D11: 100 | J11: 77 | K11: =C26 -> 45 | L11: =C25 -> 18 | M11: =0 -> 0 | N11: =C27 -> 63 | O11: =(N11-(M11+L11))/N11 -> 0.71428571
I12: F2 | J12: 63 | K12: =C34 -> 41 | L12: =C33 -> 22 | M12: =0 -> 0 | N12: =C35 -> 63 | O12: =(N12-(M12+L12))/N12 -> 0.65079365 | P12: =(O12+O13+O14+O15)/4 -> 0.78174603 | Q12: Moderada (0,40 - 0,69)
J13: 64 | K13: =C42 -> 36 | L13: =C41 -> 27 | M13: =0 -> 0 | N13: =C43 -> 63 | O13: =(N13-(M13+L13))/N13 -> 0.57142857
A14: 76.Essa Unidade Escolar ofereceu, no último ano letivo, cursos de formação para professores(as) e demais funcionários(as) da escola sobre conteúdos referentes às relações étnico-raciais e a implementação da Lei n. 11.645/2008? | J14: 911 | K14: =C50 -> 61 | L14: =C49 -> 1 | M14: =C51 -> 1 | N14: =C52 -> 63 | O14: =(N14-(M14+L14))/N14 -> 0.96825397
J15: 93 | K15: =C59 -> 59 | L15: =C58 -> 3 | M15: =C60 -> 1 | N15: =C61 -> 63 | O15: =(N15-(M15+L15))/N15 -> 0.93650794
C16: Frequência | D16: Porcentual | I16: F3 | J16: 1072 | K16: =C84 -> 10 | L16: =C83 -> 53 | M16: =C85 -> 0 | N16: =C86 -> 63 | O16: =(N16-(M16+L16))/N16 -> 0.15873016 | P16: =O16 -> 0.15873016 | Q16: Irrisória (0 - 0,19
A17: Válido | B17: não | C17: 15 | D17: 23.8 | I17: F4 | J17: 102 | K17: =C68 -> 58 | L17: =C67 -> 5 | M17: =0 -> 0 | N17: =C69 -> 63 | O17: =(N17-(M17+L17))/N17 -> 0.92063492 | P17: =(O17+O18)/2 -> 0.8968254 | Q17: Expressiva (0,90 - 1,00) | T17: Nome da Unidade Escolar
B18: sim | C18: 48 | D18: 76.2 | J18: 103 | K18: =C76 -> 55 | L18: =C75 -> 8 | M18: =0 -> 0 | N18: =C77 -> 63 | O18: =(N18-(M18+L18))/N18 -> 0.87301587
B19: Total | C19: 63 | D19: 100 | I19: F5 | J19: 59 | K19: =C93 -> 42 | L19: =C92 -> 21 | M19: =0 -> 0 | N19: =C94 -> 63 | O19: =(N19-(M19+L19))/N19 -> 0.66666667 | P19: =(O19+O20)/2 -> 0.70634921 | Q19: Moderada (0,40 - 0,69)
J20: 510 | K20: =C101 -> 47 | L20: =C100 -> 16 | M20: =0 -> 0 | N20: =C102 -> 63 | O20: =(N20-(M20+L20))/N20 -> 0.74603175 | T20: CEEBJA HELENA KOLODY
I21: F6 | J21: 56 | K21: =C109 -> 59 | L21: =C108 -> 4 | M21: =0 -> 0 | N21: =C110 -> 63 | O21: =(N21-(M21+L21))/N21 -> 0.93650794 | P21: =(O21+O22)/2 -> 0.95238095 | Q21: Expressiva (0,90 - 1,00) | T21: CEEBJA Matelandia - Ensino Fundamental e Medio
A22: 77.Nessa Unidade Escolar foi realizada alguma formação, encontro ou reunião que instigasse a reflexão, por parte dos profissionais da educação, sobre seu pertencimento étnico-racial (ser branco, ser negro, ser terena, ser guarani, etc.)? | J22: 57 | K22: =C117 -> 61 | L22: =C116 -> 2 | M22: =0 -> 0 | N22: =C118 -> 63 | O22: =(N22-(M22+L22))/N22 -> 0.96825397 | T22: CEEBJA PROFESSOR ORIDES BALOTIN GUERRA
I23: F7 | J23: 86 | K23: =C125 -> 55 | L23: =C124 -> 3 | M23: =C126 -> 5 | N23: =C127 -> 63 | O23: =(N23-(M23+L23))/N23 -> 0.87301587 | P23: =O23 -> 0.87301587 | Q23: Representativa (0,70 - 0,89) | T23: CEEBJA SÃO MIGUEL DO IGUAÇU
C24: Frequência | D24: Porcentual | T24: CEEP Manoel Moreira Pena - Colégio Agrícola
A25: Válido | B25: não | C25: 18 | D25: 28.6 | T25: centro Estadual de Educação Básica para Jovens e Adultos
B26: sim | C26: 45 | D26: 71.4 | I26: MUNICÍPIOS | T26: COLÉGIO ESTADUAL MARECHAL ARTHUR DA COSTA E SILVA
B27: Total | C27: 63 | D27: 100 | T27: COLEGIO ESTADUAL ALMIRANTE TAMANDARE
T28: COLÉGIO ESTADUAL ALMIRO SARTORI
K29: Frequência | L29: Porcentual | T29: Colégio Estadual Ângelo Antonio Benedet Ensino Fundamental e Médio.
A30: 63.Nessa Unidade Escolar desenvolvem-se pesquisas com entidades e/ou ativistas de movimentos sociais que estimulem os(as) estudantes a conhecerem a história da População Negra do Brasil? | I30: FOZ DO IGUACU | K30: 29 | L30: 46 | T30: Colegio estadual arcangelo nandi
I31: ITAIPULANDIA | K31: 3 | L31: 4.8 | T31: Colegio Estadual Ayrton Senna
C32: Frequência | D32: Porcentual | I32: MATELANDIA | K32: 3 | L32: 4.8 | T32: COLEGIO ESTADUAL BARAO DO RIO BRANCO ENSINO FUNDAMENTAL MEDIO NORMAL E PROFISSIONAL
A33: Válido | B33: não | C33: 22 | D33: 34.9 | I33: MEDIANEIRA | K33: 8 | L33: 12.7 | T33: COLÉGIO ESTADUAL BARTOLOMEU MITRE - ENSINO FUNDAMENTAL E MÉDIO
B34: sim | C34: 41 | D34: 65.1 | I34: MISSAL | K34: 6 | L34: 9.5 | T34: COLÉGIO ESTADUAL BELO HORIZONTE - ENSINO FUNDAMENTAL E MÉDIO
B35: Total | C35: 63 | D35: 100 | I35: RAMILANDIA | K35: 1 | L35: 1.6 | T35: Colégio Estadual Carlos Drummond de Andrade-EFM
I36: SANTA TEREZINHA DE ITAIPU | K36: 4 | L36: 6.3 | T36: COLEGIO ESTADUAL CARLOS ZEWE COIMBRA -EFM E EJA
I37: SAO MIGUEL DO IGUACU | K37: 7 | L37: 11.1 | T37: COLÉGIO ESTADUAL CATARATAS DO IGUAÇU
A38: 64.Nessa Unidade Escolar desenvolvem-se pesquisas com entidades e/ou ativistas de movimentos sociais que estimulem os(as) estudantes a conhecerem a história da População Indígena brasileira? | I38: SERRANOPOLIS DO IGUACU | K38: 2 | L38: 3.2 | T38: COLÉGIO ESTADUAL COSTA E SILVA
I39: Total | K39: 63 | L39: 100 | T39: COLEGIO ESTADUAL DO CAMPO ALBERTO SANTOS DUMONT EFM
C40: Frequência | D40: Porcentual | T40: COLÉGIO ESTADUAL DO CAMPO COELHO NETO - EFM
A41: Válido | B41: não | C41: 27 | D41: 42.9 | T41: COLÉGIO ESTADUAL DO CAMPO DOM PEDRO II - ENSINO FUNDAMENTAL INTEGRAL E ENSINO MÉDIO
B42: sim | C42: 36 | D42: 57.1 | I42: Localização da Unidade Escolar | T42: COLEGIO ESTADUAL DO CAMPO MARALUCIA ENSINO FUNDAMENTAL E MÉDIO
B43: Total | C43: 63 | D43: 100 | T43: COLEGIO ESTADUAL DO CAMPO PEDRO AMERICO
J44: Frequência | K44: Porcentual | T44: COLEGIO ESTADUAL DO CAMPO PRESIDENTE KENNEDY ENSINO FUNDAMENTAL E MEDIO
I45: Zona Urbana | J45: 54 | K45: 85.7 | T45: Colégio Estadual do campo Santa Rosa do Ocoí.
A46: 911.O Projeto Político Pedagógico cita a temática da Educação das Relações Étnico-Raciais e/ou o ensino de História e Cultura Afro-brasileira, africana e indígena? | I46: Zona Rural | J46: 9 | K46: 14.3 | T46: COLEGIO ESTADUAL DO CAMPO SAO JOAO BATISTA DE LA SALLE
I47: Total | J47: 63 | K47: 100 | T47: COLEGIO ESTADUAL DO CAMPO TANCREDO NEVES
C48: Frequência | D48: Porcentual | T48: COLÉGIO ESTADUAL DO CAMPO TEOTÔNIO VILELLA
A49: Válido | B49: não | C49: 1 | D49: 1.6 | T49: COLEGIO ESTADUAL DOM MANOEL KONNER
B50: sim | C50: 61 | D50: 96.8 | I50: Localização diferencia da Unidade Escolar | T50: COLEGIO ESTADUAL DOM PEDRO II
B51: ausente | C51: 1 | D51: 1.6 | T51: COLÉGIO ESTADUAL DR. ARNALDO BUSATTO
B52: Total | C52: 63 | D52: 100 | J52: Frequência | K52: Porcentual | T52: COLÉGIO ESTADUAL EUCLIDES DA CUNHA - EFMN
I53: Não se aplica | J53: 60 | K53: 95.2 | T53: COLEGIO ESTADUAL GUSTAVO DOBRANDINO DA SILVA
I54: Terra indígena | J54: 2 | K54: 3.2 | T54: COLÉGIO ESTADUAL INDÍGENA TEKO ÑEMOINGO
A55: 93.O Projeto Político Pedagógico explicita o compromisso com uma educação de valorização da diversidade étnico-racial e antirracista na Unidade Escolar? | I55: Penitenciária e/ou C | J55: 1 | K55: 1.6 | T55: COLEGIO ESTADUAL IPE ROXO - EFM
I56: Total | J56: 63 | K56: 100 | T56: COLÉGIO ESTADUAL JOÃO MANOEL MONDRONE
C57: Frequência | D57: Porcentual | T57: COLÉGIO ESTADUAL JORGE SCHIMMELPFENG
A58: Válido | B58: não | C58: 3 | D58: 4.8 | T58: Colegio estadual Juscelino Kubitschek de Oliveira
B59: sim | C59: 59 | D59: 93.7 | I59: Principal modalidade de Educação adotada na Unidade Escolar | T59: Colegio estadual Monsemhor Guilherme
B60: ausente | C60: 1 | D60: 1.6 | T60: COLEGIO ESTADUAL NAIRA FELLINI
B61: Total | C61: 63 | D61: 100 | J61: Frequência | K61: Porcentual | T61: COLEGIO ESTADUAL NESTOR VICTOR DOS SANTOS - EFM
I62: Educação Básica (Currículo Comum Nacional) | J62: 52 | K62: 82.5 | T62: COLEGIO ESTADUAL PADRE EDUARDO MICHELIS - ENSINO FUNDAMENTAL, MEDIO E NORMAL
I63: Educação do Campo | J63: 7 | K63: 11.1 | T63: COLÉGIO ESTADUAL PAULO FREIRE - ENSINO FUNDAMENTAL, MÉDIO E EJA.
A64: 102.Existem, na Unidade Escolar, livros de literatura infantil e/ou infanto-juvenil com personagens protagonistas negros? | I64: Educação Indígena | J64: 2 | K64: 3.2 | T64: COLEGIO ESTADUAL PEDRO VIRIATO PARIGOT DE SOUZA - EFM
I65: Educação Profissional Técnica de Nível Médio | J65: 2 | K65: 3.2 | T65: COLEGIO ESTADUAL PIONEIROS - EFM
C66: Frequência | D66: Porcentual | I66: Total | J66: 63 | K66: 100 | T66: COLEGIO ESTADUAL PRESIDENTE CASTELO BRANCO
A67: Válido | B67: não | C67: 5 | D67: 7.9 | T67: COLEGIO ESTADUAL PRESIDENTE COSTA E SILVA - EFM
B68: sim | C68: 58 | D68: 92.1 | T68: COLÉGIO ESTADUAL PROFESSOR FLAVIO WARKEN
B69: Total | C69: 63 | D69: 100 | I69: Quesito cor/raça no cadastro das/os profissionais | T69: Colégio Estadual Professor Mariano Camilo Paganoto
T70: COLEGIO ESTADUAL SANTA RITA
J71: Frequência | K71: Porcentual | T71: COLÉGIO ESTADUAL SOL DE MAIO - ENSINO FUNDAMENTAL MÉDIO E PROFISSIONALIZANTE.
A72: 103.Existem, na Unidade Escolar, livros de literatura infantil e/ou infanto-juvenil, com personagens protagonistas indígenas? | I72: Não | J72: 11 | K72: 17.5 | T72: COLÉGIO ESTADUAL TANCREDO DE ALMEIDA NEVES
I73: Sim | J73: 52 | K73: 82.5 | T73: COLEGIO ESTADUAL TANCREDO NEVES-ENSINO FUNDAMENTAL E MEDIO
C74: Frequência | D74: Porcentual | I74: Total | J74: 63 | K74: 100 | T74: COLEGIO ESTADUAL TARQUINIO SANTOS
A75: Válido | B75: não | C75: 8 | D75: 12.7 | T75: COLEGIO ESTADUAL TIRADENTES ENSINO FUNDAMENTAL E MEDIO
B76: sim | C76: 55 | D76: 87.3 | I76: Quesito cor/raça no cadastro das/os estudantes | T76: COLEGIO ESTADUAL TRES FRONTEIRAS
B77: Total | C77: 63 | D77: 100 | T77: Colegio Estadual Ulysses Guimaraes
K78: Frequência | L78: Porcentual | T78: ESCOLA ESTADUAL DO CAMPO AURELIO PILOTO EF
I79: Válido | J79: sim | K79: 63 | L79: 100 | T79: ESCOLA ESTADUAL DO CAMPO CAETANO DE CONTO
A80: 1072.Há algum tipo de discussão/denúncia sobre a existência de racismo, discriminação e/ou preconceito étnico e/ou racial em livros didáticos utilizados pelos estudantes? | T80: ESCOLA ESTADUAL DO CAMPO SANTOS DUMONT
T81: ESCOLA ESTADUAL INDIGENA ARANDU RENDA
C82: Frequência | D82: Porcentual | I82: Etapas de Ensino atendidos pela Unidade Escolar | T82: Escola Estadual Olavo Bila - Ensino Fundamental
A83: Válido | B83: não | C83: 53 | D83: 84.1 | T83: Total | U83: 63
B84: sim | C84: 10 | D84: 15.9 | I84: EducaçãoInfantilRegular | K84: 3
B85: Ausente | C85: 0 | I85: EnsinoFundamentalRegular | K85: 56
B86: Total | C86: 63 | D86: 100 | I86: EnsinoMédioRegular | K86: 50
I87: EnsinoFundamentalnaModalidadeEducaçãoEspecial | K87: 2
I88: EnsinoMédionaModalidadeEducaçãoEspecial | K88: 1
A89: 59.Há atividades que envolvam a Comunidade Escolar em Jogos, Gincanas e/ou Brincadeiras, e que tenha sua origem reconhecida como sendo de alguma etnia Indígena brasileira? | I89: EnsinoFundamentalnaModalidadeEJA | K89: 15
I90: EnsinoMédionaModalidadeEJA | K90: 16
C91: Frequência | D91: Porcentual | I91: EnsinoFundamentalnaModalidadeEducaçãoProfissionalTécnica | K91: 1
A92: Válido | B92: não | C92: 21 | D92: 33.3 | I92: EnsinoMédionaModalidadeEducaçãoProfissionalTécnica | K92: 9
B93: sim | C93: 42 | D93: 66.7 | I93: EJAemsituaçãodeprivaçãodeliberdade | K93: 2
B94: Total | C94: 63 | D94: 100
A97: 510.Há atividades que envolvam a Comunidade Escolar em Jogos, Gincanas e/ou Brincadeiras, e tenha sua origem reconhecida como sendo de algum país do continente Africano e/ou da cultura afro-brasileira?
C99: Frequência | D99: Porcentual
A100: Válido | B100: não | C100: 16 | D100: 25.4
B101: sim | C101: 47 | D101: 74.6
B102: Total | C102: 63 | D102: 100
A105: 56.Os Materiais bibliográficos disponibilizados na escola para uso dos(as) professores(as) e estudantes possibilitam o trabalho com referenciais sobre a diversidade étnica da População Indígena?
C107: Frequência | D107: Porcentual
A108: Válido | B108: não | C108: 4 | D108: 6.3
B109: sim | C109: 59 | D109: 93.7
...

Sheet Francisco Beltrao
A1: NÚCLEO REGIONAL | B1: ESCOLAS ESTADUAIS RESPONDENTES | C1: ESCOLAS ESTADUAIS ATIVAS 2018 | D1: % DE RESPOSTAS | F1: NRE FRANCISCO BELTRÃO
A2: FRANCISCO BELTR | B2: 89 | C2: 94 | D2: 94.680851
A4: QUESTÕES UTILIZADAS PARA FORMAÇÃO DOS FATORES DE ANÁLISE
A6: 75.A Unidade Escolar ofereceu, no último ano letivo, cursos de formação para professores(as) e demais funcionários(as) da escola sobre conteúdos referentes às relações raciais e a implementação da Lei n. 10.639/2003?
C8: Frequência | D8: Porcentual | I8: Fatores | J8: variável | K8: sim | L8: não | M8: Ausente | N8: N (respondente total) | O8: E (indicador por variável) | P8: E (total fator) | Q8: Escala Interpretativa | T8: Indicador de Verificação geral | U8: E | V8: Escala Interpretativa
A9: Válido | B9: não | C9: 37 | D9: 41.6 | I9: F1 | J9: 75 | K9: =C10 -> 52 | L9: =C9 -> 37 | M9: =0 -> 0 | N9: =C11 -> 89 | O9: =(N9-(M9+L9))/N9 -> 0.58426966 | P9: =(O9+O10+O11)/3 -> 0.64794007 | Q9: Moderada (0,40 - 0,69) | T9: ERER NRE FCO BELTRAO | U9: =(O9+O10+O11+O12+O13+O14+O15+O16+O17+O18+O19+O20+O21+O22+O23)/15 -> 0.7258427 | V9: Representativa (0,70 - 0,89)
B10: sim | C10: 52 | D10: 58.4 | J10: 76 | K10: =C18 -> 52 | L10: =C17 -> 37 | M10: =0 -> 0 | N10: =C19 -> 89 | O10: =(N10-(M10+L10))/N10 -> 0.58426966
B11: Total | C11: 89 | D11: 100 | J11: 77 | K11: =C26 -> 69 | L11: =C25 -> 20 | M11: =0 -> 0 | N11: =C27 -> 89 | O11: =(N11-(M11+L11))/N11 -> 0.7752809
I12: F2 | J12: 63 | K12: =C34 -> 43 | L12: =C33 -> 46 | M12: =0 -> 0 | N12: =C35 -> 89 | O12: =(N12-(M12+L12))/N12 -> 0.48314607 | P12: =(O12+O13+O14+O15)/4 -> 0.6994382 | Q12: Moderada (0,40 - 0,69)
J13: 64 | K13: =C42 -> 41 | L13: =C41 -> 48 | M13: =0 -> 0 | N13: =C43 -> 89 | O13: =(N13-(M13+L13))/N13 -> 0.46067416
A14: 76.Essa Unidade Escolar ofereceu, no último ano letivo, cursos de formação para professores(as) e demais funcionários(as) da escola sobre conteúdos referentes às relações étnico-raciais e a implementação da Lei n. 11.645/2008? | J14: 911 | K14: =C50 -> 86 | L14: =C49 -> 3 | M14: =C51 -> 0 | N14: =C52 -> 89 | O14: =(N14-(M14+L14))/N14 -> 0.96629213
J15: 93 | K15: =C59 -> 79 | L15: =C58 -> 10 | M15: =C60 -> 0 | N15: =C61 -> 89 | O15: =(N15-(M15+L15))/N15 -> 0.88764045
C16: Frequência | D16: Porcentual | I16: F3 | J16: 1072 | K16: =C84 -> 12 | L16: =C83 -> 76 | M16: =C85 -> 1 | N16: =C86 -> 89 | O16: =(N16-(M16+L16))/N16 -> 0.13483146 | P16: =O16 -> 0.13483146 | Q16: Irrisória (0 - 0,19 | T16: Nome da Unidade Escolar
A17: Válido | B17: não | C17: 37 | D17: 41.6 | I17: F4 | J17: 102 | K17: =C68 -> 84 | L17: =C67 -> 5 | M17: =0 -> 0 | N17: =C69 -> 89 | O17: =(N17-(M17+L17))/N17 -> 0.94382022 | P17: =(O17+O18)/2 -> 0.92696629 | Q17: Expressiva (0,90 - 1,00)
B18: sim | C18: 52 | D18: 58.4 | J18: 103 | K18: =C76 -> 81 | L18: =C75 -> 8 | M18: =0 -> 0 | N18: =C77 -> 89 | O18: =(N18-(M18+L18))/N18 -> 0.91011236
B19: Total | C19: 89 | D19: 100 | I19: F5 | J19: 59 | K19: =C93 -> 62 | L19: =C92 -> 27 | M19: =0 -> 0 | N19: =C94 -> 89 | O19: =(N19-(M19+L19))/N19 -> 0.69662921 | P19: =(O19+O20)/2 -> 0.74157303 | Q19: Moderada (0,40 - 0,69) | T19: CCEBJA - Novos Horizontes - EF e EM
J20: 510 | K20: =C101 -> 70 | L20: =C100 -> 19 | M20: =0 -> 0 | N20: =C102 -> 89 | O20: =(N20-(M20+L20))/N20 -> 0.78651685 | T20: CEIEBJA FRANCISCO BELTRAO
I21: F6 | J21: 56 | K21: =C109 -> 81 | L21: =C108 -> 8 | M21: =0 -> 0 | N21: =C110 -> 89 | O21: =(N21-(M21+L21))/N21 -> 0.91011236 | P21: =(O21+O22)/2 -> 0.93820225 | Q21: Expressiva (0,90 - 1,00) | T21: CENTRO ESTADUAL DE EDUCAÇÃO BÁSICA PARA JOVENS E ADULTOS
A22: 77.Nessa Unidade Escolar foi realizada alguma formação, encontro ou reunião que instigasse a reflexão, por parte dos profissionais da educação, sobre seu pertencimento étnico-racial (ser branco, ser negro, ser terena, ser guarani, etc.)? | J22: 57 | K22: =C117 -> 86 | L22: =C116 -> 3 | M22: =0 -> 0 | N22: =C118 -> 89 | O22: =(N22-(M22+L22))/N22 -> 0.96629213 | T22: Centro Estadual de Educacao Profissional do Sudoeste do Paraná
I23: F7 | J23: 86 | K23: =C125 -> 71 | L23: =C124 -> 9 | M23: =C126 -> 9 | N23: =C127 -> 89 | O23: =(N23-(M23+L23))/N23 -> 0.79775281 | P23: =O23 -> 0.79775281 | Q23: Representativa (0,70 - 0,89) | T23: COLEGIO ESTADUAL SAO CRISTOVAO - EFM
C24: Frequência | D24: Porcentual | T24: Colégio Est. Barão do Rio Branco-EFM.
A25: Válido | B25: não | C25: 20 | D25: 22.5 | I25: MUNICÍPIOS | T25: COLEGIO ESTADUAL ANTONIO SCHIEBEL - EFN
B26: sim | C26: 69 | D26: 77.5 | T26: Colégio Estadual Arnaldo Busato ENsino Fundamental, Médio e NormaL
B27: Total | C27: 89 | D27: 100 | T27: COLÉGIO ESTADUAL ARNALDO FAIVRO BUSATO - EFM
K28: Frequência | L28: Porcentual | T28: COLEGIO ESTADUAL BEATRIZ BIAVATTI
I29: AMPERE | K29: 7 | L29: 7.9 | T29: Colégio Estadual Bom Jesus - EFM
A30: 63.Nessa Unidade Escolar desenvolvem-se pesquisas com entidades e/ou ativistas de movimentos sociais que estimulem os(as) estudantes a conhecerem a história da População Negra do Brasil? | I30: BARRACAO | K30: 6 | L30: 6.7 | T30: COLEGIO ESTADUAL CASTRO ALVES -EFM
I31: BELA VISTA DA CAROBA | K31: 1 | L31: 1.1 | T31: Colégio Estadual Cecilia Meireles
C32: Frequência | D32: Porcentual | I32: BOM JESUS DO SUL | K32: 2 | L32: 2.2 | T32: COLEGIO ESTADUAL CRISTO REI
A33: Válido | B33: não | C33: 46 | D33: 51.7 | I33: CAPANEMA | K33: 9 | L33: 10.1 | T33: COLEGIO ESTADUAL DE MARMELEIRO- EFM
B34: sim | C34: 43 | D34: 48.3 | I34: ENEAS MARQUES | K34: 3 | L34: 3.4 | T34: COLEGIO ESTADUAL DE RENASCENCA PADRE JOSE JUNIOR VICENTE - EFM
B35: Total | C35: 89 | D35: 100 | I35: FLOR DA SERRA DO SUL | K35: 2 | L35: 2.2 | T35: COLEGIO ESTADUAL DO CAMPO DE FLOR DA SERRA - EFM
I36: FRANCISCO BELTRAO | K36: 14 | L36: 15.7 | T36: Colegio Estadual do Campo Bom Jesus- EFM
I37: MANFRINOPOLIS | K37: 2 | L37: 2.2 | T37: Colégio Estadual do Campo Castelo Branco - Ensino Fundamental e Médio
A38: 64.Nessa Unidade Escolar desenvolvem-se pesquisas com entidades e/ou ativistas de movimentos sociais que estimulem os(as) estudantes a conhecerem a história da População Indígena brasileira? | I38: MARMELEIRO | K38: 3 | L38: 3.4 | T38: Colégio Estadual do Campo de Vista Alegre - EFM
I39: PEROLA DOESTE | K39: 3 | L39: 3.4 | T39: COLEGIO ESTADUAL DO CAMPO PAULO FREIRE - EFM
C40: Frequência | D40: Porcentual | I40: PINHAL DE SAO BENTO | K40: 1 | L40: 1.1 | T40: COLEGIO ESTADUAL DR MARIO AUGUSTO TEIXEIRA DE FREITAS
A41: Válido | B41: não | C41: 48 | D41: 53.9 | I41: PLANALTO | K41: 5 | L41: 5.6 | T41: COLEGIO ESTADUAL GUILHERME DE ALMEIDA
B42: sim | C42: 41 | D42: 46.1 | I42: PRANCHITA | K42: 3 | L42: 3.4 | T42: COLEGIO ESTADUAL HUMBERTO DE CAMPOS - EFMP
B43: Total | C43: 89 | D43: 100 | I43: REALEZA | K43: 5 | L43: 5.6 | T43: COLÉGIO ESTADUAL INDUSTRIAL
I44: RENASCENCA | K44: 1 | L44: 1.1 | T44: COLEGIO ESTADUAL JOAO PAULO II
I45: SALGADO FILHO | K45: 2 | L45: 2.2 | T45: COLEGIO ESTADUAL JOAO PAULO II - EFM
A46: 911.O Projeto Político Pedagógico cita a temática da Educação das Relações Étnico-Raciais e/ou o ensino de História e Cultura Afro-brasileira, africana e indígena? | I46: SANTA IZABEL DO OESTE | K46: 6 | L46: 6.7 | T46: COLÉGIO ESTADUAL JOÃO ZACCO PARANÁ - EFMP
I47: SANTO ANTONIO DO PARAISO | K47: 1 | L47: 1.1 | T47: Colégio Estadual José de Anchieta -EFM
C48: Frequência | D48: Porcentual | I48: SANTO ANTONIO DO SUDOESTE | K48: 9 | L48: 10.1 | T48: Colégio Estadual Júlio Giongo - Ensino Fundamental, Médio e Normal.
A49: Válido | B49: não | C49: 3 | D49: 3.4 | I49: VERE | K49: 4 | L49: 4.5 | T49: COLÉGIO ESTADUAL MARIO DE ANDRADE
B50: sim | C50: 86 | D50: 96.6 | I50: Total | K50: 89 | L50: 100 | T50: COLEGIO ESTADUAL NEREU PERONDI - EFM
B51: Ausente | C51: 0 | T51: COLÉGIO ESTADUAL PADRE ANCHIETA - ENSINO FUNDAMENTAL E MÉDIO
B52: Total | C52: 89 | D52: 100 | T52: COLEGIO ESTADUAL PADRE CIRILO - EFMP
I53: Localização da Unidade Escolar | T53: Colegio Estadual Padre Reus -EFM
T54: Colegio Estadual Presidente Vargas- Ensino Fundamental e Medio
A55: 93.O Projeto Político Pedagógico explicita o compromisso com uma educação de valorização da diversidade étnico-racial e antirracista na Unidade Escolar? | K55: Frequência | L55: Porcentual | T55: COLEGIO ESTADUAL PROFESSOR LEO FLACH - EFM
I56: Zona Urbana | K56: 46 | L56: 51.7 | T56: COLÉGIO ESTADUAL PROFESSORA LEONOR CASTELLANO EFM
C57: Frequência | D57: Porcentual | I57: Zona Rural | K57: 43 | L57: 48.3 | T57: COLEGIO ESTADUAL REINALDO SASS - EFMP
A58: Válido | B58: não | C58: 10 | D58: 11.2 | I58: Total | K58: 89 | L58: 100 | T58: COLEGIO ESTADUAL ROCHA POMBO EFMN
B59: sim | C59: 79 | D59: 88.8 | T59: COLÉGIO ESTADUAL SANTO ANTÃO
B60: Ausente | C60: 0 | T60: COLEGIO ESTADUAL SAO CRISTÓVÃO
B61: Total | C61: 89 | D61: 100 | I61: Localização diferencia da Unidade Escolar | T61: Colégio Estadual Tancredo Neves
T62: Colégio Estadual Telmo Octávio Müller- Ensino Fundamental e Normal
K63: Frequência | L63: Porcentual | T63: E.E. DO CAMPO ANTONIO FRANCISCO LISBOA - E. F.
A64: 102.Existem, na Unidade Escolar, livros de literatura infantil e/ou infanto-juvenil com personagens protagonistas negros? | I64: Não se aplica | K64: 86 | L64: 96.6 | T64: ESCOLA ESTADUAL CANDIDO PORTINARI - EF
I65: Área de Assentamento | K65: 1 | L65: 1.1 | T65: ESCOLA ESTADUAL DA CANGO
C66: Frequência | D66: Porcentual | I66: Penitenciária e/ou C | K66: 1 | L66: 1.1 | T66: Escola Estadual do Campo Anunciação
A67: Válido | B67: não | C67: 5 | D67: 5.6 | I67: Unidade de uso susten | K67: 1 | L67: 1.1 | T67: ESCOLA ESTADUAL DO CAMPO BARAO DO RIO BRANCO - EF
B68: sim | C68: 84 | D68: 94.4 | I68: Total | K68: 89 | L68: 100 | T68: ESCOLA ESTADUAL DO CAMPO CASTELO BRANCO ENS FUND
B69: Total | C69: 89 | D69: 100 | T69: ESCOLA ESTADUAL DO CAMPO D. PEDRO II - ENSINO FUNDAMENTAL
T70: ESCOLA ESTADUAL DO CAMPO DE AGUA BOA VISTA-EF
I71: Principal modalidade de Educação adotada na Unidade Escolar | T71: ESCOLA ESTADUAL DO CAMPO DE ESQUINA GAUCHA - ENSINO FUNDAMENTAL
A72: 103.Existem, na Unidade Escolar, livros de literatura infantil e/ou infanto-juvenil, com personagens protagonistas indígenas? | T72: ESCOLA ESTADUAL DO CAMPO DE PINHALZINHO - EF
K73: Frequência | L73: Porcentual | T73: ESCOLA ESTADUAL DO CAMPO DE PINHEIRO-ENSINO FUNDAMENTAL.
C74: Frequência | D74: Porcentual | I74: Educação Básica (Currículo Comum Nacional) | K74: 61 | L74: 68.5 | T74: ESCOLA ESTADUAL DO CAMPO DE SALTINHO
A75: Válido | B75: não | C75: 8 | D75: 9 | I75: Educação do Campo | K75: 27 | L75: 30.3 | T75: ESCOLA ESTADUAL DO CAMPO DE TATETOS - EF
B76: sim | C76: 81 | D76: 91 | I76: Educação Profissional Técnica de Nível Médio | K76: 1 | L76: 1.1 | T76: Escola Estadual do Campo de Vargem Bonita
B77: Total | C77: 89 | D77: 100 | I77: Total | K77: 89 | L77: 100 | T77: Escola Estadual do Campo de Vista Gaúcha - Ensino Fundamental.
T78: ESCOLA ESTADUAL DO CAMPO DUAS BARRAS - E F
T79: Escola Estadual do Campo Duque de Caxias EF
A80: 1072.Há algum tipo de discussão/denúncia sobre a existência de racismo, discriminação e/ou preconceito étnico e/ou racial em livros didáticos utilizados pelos estudantes? | I80: Quesito cor/raça no cadastro das/os profissionais | T80: ESCOLA ESTADUAL DO CAMPO DUQUE DE CAXIAS ENSINO FUNDAMENTAL.
T81: Escola Estadual do Campo Jacutinga- Ensino Fundamental
C82: Frequência | D82: Porcentual | J82: Frequência | K82: Porcentual | T82: ESCOLA ESTADUAL DO CAMPO MARQUES DO HERVAL
A83: Válido | B83: não | C83: 76 | D83: 85.4 | I83: Não | J83: 2 | K83: 2.2 | T83: ESCOLA ESTADUAL DO CAMPO NOSSA SENHORA APARECIDA - EF
B84: sim | C84: 12 | D84: 13.5 | I84: Sim | J84: 87 | K84: 97.8 | T84: Escola Estadual do Campo Nova Estrela - Ensino Fundamental/Anos Finais
B85: ausente | C85: 1 | D85: 1.1 | I85: Total | J85: 89 | K85: 100 | T85: ESCOLA ESTADUAL DO CAMPO NOVA RIQUEZA - ENSINO FUNDAMENTAL
B86: Total | C86: 89 | D86: 100 | T86: Escola Estadual do Campo Padre Anchieta-EF
T87: ESCOLA ESTADUAL DO CAMPO PADRE ANTONIO VIEIRA - EF
I88: Quesito cor/raça no cadastro das/os estudantes | T88: Escola Estadual do Campo Regente Feijó - Ensino Fundamental
A89: 59.Há atividades que envolvam a Comunidade Escolar em Jogos, Gincanas e/ou Brincadeiras, e que tenha sua origem reconhecida como sendo de alguma etnia Indígena brasileira? | T89: ESCOLA ESTADUAL DO CAMPO RODOLFO GONCALVES DA SILVA - ENSINO FUNDAMENTAL
J90: Frequência | K90: Porcentual | T90: ESCOLA ESTADUAL DO CAMPO RUI BARBOSA - ENSINO FUNDAMENTAL.
C91: Frequência | D91: Porcentual | I91: sim | J91: 89 | K91: 100 | T91: ESCOLA ESTADUAL DO CAMPO RUI BARBOSA- EF
A92: Válido | B92: não | C92: 27 | D92: 30.3 | T92: ESCOLA ESTADUAL DO CAMPO RUI BARBOSA-EF
B93: sim | C93: 62 | D93: 69.7 | T93: ESCOLA ESTADUAL DO CAMPO SAGRADA FAMILIA ENSINO FUNDAMENTAL
B94: Total | C94: 89 | D94: 100 | I94: Etapas de Ensino atendidos pela Unidade Escolar | T94: Escola Estadual do Campo Santa Emília
T95: ESCOLA ESTADUAL DO CAMPO SAO JUDAS TADEU ENSINO FUNDAMENTAL
L96: Frequência | T96: ESCOLA ESTADUAL DO CAMPO SÃO PEDRO
A97: 510.Há atividades que envolvam a Comunidade Escolar em Jogos, Gincanas e/ou Brincadeiras, e tenha sua origem reconhecida como sendo de algum país do continente Africano e/ou da cultura afro-brasileira? | I97: EnsinoFundamentalRegular | L97: 80 | T97: ESCOLA ESTADUAL DO CAMPO SAO ROQUE
I98: EnsinoMédioRegular | L98: 38 | T98: ESCOLA ESTADUAL DO CAMPO SAO VALERIO - EF
C99: Frequência | D99: Porcentual | I99: EnsinoFundamentalnaModalidadeEJA | L99: 4 | T99: ESCOLA ESTADUAL DO CAMPO SENADOR TEOTÔNIO VILELA
A100: Válido | B100: não | C100: 19 | D100: 21.3 | I100: EnsinoMédionaModalidadeEJA | L100: 4 | T100: ESCOLA ESTADUAL DO CAMPO TANCREDO NEVES - ENSINO FUNDAMENTAL
B101: sim | C101: 70 | D101: 78.7 | I101: EnsinoFundamentalnaModalidadeEducaçãoProfissionalTécnica | L101: 2 | T101: ESCOLA ESTADUAL DO CAMPO TATIANE CORBARI PICCININI - EF
B102: Total | C102: 89 | D102: 100 | I102: EnsinoMédionaModalidadeEducaçãoProfissionalTécnica | L102: 8 | T102: ESCOLA ESTADUAL DO CAMPO XV DE NOVEMBRO
I103: EJAemsituaçãodeprivaçãodeliberdade | L103: 1 | T103: ESCOLA ESTADUAL DO CAPO MARECHAL DEODORO DA FONSECA - EF
...

Sheet Goioere
A1: NÚCLEO REGIONAL | B1: ESCOLAS ESTADUAIS RESPONDENTES | C1: ESCOLAS ESTADUAIS ATIVAS 2018 | D1: % DE RESPOSTAS | F1: NRE GOIOERÊ
A2: GOIOERE | B2: 31 | C2: 31 | D2: 100
A4: QUESTÕES UTILIZADAS PARA FORMAÇÃO DOS FATORES DE ANÁLISE
A6: 75.A Unidade Escolar ofereceu, no último ano letivo, cursos de formação para professores(as) e demais funcionários(as) da escola sobre conteúdos referentes às relações raciais e a implementação da Lei n. 10.639/2003?
C8: Frequência | D8: Porcentual | I8: Fatores | J8: variável | K8: sim | L8: não | M8: Ausente | N8: N (respondente total) | O8: E (indicador por variável) | P8: E (total fator) | Q8: Escala Interpretativa | T8: Indicador de Verificação geral | U8: E | V8: Escala Interpretativa
A9: Válido | B9: não | C9: 11 | D9: 35.5 | I9: F1 | J9: 75 | K9: =C10 -> 20 | L9: =C9 -> 11 | M9: =0 -> 0 | N9: =C11 -> 31 | O9: =(N9-(M9+L9))/N9 -> 0.64516129 | P9: =(O9+O10+O11)/3 -> 0.66666667 | Q9: Moderada (0,40 - 0,69) | T9: ERER NRE GOIOERE | U9: =(O9+O10+O11+O12+O13+O14+O15+O16+O17+O18+O19+O20+O21+O22+O23)/15 -> 0.66666667 | V9: Moderada (0,40 - 0,69)
B10: sim | C10: 20 | D10: 64.5 | J10: 76 | K10: =C18 -> 21 | L10: =C17 -> 10 | M10: =0 -> 0 | N10: =C19 -> 31 | O10: =(N10-(M10+L10))/N10 -> 0.67741935
B11: Total | C11: 31 | D11: 100 | J11: 77 | K11: =C26 -> 21 | L11: =C25 -> 10 | M11: =0 -> 0 | N11: =C27 -> 31 | O11: =(N11-(M11+L11))/N11 -> 0.67741935
I12: F2 | J12: 63 | K12: =C34 -> 14 | L12: =C33 -> 17 | M12: =0 -> 0 | N12: =C35 -> 31 | O12: =(N12-(M12+L12))/N12 -> 0.4516129 | P12: =(O12+O13+O14+O15)/4 -> 0.62096774 | Q12: Moderada (0,40 - 0,69)
J13: 64 | K13: =C42 -> 9 | L13: =C41 -> 22 | M13: =0 -> 0 | N13: =C43 -> 31 | O13: =(N13-(M13+L13))/N13 -> 0.29032258
A14: 76.Essa Unidade Escolar ofereceu, no último ano letivo, cursos de formação para professores(as) e demais funcionários(as) da escola sobre conteúdos referentes às relações étnico-raciais e a implementação da Lei n. 11.645/2008? | J14: 911 | K14: =C50 -> 28 | L14: =C49 -> 3 | M14: =C51 -> 0 | N14: =C52 -> 31 | O14: =(N14-(M14+L14))/N14 -> 0.90322581
J15: 93 | K15: =C59 -> 26 | L15: =C58 -> 5 | M15: =C60 -> 0 | N15: =C61 -> 31 | O15: =(N15-(M15+L15))/N15 -> 0.83870968
C16: Frequência | D16: Porcentual | I16: F3 | J16: 1072 | K16: =C84 -> 3 | L16: =C83 -> 28 | M16: =C85 -> 0 | N16: =C86 -> 31 | O16: =(N16-(M16+L16))/N16 -> 0.096774194 | P16: =O16 -> 0.096774194 | Q16: Irrisória (0 - 0,19
A17: Válido | B17: não | C17: 10 | D17: 32.3 | I17: F4 | J17: 102 | K17: =C68 -> 26 | L17: =C67 -> 5 | M17: =0 -> 0 | N17: =C69 -> 31 | O17: =(N17-(M17+L17))/N17 -> 0.83870968 | P17: =(O17+O18)/2 -> 0.77419355 | Q17: Representativa (0,70 - 0,89)
B18: sim | C18: 21 | D18: 67.7 | J18: 103 | K18: =C76 -> 22 | L18: =C75 -> 9 | M18: =0 -> 0 | N18: =C77 -> 31 | O18: =(N18-(M18+L18))/N18 -> 0.70967742
B19: Total | C19: 31 | D19: 100 | I19: F5 | J19: 59 | K19: =C93 -> 15 | L19: =C92 -> 16 | M19: =0 -> 0 | N19: =C94 -> 31 | O19: =(N19-(M19+L19))/N19 -> 0.48387097 | P19: =(O19+O20)/2 -> 0.61290323 | Q19: Moderada (0,40 - 0,69)
J20: 510 | K20: =C101 -> 23 | L20: =C100 -> 8 | M20: =0 -> 0 | N20: =C102 -> 31 | O20: =(N20-(M20+L20))/N20 -> 0.74193548
I21: F6 | J21: 56 | K21: =C109 -> 27 | L21: =C108 -> 4 | M21: =0 -> 0 | N21: =C110 -> 31 | O21: =(N21-(M21+L21))/N21 -> 0.87096774 | P21: =(O21+O22)/2 -> 0.91935484 | Q21: Expressiva (0,90 - 1,00) | T21: Nome da Unidade Escolar
A22: 77.Nessa Unidade Escolar foi realizada alguma formação, encontro ou reunião que instigasse a reflexão, por parte dos profissionais da educação, sobre seu pertencimento étnico-racial (ser branco, ser negro, ser terena, ser guarani, etc.)? | J22: 57 | K22: =C117 -> 30 | L22: =C116 -> 1 | M22: =0 -> 0 | N22: =C118 -> 31 | O22: =(N22-(M22+L22))/N22 -> 0.96774194
I23: F7 | J23: 86 | K23: =C125 -> 25 | L23: =C124 -> 3 | M23: =C126 -> 3 | N23: =C127 -> 31 | O23: =(N23-(M23+L23))/N23 -> 0.80645161 | P23: =O23 -> 0.80645161 | Q23: Representativa (0,70 - 0,89) | T23: Centro Estadual de Educacao CEEBJA Maria Antonieta Scarpari EFM
C24: Frequência | D24: Porcentual | T24: COLEGIO ESTADAL JOAO MAFFEI ROSA
A25: Válido | B25: não | C25: 10 | D25: 32.3 | T25: COLÉGIO ESTADUAL ANTÔNIO LACERDA BRAGA - EFM
B26: sim | C26: 21 | D26: 67.7 | T26: COLEGIO ESTADUAL CARLOS GOMES EFM e PROFISSIONAL
B27: Total | C27: 31 | D27: 100 | T27: COLEGIO ESTADUAL CECILIA MEIRELES ENSINO FUNDAMENTAL E MEDIO
I28: MUNICÍPIO | T28: COLEGIO ESTADUAL DO CAMPO BANDEIRANTES D´OESTE
T29: COLEGIO ESTADUAL DO CAMPO DONA LEOPOLDINA - EFM
A30: 63.Nessa Unidade Escolar desenvolvem-se pesquisas com entidades e/ou ativistas de movimentos sociais que estimulem os(as) estudantes a conhecerem a história da População Negra do Brasil? | K30: Frequência | L30: Porcentual | T30: COLEGIO ESTADUAL DO CAMPO MARIA CANDIDA DE JESU-EFM
I31: BOA ESPERANCA | K31: 2 | L31: 6.5 | T31: COLEGIO ESTADUAL DO CAMPO PALMITAL EFM
C32: Frequência | D32: Porcentual | I32: GOIOERE | K32: 8 | L32: 25.8 | T32: COLEGIO ESTADUAL DO CAMPO PROFESSORA MARIA GOMES BIZERRA - EFM
A33: Válido | B33: não | C33: 17 | D33: 54.8 | I33: JANIOPOLIS | K33: 3 | L33: 9.7 | T33: COLEGIO ESTADUAL DUQUE DE CAXIAS - EMN
B34: sim | C34: 14 | D34: 45.2 | I34: JURANDA | K34: 3 | L34: 9.7 | T34: COLEGIO ESTADUAL IV CENTENARIO-EFM
B35: Total | C35: 31 | D35: 100 | I35: MARILUZ | K35: 2 | L35: 6.5 | T35: COLEGIO ESTADUAL JOAO THEOTONIO NETO - ENSINO MEDIO
I36: MOREIRA SALES | K36: 3 | L36: 9.7 | T36: COLEGIO ESTADUAL JOAO XXIII - EM
I37: QUARTO CENTENARIO | K37: 2 | L37: 6.5 | T37: COLEGIO ESTADUAL JOSE ALFREDO DE ALMEIDA - EFMPN
A38: 64.Nessa Unidade Escolar desenvolvem-se pesquisas com entidades e/ou ativistas de movimentos sociais que estimulem os(as) estudantes a conhecerem a história da População Indígena brasileira? | I38: RANCHO ALEGRE DOESTE | K38: 1 | L38: 3.2 | T38: COLEGIO ESTADUAL OLAVO BILAC - EFM
I39: UBIRATA | K39: 7 | L39: 22.6 | T39: COLEGIO ESTADUAL PADRE JORGE SCHOLL , ensino fundamental em tempo integral e medio .
C40: Frequência | D40: Porcentual | I40: Total | K40: 31 | L40: 100 | T40: COLEGIO ESTADUAL POLIVALENTE DE GOIOERE.
A41: Válido | B41: não | C41: 22 | D41: 71 | T41: COLEGIO ESTADUAL QUINTINO BOCAIUVA - ENSINO FUNDAMENTAL E MEDIO
B42: sim | C42: 9 | D42: 29 | T42: COLEGIO ESTADUAL RANCHO ALEGRE - E.F.M
B43: Total | C43: 31 | D43: 100 | I43: Localização da Unidade Escolar | T43: COLÉGIO ESTADUAL VICENTE LEPORACE - EFMN
T44: COLEGIO ESTADUAL VILA GUAIRA - EFM
J45: Frequência | K45: Porcentual | T45: ESCOLA ESTADUAL D. PEDRO II - EF
A46: 911.O Projeto Político Pedagógico cita a temática da Educação das Relações Étnico-Raciais e/ou o ensino de História e Cultura Afro-brasileira, africana e indígena? | I46: Zona Urbana | J46: 26 | K46: 83.9 | T46: ESCOLA ESTADUAL DE JARACATIA ENSINO FUNDAMENTAL
I47: Zona Rural | J47: 5 | K47: 16.1 | T47: Escola Estadual do Campo Rio Verde - Ensino Fundamental.
C48: Frequência | D48: Porcentual | I48: Total | J48: 31 | K48: 100 | T48: Escola Estadual do Campo Vila Serrana Ensino Fundamental
A49: Válido | B49: não | C49: 3 | D49: 9.7 | T49: ESCOLA ESTADUAL DOM BOSCO- ENSINO FUNDAMENTAL .
B50: sim | C50: 28 | D50: 90.3 | T50: ESCOLA ESTADUAL JARDIM UNIVERSITÁRIO - E.F.
B51: Ausente | C51: 0 | I51: Principal modalidade de Educação adotada na Unidade Escolar | T51: ESCOLA ESTADUAL MOREIRA SALLES EF
B52: Total | C52: 31 | D52: 100 | T52: ESCOLA ESTADUAL RIBEIRO DE CAMPOS - ENSINO FUNDAMENTAL
K53: Frequência | L53: Porcentual | T53: ESCOLA ESTADUAL SAO JOAO
I54: Educação Básica (Currículo Comum Nacional) | K54: 25 | L54: 80.6 | T54: Total | U54: 31
A55: 93.O Projeto Político Pedagógico explicita o compromisso com uma educação de valorização da diversidade étnico-racial e antirracista na Unidade Escolar? | I55: Educação do Campo | K55: 6 | L55: 19.4
I56: Total | K56: 31 | L56: 100
C57: Frequência | D57: Porcentual
A58: Válido | B58: não | C58: 5 | D58: 16.1
B59: sim | C59: 26 | D59: 83.9 | I59: Quesito cor/raça no cadastro das/os profissionais
B60: Ausente | C60: 0
B61: Total | C61: 31 | D61: 100 | J61: Frequência | K61: Porcentual
I62: Não | J62: 6 | K62: 19.4
I63: Sim | J63: 25 | K63: 80.6
A64: 102.Existem, na Unidade Escolar, livros de literatura infantil e/ou infanto-juvenil com personagens protagonistas negros? | I64: Total | J64: 31 | K64: 100
C66: Frequência | D66: Porcentual
A67: Válido | B67: não | C67: 5 | D67: 16.1 | I67: Quesito cor/raça no cadastro das/os estudantes
B68: sim | C68: 26 | D68: 83.9
B69: Total | C69: 31 | D69: 100 | J69: Frequência | K69: Porcentual
I70: não | J70: 3 | K70: 9.7
I71: sim | J71: 28 | K71: 90.3
A72: 103.Existem, na Unidade Escolar, livros de literatura infantil e/ou infanto-juvenil, com personagens protagonistas indígenas? | I72: Total | J72: 31 | K72: 100
C74: Frequência | D74: Porcentual
A75: Válido | B75: não | C75: 9 | D75: 29 | I75: Etapas de Ensino atendidos pela Unidade Escolar
B76: sim | C76: 22 | D76: 71
B77: Total | C77: 31 | D77: 100 | K77: Frequência
I78: EnsinoFundamentalRegular | K78: 26
I79: EnsinoMédioRegular | K79: 20
A80: 1072.Há algum tipo de discussão/denúncia sobre a existência de racismo, discriminação e/ou preconceito étnico e/ou racial em livros didáticos utilizados pelos estudantes? | I80: EducaçãoInfantilnaModalidadeEducaçãoEspecial | K80: 31
I81: EnsinoFundamentalnaModalidadeEducaçãoEspecial | K81: 2
C82: Frequência | D82: Porcentual | I82: EnsinoMédionaModalidadeEducaçãoEspecial | K82: 31
A83: Válido | B83: não | C83: 28 | D83: 90.3 | I83: EnsinoFundamentalnaModalidadeEJA | K83: 4
B84: sim | C84: 3 | D84: 9.7 | I84: EnsinoMédionaModalidadeEJA | K84: 4
B85: Ausente | C85: 0 | I85: EnsinoMédionaModalidadeEducaçãoProfissionalTécnica | K85: 2
B86: Total | C86: 31 | D86: 100
A89: 59.Há atividades que envolvam a Comunidade Escolar em Jogos, Gincanas e/ou Brincadeiras, e que tenha sua origem reconhecida como sendo de alguma etnia Indígena brasileira?
C91: Frequência | D91: Porcentual
A92: Válido | B92: não | C92: 16 | D92: 51.6
B93: sim | C93: 15 | D93: 48.4
B94: Total | C94: 31 | D94: 100
A97: 510.Há atividades que envolvam a Comunidade Escolar em Jogos, Gincanas e/ou Brincadeiras, e tenha sua origem reconhecida como sendo de algum país do continente Africano e/ou da cultura afro-brasileira?
C99: Frequência | D99: Porcentual
A100: Válido | B100: não | C100: 8 | D100: 25.8
B101: sim | C101: 23 | D101: 74.2
B102: Total | C102: 31 | D102: 100
A105: 56.Os Materiais bibliográficos disponibilizados na escola para uso dos(as) professores(as) e estudantes possibilitam o trabalho com referenciais sobre a diversidade étnica da População Indígena?
C107: Frequência | D107: Porcentual
A108: Válido | B108: não | C108: 4 | D108: 12.9
B109: sim | C109: 27 | D109: 87.1
B110: Total | C110: 31 | D110: 100
A113: 57.Os Materiais bibliográficos disponibilizados na escola para uso dos(as) professores(as) e estudantes possibilitam o trabalho com referenciais sobre a diversidade e riqueza histórico-cultural da População Negra?
C115: Frequência | D115: Porcentual
A116: Válido | B116: não | C116: 1 | D116: 3.2
B117: sim | C117: 30 | D117: 96.8
...

Sheet Guarapuava
A1: NÚCLEO REGIONAL | B1: ESCOLAS ESTADUAIS RESPONDENTES | C1: ESCOLAS ESTADUAIS ATIVAS 2018 | D1: % DE RESPOSTAS | F1: NRE GUARAPUAVA
A2: GUARAPUAVA | B2: 30 | C2: 59 | D2: 50.847458
A4: QUESTÕES UTILIZADAS PARA FORMAÇÃO DOS FATORES DE ANÁLISE
A6: 75.A Unidade Escolar ofereceu, no último ano letivo, cursos de formação para professores(as) e demais funcionários(as) da escola sobre conteúdos referentes às relações raciais e a implementação da Lei n. 10.639/2003?
C8: Frequência | D8: Porcentual | I8: Fatores | J8: variável | K8: sim | L8: não | M8: Ausente | N8: N (respondente total) | O8: E (indicador por variável) | P8: E (total fator) | Q8: Escala Interpretativa | T8: Indicador de Verificação geral | U8: E | V8: Escala Interpretativa
A9: Válido | B9: não | C9: 12 | D9: 40 | I9: F1 | J9: 75 | K9: =C10 -> 18 | L9: =C9 -> 12 | M9: =0 -> 0 | N9: =C11 -> 30 | O9: =(N9-(M9+L9))/N9 -> 0.6 | P9: =(O9+O10+O11)/3 -> 0.63333333 | Q9: Moderada (0,40 - 0,69) | T9: ERER NRE GUARAPUAVA | U9: =(O9+O10+O11+O12+O13+O14+O15+O16+O17+O18+O19+O20+O21+O22+O23)/15 -> 0.71333333 | V9: Representativa (0,70 - 0,89)
B10: sim | C10: 18 | D10: 60 | J10: 76 | K10: =C18 -> 18 | L10: =C17 -> 12 | M10: =0 -> 0 | N10: =C19 -> 30 | O10: =(N10-(M10+L10))/N10 -> 0.6
B11: Total | C11: 30 | D11: 100 | J11: 77 | K11: =C26 -> 21 | L11: =C25 -> 9 | M11: =0 -> 0 | N11: =C27 -> 30 | O11: =(N11-(M11+L11))/N11 -> 0.7
I12: F2 | J12: 63 | K12: =C34 -> 18 | L12: =C33 -> 12 | M12: =0 -> 0 | N12: =C35 -> 30 | O12: =(N12-(M12+L12))/N12 -> 0.6 | P12: =(O12+O13+O14+O15)/4 -> 0.73333333 | Q12: Moderada (0,40 - 0,69)
J13: 64 | K13: =C42 -> 15 | L13: =C41 -> 15 | M13: =0 -> 0 | N13: =C43 -> 30 | O13: =(N13-(M13+L13))/N13 -> 0.5
A14: 76.Essa Unidade Escolar ofereceu, no último ano letivo, cursos de formação para professores(as) e demais funcionários(as) da escola sobre conteúdos referentes às relações étnico-raciais e a implementação da Lei n. 11.645/2008? | J14: 911 | K14: =C50 -> 29 | L14: =C49 -> 1 | M14: =C51 -> 0 | N14: =C52 -> 30 | O14: =(N14-(M14+L14))/N14 -> 0.96666667
J15: 93 | K15: =C59 -> 26 | L15: =C58 -> 4 | M15: =C60 -> 0 | N15: =C61 -> 30 | O15: =(N15-(M15+L15))/N15 -> 0.86666667 | T15: Nome da Unidade Escolar
C16: Frequência | D16: Porcentual | I16: F3 | J16: 1072 | K16: =C84 -> 5 | L16: =C83 -> 25 | M16: =C85 -> 0 | N16: =C86 -> 30 | O16: =(N16-(M16+L16))/N16 -> 0.16666667 | P16: =O16 -> 0.16666667 | Q16: Irrisória (0 - 0,19
A17: Válido | B17: não | C17: 12 | D17: 40 | I17: F4 | J17: 102 | K17: =C68 -> 28 | L17: =C67 -> 2 | M17: =0 -> 0 | N17: =C69 -> 30 | O17: =(N17-(M17+L17))/N17 -> 0.93333333 | P17: =(O17+O18)/2 -> 0.93333333 | Q17: Representativa (0,70 - 0,89)
B18: sim | C18: 18 | D18: 60 | J18: 103 | K18: =C76 -> 28 | L18: =C75 -> 2 | M18: =0 -> 0 | N18: =C77 -> 30 | O18: =(N18-(M18+L18))/N18 -> 0.93333333 | T18: CEEBJA NOVA VISAO
B19: Total | C19: 30 | D19: 100 | I19: F5 | J19: 59 | K19: =C93 -> 18 | L19: =C92 -> 12 | M19: =0 -> 0 | N19: =C94 -> 30 | O19: =(N19-(M19+L19))/N19 -> 0.6 | P19: =(O19+O20)/2 -> 0.65 | Q19: Moderada (0,40 - 0,69) | T19: Centro Estadual de Educacao Basica para jovens e adultos de Candoi - CEEBJA
J20: 510 | K20: =C101 -> 21 | L20: =C100 -> 9 | M20: =0 -> 0 | N20: =C102 -> 30 | O20: =(N20-(M20+L20))/N20 -> 0.7 | T20: CENTRO ESTADUAL DE EDUCACAO PROFISSIONAL ARLINDO RIBEIRO
I21: F6 | J21: 56 | K21: =C109 -> 26 | L21: =C108 -> 4 | M21: =0 -> 0 | N21: =C110 -> 30 | O21: =(N21-(M21+L21))/N21 -> 0.86666667 | P21: =(O21+O22)/2 -> 0.88333333 | Q21: Expressiva (0,90 - 1,00) | T21: Colegio Estadual Antonio Tupy Pinheiro.
A22: 77.Nessa Unidade Escolar foi realizada alguma formação, encontro ou reunião que instigasse a reflexão, por parte dos profissionais da educação, sobre seu pertencimento étnico-racial (ser branco, ser negro, ser terena, ser guarani, etc.)? | J22: 57 | K22: =C117 -> 27 | L22: =C116 -> 3 | M22: =0 -> 0 | N22: =C118 -> 30 | O22: =(N22-(M22+L22))/N22 -> 0.9 | T22: Colegio Estadual Cesar Stange - EFM
I23: F7 | J23: 86 | K23: =C125 -> 23 | L23: =C124 -> 2 | M23: =C126 -> 5 | N23: =C127 -> 30 | O23: =(N23-(M23+L23))/N23 -> 0.76666667 | P23: =O23 -> 0.76666667 | Q23: Representativa (0,70 - 0,89) | T23: Colégio Estadual do Campo Anastácia Kruk - EFM
C24: Frequência | D24: Porcentual | T24: COLEGIO ESTADUAL DO CAMPO ANTONIA AYRES ANTONICHEN
A25: Válido | B25: não | C25: 9 | D25: 30 | T25: COLEGIO ESTADUAL DO CAMPO BENTO MUNHOZ DA ROCHA NETTO
B26: sim | C26: 21 | D26: 70 | I26: MUNÍCIPIOS | T26: COLEGIO ESTADUAL DO CAMPO DE CACHOEIRA - EFM
B27: Total | C27: 30 | D27: 100 | T27: COLEGIO ESTADUAL DO CAMPO DE LAGOA SECA-EFM
T28: Colégio estadual do campo de paz
J29: Frequência | K29: Porcentual | T29: Colégio Estadual do Campo Professor Júlio Moreira - EFM
A30: 63.Nessa Unidade Escolar desenvolvem-se pesquisas com entidades e/ou ativistas de movimentos sociais que estimulem os(as) estudantes a conhecerem a história da População Negra do Brasil? | I30: CANDOI | J30: 6 | K30: 20 | T30: COLEGIO ESTADUAL ENGENHEIRO MICHEL GASTON PROSPER AUGUSTA REYDAMS-EFM
I31: GUARAPUAVA | J31: 15 | K31: 50 | T31: Colégio Estadual Indígena Cacique Otaviio dos Santos.
C32: Frequência | D32: Porcentual | I32: PINHAO | J32: 4 | K32: 13.3 | T32: Colegio Estadual Liane Marta da Costa - EFM
A33: Válido | B33: não | C33: 12 | D33: 40 | I33: RESERVA DO IGUACU | J33: 3 | K33: 10 | T33: COLEGIO ESTADUAL MAHATMA GANDHI
B34: sim | C34: 18 | D34: 60 | I34: TURVO | J34: 2 | K34: 6.7 | T34: Colegio Estadual Newton Felipe Albach - EFM
B35: Total | C35: 30 | D35: 100 | I35: Total | J35: 30 | K35: 100 | T35: Colégio Estadual Padre Honorino João Muraro -EFM
T36: COLÉGIO ESTADUAL PROFESSOR MARIO EVALDO MORSKI - ENSINO FUNDAMENTAL, MEDIO E NORMAL.
T37: Colégio Estadual Professor Pedro Carli
A38: 64.Nessa Unidade Escolar desenvolvem-se pesquisas com entidades e/ou ativistas de movimentos sociais que estimulem os(as) estudantes a conhecerem a história da População Indígena brasileira? | I38: Localização da Unidade Escolar | T38: COLÉGIO ESTADUAL PROFESSORA DULCE MASCHIO
T39: Colegio Estadual Professora Izabel Fonseca Siqueira.
C40: Frequência | D40: Porcentual | J40: Frequência | K40: Porcentual | T40: COLEGIO ESTADUAL PROFESSORA LENI MARLENE JACOB-EFM
A41: Válido | B41: não | C41: 15 | D41: 50 | I41: Zona Urbana | J41: 20 | K41: 66.7 | T41: COLEGIO ESTADUAL RUI BARBOSA - EFM/EJA
B42: sim | C42: 15 | D42: 50 | I42: Zona Rural | J42: 10 | K42: 33.3 | T42: Colegio Estadual Santa Clara EFM, Profissional e Normal
B43: Total | C43: 30 | D43: 100 | I43: Total | J43: 30 | K43: 100 | T43: Colégio Estadual Santo Antonio Ensino Fundamental, Médio e Profissional
T44: COLEGIO ESTADUAL VEREADOR HEITOR ROCHA KRAMER
T45: COLEGIO FRANCISCO CARNEIRO MARTINS - EMP
A46: 911.O Projeto Político Pedagógico cita a temática da Educação das Relações Étnico-Raciais e/ou o ensino de História e Cultura Afro-brasileira, africana e indígena? | I46: Localização diferencia da Unidade Escolar | T46: ESCOLA ESTADUAL INDIGENA ARANDU PYAHU- E.F.
T47: ESCOLA ESTADUAL MOACYR JULIO SILVESTRI - EF
C48: Frequência | D48: Porcentual | J48: Frequência | K48: Porcentual | T48: Total | U48: 30
A49: Válido | B49: não | C49: 1 | D49: 3.3 | I49: Não se aplica | J49: 26 | K49: 86.7
B50: sim | C50: 29 | D50: 96.7 | I50: Terra indígena | J50: 2 | K50: 6.7
B51: Ausente | C51: 0 | I51: Área remanescente de | J51: 1 | K51: 3.3
B52: Total | C52: 30 | D52: 100 | I52: Penitenciária e/ou C | J52: 1 | K52: 3.3
I53: Total | J53: 30 | K53: 100
A55: 93.O Projeto Político Pedagógico explicita o compromisso com uma educação de valorização da diversidade étnico-racial e antirracista na Unidade Escolar?
I56: Principal modalidade de Educação adotada na Unidade Escolar
C57: Frequência | D57: Porcentual
A58: Válido | B58: não | C58: 4 | D58: 13.3 | K58: Frequência | L58: Porcentual
B59: sim | C59: 26 | D59: 86.7 | I59: Educação Básica (Currículo Comum Nacional) | K59: 21 | L59: 70
B60: Ausente | C60: 0 | I60: Educação do Campo | K60: 5 | L60: 16.7
B61: Total | C61: 30 | D61: 100 | I61: Educação Indígena | K61: 2 | L61: 6.7
I62: Educação Profissional Técnica de Nível Médio | K62: 2 | L62: 6.7
I63: Total | K63: 30 | L63: 100
A64: 102.Existem, na Unidade Escolar, livros de literatura infantil e/ou infanto-juvenil com personagens protagonistas negros?
C66: Frequência | D66: Porcentual | I66: Quesito cor/raça no cadastro das/os profissionais
A67: Válido | B67: não | C67: 2 | D67: 6.7
B68: sim | C68: 28 | D68: 93.3 | J68: Frequência | K68: Porcentual
B69: Total | C69: 30 | D69: 100 | I69: Não | J69: 8 | K69: 26.7
I70: Sim | J70: 22 | K70: 73.3
I71: Total | J71: 30 | K71: 100
A72: 103.Existem, na Unidade Escolar, livros de literatura infantil e/ou infanto-juvenil, com personagens protagonistas indígenas?
C74: Frequência | D74: Porcentual | I74: Quesito cor/raça no cadastro das/os estudantes
A75: Válido | B75: não | C75: 2 | D75: 6.7
B76: sim | C76: 28 | D76: 93.3 | J76: Frequência | K76: Porcentual
B77: Total | C77: 30 | D77: 100 | I77: não | J77: 1 | K77: 3.3
I78: sim | J78: 29 | K78: 96.7
I79: Total | J79: 30 | K79: 100
A80: 1072.Há algum tipo de discussão/denúncia sobre a existência de racismo, discriminação e/ou preconceito étnico e/ou racial em livros didáticos utilizados pelos estudantes?
C82: Frequência | D82: Porcentual | I82: Etapas de Ensino atendidos pela Unidade Escolar
A83: Válido | B83: não | C83: 25 | D83: 83.3
B84: sim | C84: 5 | D84: 16.7 | L84: Frequência
B85: Ausente | C85: 0 | I85: EducaçãoInfantilRegular | L85: 1
B86: Total | C86: 30 | D86: 100 | I86: EnsinoFundamentalRegular | L86: 26
I87: EnsinoMédioRegular | L87: 25
I88: EducaçãoInfantilnaModalidadeEducaçãoEspecial | L88: 1
A89: 59.Há atividades que envolvam a Comunidade Escolar em Jogos, Gincanas e/ou Brincadeiras, e que tenha sua origem reconhecida como sendo de alguma etnia Indígena brasileira? | I89: EnsinoFundamentalnaModalidadeEducaçãoEspecial | L89: 1
I90: EnsinoMédionaModalidadeEducaçãoEspecial | L90: 1
C91: Frequência | D91: Porcentual | I91: EnsinoFundamentalnaModalidadeEJA | L91: 3
A92: Válido | B92: não | C92: 12 | D92: 40 | I92: EnsinoMédionaModalidadeEJA | L92: 3
B93: sim | C93: 18 | D93: 60 | I93: EnsinoFundamentalnaModalidadeEducaçãoProfissionalTécnica | L93: 2
B94: Total | C94: 30 | D94: 100 | I94: EnsinoMédionaModalidadeEducaçãoProfissionalTécnica | L94: 3
I95: EJAemsituaçãodeprivaçãodeliberdade | L95: 1
A97: 510.Há atividades que envolvam a Comunidade Escolar em Jogos, Gincanas e/ou Brincadeiras, e tenha sua origem reconhecida como sendo de algum país do continente Africano e/ou da cultura afro-brasileira?
C99: Frequência | D99: Porcentual
A100: Válido | B100: não | C100: 9 | D100: 30
B101: sim | C101: 21 | D101: 70
B102: Total | C102: 30 | D102: 100
A105: 56.Os Materiais bibliográficos disponibilizados na escola para uso dos(as) professores(as) e estudantes possibilitam o trabalho com referenciais sobre a diversidade étnica da População Indígena?
C107: Frequência | D107: Porcentual
A108: Válido | B108: não | C108: 4 | D108: 13.3
B109: sim | C109: 26 | D109: 86.7
B110: Total | C110: 30 | D110: 100
A113: 57.Os Materiais bibliográficos disponibilizados na escola para uso dos(as) professores(as) e estudantes possibilitam o trabalho com referenciais sobre a diversidade e riqueza histórico-cultural da População Negra?
C115: Frequência | D115: Porcentual
...

Sheet Ibaiti
A1: NÚCLEO REGIONAL | B1: ESCOLAS ESTADUAIS RESPONDENTES | C1: ESCOLAS ESTADUAIS ATIVAS 2018 | D1: % DE RESPOSTAS | F1: NRE IBAITI
A2: IBAITI | B2: 20 | C2: 33 | D2: 60.606061
A4: QUESTÕES UTILIZADAS PARA FORMAÇÃO DOS FATORES DE ANÁLISE
A6: 75.A Unidade Escolar ofereceu, no último ano letivo, cursos de formação para professores(as) e demais funcionários(as) da escola sobre conteúdos referentes às relações raciais e a implementação da Lei n. 10.639/2003?
C8: Frequência | D8: Porcentual | I8: Fatores | J8: variável | K8: sim | L8: não | M8: Ausente | N8: N (respondente total) | O8: E (indicador por variável) | P8: E (total fator) | Q8: Escala Interpretativa | T8: Indicador de Verificação geral | U8: E | V8: Escala Interpretativa
A9: Válido | B9: não | C9: 7 | D9: 35 | I9: F1 | J9: 75 | K9: =C10 -> 13 | L9: =C9 -> 7 | M9: =0 -> 0 | N9: =C11 -> 20 | O9: =(N9-(M9+L9))/N9 -> 0.65 | P9: =(O9+O10+O11)/3 -> 0.63333333 | Q9: Moderada (0,40 - 0,69) | T9: ERER NRE IBAITI | U9: =(O9+O10+O11+O12+O13+O14+O15+O16+O17+O18+O19+O20+O21+O22+O23)/15 -> 0.66333333 | V9: Representativa (0,70 - 0,89)
B10: sim | C10: 13 | D10: 65 | J10: 76 | K10: =C18 -> 14 | L10: =C17 -> 6 | M10: =0 -> 0 | N10: =C19 -> 20 | O10: =(N10-(M10+L10))/N10 -> 0.7
B11: Total | C11: 20 | D11: 100 | J11: 77 | K11: =C26 -> 11 | L11: =C25 -> 9 | M11: =0 -> 0 | N11: =C27 -> 20 | O11: =(N11-(M11+L11))/N11 -> 0.55
I12: F2 | J12: 63 | K12: =C34 -> 9 | L12: =C33 -> 11 | M12: =0 -> 0 | N12: =C35 -> 20 | O12: =(N12-(M12+L12))/N12 -> 0.45 | P12: =(O12+O13+O14+O15)/4 -> 0.6375 | Q12: Moderada (0,40 - 0,69)
J13: 64 | K13: =C42 -> 9 | L13: =C41 -> 11 | M13: =0 -> 0 | N13: =C43 -> 20 | O13: =(N13-(M13+L13))/N13 -> 0.45
A14: 76.Essa Unidade Escolar ofereceu, no último ano letivo, cursos de formação para professores(as) e demais funcionários(as) da escola sobre conteúdos referentes às relações étnico-raciais e a implementação da Lei n. 11.645/2008? | J14: 911 | K14: =C50 -> 18 | L14: =C49 -> 2 | M14: =C51 -> 0 | N14: =C52 -> 20 | O14: =(N14-(M14+L14))/N14 -> 0.9
J15: 93 | K15: =C59 -> 15 | L15: =C58 -> 5 | M15: =C60 -> 0 | N15: =C61 -> 20 | O15: =(N15-(M15+L15))/N15 -> 0.75
C16: Frequência | D16: Porcentual | I16: F3 | J16: 1072 | K16: =C84 -> 0 | L16: =C83 -> 20 | M16: =C85 -> 0 | N16: =C86 -> 20 | O16: =(N16-(M16+L16))/N16 -> 0 | P16: =O16 -> 0 | Q16: Irrisória (0 - 0,19 | T16: Nome da Unidade Escolar
A17: Válido | B17: não | C17: 6 | D17: 30 | I17: F4 | J17: 102 | K17: =C68 -> 20 | L17: =C67 -> 0 | M17: =0 -> 0 | N17: =C69 -> 20 | O17: =(N17-(M17+L17))/N17 -> 1 | P17: =(O17+O18)/2 -> 0.975 | Q17: Expressiva (0,90 - 1,00)
B18: sim | C18: 14 | D18: 70 | J18: 103 | K18: =C76 -> 19 | L18: =C75 -> 1 | M18: =0 -> 0 | N18: =C77 -> 20 | O18: =(N18-(M18+L18))/N18 -> 0.95
B19: Total | C19: 20 | D19: 100 | I19: F5 | J19: 59 | K19: =C93 -> 8 | L19: =C92 -> 12 | M19: =0 -> 0 | N19: =C94 -> 20 | O19: =(N19-(M19+L19))/N19 -> 0.4 | P19: =(O19+O20)/2 -> 0.5 | Q19: Moderada (0,40 - 0,69) | T19: COLÉGIO ESTADUAL JULIO FARAH - EFM
J20: 510 | K20: =C101 -> 12 | L20: =C100 -> 8 | M20: =0 -> 0 | N20: =C102 -> 20 | O20: =(N20-(M20+L20))/N20 -> 0.6 | T20: COLEGIO ESTADUAL PROFESSOR SEGISMUNDO ANTUNES NETTO
I21: F6 | J21: 56 | K21: =C109 -> 18 | L21: =C108 -> 2 | M21: =0 -> 0 | N21: =C110 -> 20 | O21: =(N21-(M21+L21))/N21 -> 0.9 | P21: =(O21+O22)/2 -> 0.9 | Q21: Expressiva (0,90 - 1,00) | T21: Colégio Estadual Aldo Dallago - EFMNP
A22: 77.Nessa Unidade Escolar foi realizada alguma formação, encontro ou reunião que instigasse a reflexão, por parte dos profissionais da educação, sobre seu pertencimento étnico-racial (ser branco, ser negro, ser terena, ser guarani, etc.)? | J22: 57 | K22: =C117 -> 18 | L22: =C116 -> 2 | M22: =0 -> 0 | N22: =C118 -> 20 | O22: =(N22-(M22+L22))/N22 -> 0.9 | T22: COLEGIO ESTADUAL ANITA ALDETI PACHECO
I23: F7 | J23: 86 | K23: =C125 -> 15 | L23: =C124 -> 0 | M23: =C126 -> 5 | N23: =C127 -> 20 | O23: =(N23-(M23+L23))/N23 -> 0.75 | P23: =O23 -> 0.75 | Q23: Representativa (0,70 - 0,89) | T23: COLEGIO ESTADUAL ANTONIO MARTINS DE MELLO. ENSINO FUNDAMENTAL E MÉDIO.
C24: Frequência | D24: Porcentual | T24: COLÉGIO ESTADUAL CARLOS GOMES ENSINO MÉDIO
A25: Válido | B25: não | C25: 9 | D25: 45 | T25: COLEGIO ESTADUAL DAVID CARNEIRO - ENSINO FUNDAMENTAL, MEDIO E NORMAL
B26: sim | C26: 11 | D26: 55 | I26: MUNICÍPIOS | T26: COLEGIO ESTADUAL DO CAMPO NAPOLEAO DA SILVA REIS - ENSINO FUNDAMENTAL E MEDIO.
B27: Total | C27: 20 | D27: 100 | T27: COLEGIO ESTADUAL DO CAMPO PROFESSORA MARGARIDA FRANKLIN GONCALVES - EFM
K28: Frequência | L28: Porcentual | T28: COLEGIO ESTADUAL DO CAMPO RODOLFO INACIO PEREIRA
I29: CONSELHEIRO MAIRINCK | K29: 2 | L29: 10 | T29: COLEGIO ESTADUAL FRANCISCO ALVES DE ALMEIDA - EMN
A30: 63.Nessa Unidade Escolar desenvolvem-se pesquisas com entidades e/ou ativistas de movimentos sociais que estimulem os(as) estudantes a conhecerem a história da População Negra do Brasil? | I30: FIGUEIRA | K30: 3 | L30: 15 | T30: COLEGIO ESTADUAL LEAO SCHULMANN - EFM
I31: GUAPIRAMA | K31: 1 | L31: 5 | T31: COLÉGIO ESTADUAL PROFª ALVINA PRESTES - ENSINO FUNDAMENTAL E NORMAL
C32: Frequência | D32: Porcentual | I32: IBAITI | K32: 6 | L32: 30 | T32: COLEGIO ESTADUAL PROFESSORA MARIA APARECIDA CHUERY SALCEDO - EFP
A33: Válido | B33: não | C33: 11 | D33: 55 | I33: PINHALAO | K33: 1 | L33: 5 | T33: COLEGIO eSTADUAL SAGRADA FAMILIA EFM
B34: sim | C34: 9 | D34: 45 | I34: SIQUEIRA CAMPOS | K34: 3 | L34: 15 | T34: ESCOLA ESTADUAL DO CAMPO CAPELA SÃO JOÃO - ENSINO FUNDAMENTAL
B35: Total | C35: 20 | D35: 100 | I35: TOMAZINA | K35: 4 | L35: 20 | T35: Escola Estadual do Campo Manoel Sebastião Gonçalves
I36: Total | K36: 20 | L36: 100 | T36: ESCOLA ESTADUAL DO CAMPO PROF RAQUEL SOARES MARQUES EF
T37: ESCOLA ESTADUAL DONA MACARIA ENSINO FUNDAMENTAL
A38: 64.Nessa Unidade Escolar desenvolvem-se pesquisas com entidades e/ou ativistas de movimentos sociais que estimulem os(as) estudantes a conhecerem a história da População Indígena brasileira? | T38: ESCOLA ESTADUAL FRANCISCO INACIO DE OLIVEIRA - ENSINO FUNDAMENTAL SERIES FINAIS
I39: Localização da Unidade Escolar | T39: Total | U39: 20
C40: Frequência | D40: Porcentual
A41: Válido | B41: não | C41: 11 | D41: 55 | J41: Frequência | K41: Porcentual
B42: sim | C42: 9 | D42: 45 | I42: Zona Urbana | J42: 15 | K42: 75
B43: Total | C43: 20 | D43: 100 | I43: Zona Rural | J43: 5 | K43: 25
I44: Total | J44: 20 | K44: 100
A46: 911.O Projeto Político Pedagógico cita a temática da Educação das Relações Étnico-Raciais e/ou o ensino de História e Cultura Afro-brasileira, africana e indígena?
I47: Principal modalidade de Educação adotada na Unidade Escolar
C48: Frequência | D48: Porcentual
A49: Válido | B49: não | C49: 2 | D49: 10 | K49: Frequência | L49: Porcentual
B50: sim | C50: 18 | D50: 90 | I50: Educação Básica (Currículo Comum Nacional) | K50: 15 | L50: 75
B51: Ausente | C51: 0 | I51: Educação do Campo | K51: 5 | L51: 25
B52: Total | C52: 20 | D52: 100 | I52: Total | K52: 20 | L52: 100
A55: 93.O Projeto Político Pedagógico explicita o compromisso com uma educação de valorização da diversidade étnico-racial e antirracista na Unidade Escolar? | I55: Quesito cor/raça no cadastro das/os profissionais
C57: Frequência | D57: Porcentual | J57: Frequência | K57: Porcentual
A58: Válido | B58: não | C58: 5 | D58: 25 | I58: Não | J58: 4 | K58: 20
B59: sim | C59: 15 | D59: 75 | I59: Sim | J59: 16 | K59: 80
B60: Ausente | C60: 0 | I60: Total | J60: 20 | K60: 100
B61: Total | C61: 20 | D61: 100
I63: Quesito cor/raça no cadastro das/os estudantes
A64: 102.Existem, na Unidade Escolar, livros de literatura infantil e/ou infanto-juvenil com personagens protagonistas negros?
J65: Frequência | K65: Porcentual
C66: Frequência | D66: Porcentual | I66: não | J66: 1 | K66: 5
A67: Válido | B67: não | C67: 0 | I67: sim | J67: 19 | K67: 95
B68: sim | C68: 20 | I68: Total | J68: 20 | K68: 100
B69: Total | C69: 20
I71: Etapas de Ensino atendidos pela Unidade Escolar
A72: 103.Existem, na Unidade Escolar, livros de literatura infantil e/ou infanto-juvenil, com personagens protagonistas indígenas?
L73: Frequência
C74: Frequência | D74: Porcentual | I74: EducaçãoInfantilRegular | L74: 1
A75: Válido | B75: não | C75: 1 | D75: 5 | I75: EnsinoFundamentalRegular | L75: 18
B76: sim | C76: 19 | D76: 95 | I76: EnsinoMédioRegular | L76: 12
B77: Total | C77: 20 | D77: 100 | I77: EnsinoFundamentalnaModalidadeEJA | L77: 2
I78: EnsinoMédionaModalidadeEJA | L78: 2
I79: EnsinoMédionaModalidadeEducaçãoProfissionalTécnica | L79: 4
A80: 1072.Há algum tipo de discussão/denúncia sobre a existência de racismo, discriminação e/ou preconceito étnico e/ou racial em livros didáticos utilizados pelos estudantes?
C82: Frequência | D82: Porcentual
A83: Válido | B83: não | C83: 20 | D83: 100
B84: Sim | C84: 0
B85: Ausente | C85: 0
B86: Total | C86: 20
A89: 59.Há atividades que envolvam a Comunidade Escolar em Jogos, Gincanas e/ou Brincadeiras, e que tenha sua origem reconhecida como sendo de alguma etnia Indígena brasileira?
C91: Frequência | D91: Porcentual
A92: Válido | B92: não | C92: 12 | D92: 60
B93: sim | C93: 8 | D93: 40
B94: Total | C94: 20 | D94: 100
A97: 510.Há atividades que envolvam a Comunidade Escolar em Jogos, Gincanas e/ou Brincadeiras, e tenha sua origem reconhecida como sendo de algum país do continente Africano e/ou da cultura afro-brasileira?
C99: Frequência | D99: Porcentual
A100: Válido | B100: não | C100: 8 | D100: 40
B101: sim | C101: 12 | D101: 60
B102: Total | C102: 20 | D102: 100
A105: 56.Os Materiais bibliográficos disponibilizados na escola para uso dos(as) professores(as) e estudantes possibilitam o trabalho com referenciais sobre a diversidade étnica da População Indígena?
C107: Frequência | D107: Porcentual
A108: Válido | B108: não | C108: 2 | D108: 10
B109: sim | C109: 18 | D109: 90
B110: Total | C110: 20 | D110: 100
A113: 57.Os Materiais bibliográficos disponibilizados na escola para uso dos(as) professores(as) e estudantes possibilitam o trabalho com referenciais sobre a diversidade e riqueza histórico-cultural da População Negra?
C115: Frequência | D115: Porcentual
A116: Válido | B116: não | C116: 2 | D116: 10
B117: sim | C117: 18 | D117: 90
B118: Total | C118: 20 | D118: 100
A121: 86.Na Unidade Escolar, há registro de projetos (disciplinares ou interdisciplinares) e/ou de trabalhos pedagógicos que já utilizaram ou utilizam os materiais para a Educação das Relações Étnico-Raciais existentes na escola?
C123: Frequência | D123: Porcentual
A124: Válido | B124: não | C124: 0
B125: sim | C125: 15 | D125: 75
...

Sheet Irati
A1: NÚCLEO REGIONAL | B1: ESCOLAS ESTADUAIS RESPONDENTES | C1: ESCOLAS ESTADUAIS ATIVAS 2018 | D1: % DE RESPOSTAS | F1: NRE IRATI
A2: IRATI | B2: 50 | C2: 54 | D2: 92.592593
A4: QUESTÕES UTILIZADAS PARA FORMAÇÃO DOS FATORES DE ANÁLISE
A6: 75.A Unidade Escolar ofereceu, no último ano letivo, cursos de formação para professores(as) e demais funcionários(as) da escola sobre conteúdos referentes às relações raciais e a implementação da Lei n. 10.639/2003?
C8: Frequência | D8: Porcentual | E8: Porcentagem válida | I8: Fatores | J8: variável | K8: sim | L8: não | M8: Ausente | N8: N (respondente total) | O8: E (indicador por variável) | P8: E (total fator) | Q8: Escala Interpretativa | T8: Indicador de Verificação geral | U8: E | V8: Escala Interpretativa
A9: Válido | B9: não | C9: 20 | D9: 40 | E9: 40 | I9: F1 | J9: 75 | K9: =C10 -> 30 | L9: =C9 -> 20 | M9: =0 -> 0 | N9: =C11 -> 50 | O9: =(N9-(M9+L9))/N9 -> 0.6 | P9: =(O9+O10+O11)/3 -> 0.62666667 | Q9: Moderada (0,40 - 0,69) | T9: ERER NRE IRATI | U9: =(O9+O10+O11+O12+O13+O14+O15+O16+O17+O18+O19+O20+O21+O22+O23)/15 -> 0.66933333 | V9: Moderada (0,40 - 0,69)
B10: sim | C10: 30 | D10: 60 | E10: 60 | J10: 76 | K10: =C18 -> 31 | L10: =C17 -> 19 | M10: =0 -> 0 | N10: =C19 -> 50 | O10: =(N10-(M10+L10))/N10 -> 0.62
B11: Total | C11: 50 | D11: 100 | E11: 100 | J11: 77 | K11: =C26 -> 33 | L11: =C25 -> 17 | M11: =0 -> 0 | N11: =C27 -> 50 | O11: =(N11-(M11+L11))/N11 -> 0.66
I12: F2 | J12: 63 | K12: =C34 -> 22 | L12: =C33 -> 28 | M12: =0 -> 0 | N12: =C35 -> 50 | O12: =(N12-(M12+L12))/N12 -> 0.44 | P12: =(O12+O13+O14+O15)/4 -> 0.65 | Q12: Moderada (0,40 - 0,69)
J13: 64 | K13: =C42 -> 18 | L13: =C41 -> 32 | M13: =0 -> 0 | N13: =C43 -> 50 | O13: =(N13-(M13+L13))/N13 -> 0.36
A14: 76.Essa Unidade Escolar ofereceu, no último ano letivo, cursos de formação para professores(as) e demais funcionários(as) da escola sobre conteúdos referentes às relações étnico-raciais e a implementação da Lei n. 11.645/2008? | J14: 911 | K14: =C50 -> 48 | L14: =C49 -> 2 | M14: =C51 -> 0 | N14: =C52 -> 50 | O14: =(N14-(M14+L14))/N14 -> 0.96 | S14: UNIDADE ESCOLAR
J15: 93 | K15: =C59 -> 42 | L15: =C58 -> 8 | M15: =C60 -> 0 | N15: =C61 -> 50 | O15: =(N15-(M15+L15))/N15 -> 0.84
C16: Frequência | D16: Porcentual | E16: Porcentagem válida | I16: F3 | J16: 1072 | K16: =C84 -> 6 | L16: =C83 -> 44 | M16: =C85 -> 0 | N16: =C86 -> 50 | O16: =(N16-(M16+L16))/N16 -> 0.12 | P16: =O16 -> 0.12 | Q16: Irrisória (0 - 0,19
A17: Válido | B17: não | C17: 19 | D17: 38 | E17: 38 | I17: F4 | J17: 102 | K17: =C68 -> 43 | L17: =C67 -> 7 | M17: =0 -> 0 | N17: =C69 -> 50 | O17: =(N17-(M17+L17))/N17 -> 0.86 | P17: =(O17+O18)/2 -> 0.85 | Q17: Representativa (0,70 - 0,89) | S17: CE DUQUE DE CAXIAS
B18: sim | C18: 31 | D18: 62 | E18: 62 | J18: 103 | K18: =C76 -> 42 | L18: =C75 -> 8 | M18: =0 -> 0 | N18: =C77 -> 50 | O18: =(N18-(M18+L18))/N18 -> 0.84 | S18: CENTRO ESTADUAL DE EDUCACÃO BÁSICA DE JOVENS E ADULTOS DE PRUDENTÓPOLIS.
B19: Total | C19: 50 | D19: 100 | E19: 100 | I19: F5 | J19: 59 | K19: =C93 -> 28 | L19: =C92 -> 22 | M19: =0 -> 0 | N19: =C94 -> 50 | O19: =(N19-(M19+L19))/N19 -> 0.56 | P19: =(O19+O20)/2 -> 0.63 | Q19: Moderada (0,40 - 0,69) | S19: Centro Estadual de Educacao Basica para Jovens e Adultos de Irati - CEEBJA-IRATI
J20: 510 | K20: =C101 -> 35 | L20: =C100 -> 15 | M20: =0 -> 0 | N20: =C102 -> 50 | O20: =(N20-(M20+L20))/N20 -> 0.7 | S20: CENTRO ESTADUAL FLORESTAL DE EDUCACAO PROFISSIONAL PRESIDENTE COSTA E SILVA
I21: F6 | J21: 56 | K21: =C109 -> 42 | L21: =C108 -> 8 | M21: =0 -> 0 | N21: =C110 -> 50 | O21: =(N21-(M21+L21))/N21 -> 0.84 | P21: =(O21+O22)/2 -> 0.86 | Q21: Representativa (0,70 - 0,89) | S21: Colegio Estadual Alberto de Carvalho - EFM
A22: 77.Nessa Unidade Escolar foi realizada alguma formação, encontro ou reunião que instigasse a reflexão, por parte dos profissionais da educação, sobre seu pertencimento étnico-racial (ser branco, ser negro, ser terena, ser guarani, etc.)? | J22: 57 | K22: =C117 -> 44 | L22: =C116 -> 6 | M22: =0 -> 0 | N22: =C118 -> 50 | O22: =(N22-(M22+L22))/N22 -> 0.88 | S22: Colegio Estadual Antonio Xavier da Silveira Ensino Fundamentl, medio e Normal
I23: F7 | J23: 86 | K23: =C125 -> 38 | L23: =C124 -> 5 | M23: =C126 -> 7 | N23: =C127 -> 50 | O23: =(N23-(M23+L23))/N23 -> 0.76 | P23: =O23 -> 0.76 | Q23: Representativa (0,70 - 0,89) | S23: COLÉGIO ESTADUAL BARÃO DE CAPANEMA - ENSINO FUNDAMENTA, MÉDIO E PROFISSIONAL
C24: Frequência | D24: Porcentual | E24: Porcentagem válida | S24: COLEGIO ESTADUAL DO CAMPO ADAO SOBOCINSKI
A25: Válido | B25: não | C25: 17 | D25: 34 | E25: 34 | S25: COLÉGIO ESTADUAL DO CAMPO ÁUREA APARECIDA LOPES
B26: sim | C26: 33 | D26: 66 | E26: 66 | I26: MUNICÍPIOS | S26: COLÉGIO ESTADUAL DO CAMPO BISPO DOM JOSÉ MARTENETZ - EFM
B27: Total | C27: 50 | D27: 100 | E27: 100 | S27: COLEGIO ESTADUAL DO CAMPO CAPITAO DOMINGOS VIEIRA LOPES
K28: Frequência | L28: Porcentual | S28: COLEGIO ESTADUAL DO CAMPO DE ANGAI-EFM
I29: FERNANDES PINHEIRO | K29: 3 | L29: 6 | S29: COLEGIO ESTADUAL DO CAMPO DE FAXINAL DOS FRANCOS - EFM
A30: 63.Nessa Unidade Escolar desenvolvem-se pesquisas com entidades e/ou ativistas de movimentos sociais que estimulem os(as) estudantes a conhecerem a história da População Negra do Brasil? | I30: GUAMIRANGA | K30: 2 | L30: 4 | S30: COLÉGIO ESTADUAL DO CAMPO DE FAXINAL DOS MARMELEIROS - ENSINO FUNDAMENTAL E MEDIO
I31: INACIO MARTINS | K31: 3 | L31: 6 | S31: COLEGIO ESTADUAL DO CAMPO DE RIO DO COURO
C32: Frequência | D32: Porcentual | E32: Porcentagem válida | I32: IRATI | K32: 15 | L32: 30 | S32: COLEGIO ESTADUAL DO CAMPO GONCALVES JUNIOR.
A33: Válido | B33: não | C33: 28 | D33: 56 | E33: 56 | I33: MALLET | K33: 3 | L33: 6 | S33: COLEGIO ESTADUAL DO CAMPO GUARAUNA - EFM
B34: sim | C34: 22 | D34: 44 | E34: 44 | I34: PRUDENTOPOLIS | K34: 13 | L34: 26 | S34: COLEGIO ESTADUAL DO CAMPO IMACULADA CONCEICAO - EFM
B35: Total | C35: 50 | D35: 100 | E35: 100 | I35: REBOUCAS | K35: 4 | L35: 8 | S35: COLEGIO ESTADUAL DO CAMPO NOSSA SENHORA APARECIDA - EFM
I36: RIO AZUL | K36: 4 | L36: 8 | S36: COLÉGIO ESTADUAL DO CAMPO NOSSA SENHORA DE FÁTIMA - EFM
I37: TEIXEIRA SOARES | K37: 3 | L37: 6 | S37: COLEGIO ESTADUAL DO CAMPO PADRE JOSE ORESTES PREIMA
A38: 64.Nessa Unidade Escolar desenvolvem-se pesquisas com entidades e/ou ativistas de movimentos sociais que estimulem os(as) estudantes a conhecerem a história da População Indígena brasileira? | I38: Total | K38: 50 | L38: 100 | S38: COLÉGIO ESTADUAL DO CAMPO PAPANDUVA DE CIMA - ENSINO FUNDAMENTAL E ENSINO MÉDIO
S39: COLEGIO ESTADUAL DO CAMPO PREFEITO ANTONIO WITCHEMICHEN - EFM
C40: Frequência | D40: Porcentual | E40: Porcentagem válida | S40: Colegio Estadual do Campo Professor Antonio Emilio Antonelli
A41: Válido | B41: não | C41: 32 | D41: 64 | E41: 64 | I41: Localização da Unidade Escolar | S41: COLEGIO ESTADUAL DO CAMPO RIO DAREIA DE CIMA - EFM
B42: sim | C42: 18 | D42: 36 | E42: 36 | S42: COLEGIO ESTADUAL DR. AFONSO ALVES DE CAMARGO - EFM
B43: Total | C43: 50 | D43: 100 | E43: 100 | J43: Frequência | K43: Porcentual | S43: COLEGIO ESTADUAL DR. CHAFIC CURY - ENSINO FUNDAMENTAL, MEDIO E NORMAL
I44: Zona Urbana | J44: 30 | K44: 60 | S44: COLEGIO ESTADUAL FRANCISCO RAMOS - EFM
I45: Zona Rural | J45: 20 | K45: 40 | S45: COLEGIO ESTADUAL GETULIO VARGAS
A46: 911.O Projeto Político Pedagógico cita a temática da Educação das Relações Étnico-Raciais e/ou o ensino de História e Cultura Afro-brasileira, africana e indígena? | I46: Total | J46: 50 | K46: 100 | S46: COLEGIO ESTADUAL JOAO DEMATTOS PESSOA- EFM
S47: COLEGIO ESTADUAL JOÃO NEGRÃO JUNIOR
C48: Frequência | D48: Porcentual | E48: Porcentagem válida | S48: COLEGIO ESTADUAL JOAO XXIII.EF.M.P
A49: Válido | B49: não | C49: 2 | D49: 4 | E49: 4 | I49: Localização diferencia da Unidade Escolar | S49: COLEGIO ESTADUAL PADRE CRISTOFORO MYSKIV - EF EM
B50: sim | C50: 48 | D50: 96 | E50: 96 | S50: COLEGIO ESTADUAL PARIGOT DE SOUZA - EFM
B51: Ausente | C51: 0 | K51: Frequência | L51: Porcentual | S51: COLEGIO ESTADUAL PROFESSOR DARIO VELOSO- EFM NORMAL
B52: Total | C52: 50 | D52: 100 | E52: 100 | I52: Não se aplica | K52: 49 | L52: 98 | S52: COLEGIO ESTADUAL PROFESSOR JULIO CESAR EFMN
